Workbook

Sheet REPUESTOS VEHICULOS
A3: LISTA DE PRECIO GRUPO SECCIONAL SAN ANDRÉS | E3: COTIZACIÓN No.1 | F3: COTIZACIÓN No.2 | G3: COTIZACIÓN No.3 | H3: HISTORICOS DE CONTRATACIÓN | I3: MINIMO | J3: PROMEDIO | M3: COTIZACIÓN No.1 | N3: COTIZACIÓN No.2 | O3: COTIZACIÓN No.3 | P3: HISTORICOS DE CONTRATACIÓN | Q3: MINIMO | R3: PROMEDIO | U3: COTIZACIÓN No.1 | V3: COTIZACIÓN No.2 | W3: COTIZACIÓN No.3 | X3: HISTORICOS DE CONTRATACIÓN | Y3: MINIMO | Z3: PROMEDIO | AC3: COTIZACIÓN No.1 | AD3: COTIZACIÓN No.2 | AE3: COTIZACIÓN No.3 | AF3: HISTORICOS DE CONTRATACIÓN | AG3: MINIMO | AH3: PROMEDIO | AK3: COTIZACIÓN No.1 | AL3: COTIZACIÓN No.2 | AM3: COTIZACIÓN No.3 | AN3: HISTORICOS DE CONTRATACIÓN | AO3: MINIMO | AP3: PROMEDIO
A4: NECESIDAD CONTRATACÓN MULTIMARCA MANO DE OBRA | E4: 1. REPUESTOS | F4: 1. REPUESTOS | G4: 1. REPUESTOS | H4: 1. REPUESTOS | I4: 1. REPUESTOS | J4: 1. REPUESTOS | K4: 1. REPUESTOS | M4: 2. REPUESTOS | N4: 2. REPUESTOS | O4: 2. REPUESTOS | P4: 2. REPUESTOS | Q4: 2. REPUESTOS | R4: 2. REPUESTOS | S4: 2. REPUESTOS | U4: 3. REPUESTOS | V4: 3. REPUESTOS | W4: 3. REPUESTOS | X4: 3. REPUESTOS | Y4: 3. REPUESTOS | Z4: 3. REPUESTOS | AA4: 3. REPUESTOS | AC4: 4. REPUESTOS | AD4: 4. REPUESTOS | AE4: 4. REPUESTOS | AF4: 4. REPUESTOS | AG4: 4. REPUESTOS | AH4: 4. REPUESTOS | AI4: 4. REPUESTOS | AK4: 5. REPUESTOS | AL4: 5. REPUESTOS | AM4: 5. REPUESTOS | AN4: 5. REPUESTOS | AO4: 5. REPUESTOS | AP4: 5. REPUESTOS | AQ4: 5. REPUESTOS
A6: NOMBRE DEL ACTIVO | E6: CAMIONETA | F6: CAMIONETA | G6: CAMIONETA | H6: CAMIONETA | I6: CAMIONETA | J6: CAMIONETA | K6: CAMIONETA | M6: CAMIONETA | N6: CAMIONETA | O6: CAMIONETA | P6: CAMIONETA | Q6: CAMIONETA | R6: CAMIONETA | S6: CAMIONETA | U6: CAMIONETA | V6: CAMIONETA | W6: CAMIONETA | X6: CAMIONETA | Y6: CAMIONETA | Z6: CAMIONETA | AA6: CAMIONETA | AC6: AUTOMOVIL | AD6: AUTOMOVIL | AE6: AUTOMOVIL | AF6: AUTOMOVIL | AG6: AUTOMOVIL | AH6: AUTOMOVIL | AI6: AUTOMOVIL | AK6: AUTOMOVIL | AL6: AUTOMOVIL | AM6: AUTOMOVIL | AN6: AUTOMOVIL | AO6: AUTOMOVIL | AP6: AUTOMOVIL | AQ6: AUTOMOVIL
A7: MARCA | E7: CHEVROLET | F7: CHEVROLET | G7: CHEVROLET | H7: CHEVROLET | I7: CHEVROLET | J7: CHEVROLET | K7: CHEVROLET | M7: NISSAN | N7: NISSAN | O7: NISSAN | P7: NISSAN | Q7: NISSAN | R7: NISSAN | S7: NISSAN | U7: RENAULT | V7: RENAULT | W7: RENAULT | X7: RENAULT | Y7: RENAULT | Z7: RENAULT | AA7: RENAULT | AC7: RENAULT | AD7: RENAULT | AE7: RENAULT | AF7: RENAULT | AG7: RENAULT | AH7: RENAULT | AI7: RENAULT | AK7: TOYOTA | AL7: TOYOTA | AM7: TOYOTA | AN7: TOYOTA | AO7: TOYOTA | AP7: TOYOTA | AQ7: TOYOTA
A8: LÍNEA | C8: CANTIDAD | E8: LUV D-MAX (3) | F8: LUV D-MAX (3) | G8: LUV D-MAX (3) | H8: LUV D-MAX (3) | I8: LUV D-MAX (3) | J8: LUV D-MAX (3) | K8: LUV D-MAX (3) | M8: FRONTIER D22 (2) | N8: FRONTIER D22 (2) | O8: FRONTIER D22 (2) | P8: FRONTIER D22 (2) | Q8: FRONTIER D22 (2) | R8: FRONTIER D22 (2) | S8: FRONTIER D22 (2) | U8: DUSTER (1) | V8: DUSTER (1) | W8: DUSTER (1) | X8: DUSTER (1) | Y8: DUSTER (1) | Z8: DUSTER (1) | AA8: DUSTER (1) | AC8: LOGAN EXPRESSION (1) | AD8: LOGAN EXPRESSION (1) | AE8: LOGAN EXPRESSION (1) | AF8: LOGAN EXPRESSION (1) | AG8: LOGAN EXPRESSION (1) | AH8: LOGAN EXPRESSION (1) | AI8: LOGAN EXPRESSION (1) | AK8: LAND CRUISER | AL8: LAND CRUISER | AM8: LAND CRUISER | AN8: LAND CRUISER | AO8: LAND CRUISER | AP8: LAND CRUISER | AQ8: LAND CRUISER
A9: MODELO | E9: 2011-2013-2015 | F9: 2011-2013-2015 | G9: 2011-2013-2015 | H9: 2011-2013-2015 | I9: 2011-2013-2015 | J9: 2011-2013-2015 | K9: 2011-2013-2015 | M9: 2012 | N9: 2012 | O9: 2012 | P9: 2012 | Q9: 2012 | R9: 2012 | S9: 2012 | U9: 2018 | V9: 2018 | W9: 2018 | X9: 2018 | Y9: 2018 | Z9: 2018 | AA9: 2018 | AC9: 2015 | AD9: 2015 | AE9: 2015 | AF9: 2015 | AG9: 2015 | AH9: 2015 | AI9: 2015 | AK9: 2008 | AL9: 2008 | AM9: 2008 | AN9: 2008 | AO9: 2008 | AP9: 2008 | AQ9: 2008
A10: MUTIMARCA CAMIONETAS Y AUTOMÓVILES | E10: COSTO REPUESTO (S) | F10: COSTO REPUESTO (S) | G10: COSTO REPUESTO (S) | H10: COSTO REPUESTO (S) | I10: COSTO REPUESTO (S) | J10: COSTO REPUESTO (S) | K10: COSTO REPUESTO (S) | M10: COSTO REPUESTO (S) | N10: COSTO REPUESTO (S) | O10: COSTO REPUESTO (S) | P10: COSTO REPUESTO (S) | Q10: COSTO REPUESTO (S) | R10: COSTO REPUESTO (S) | S10: COSTO REPUESTO (S) | U10: COSTO REPUESTO (S) | V10: COSTO REPUESTO (S) | W10: COSTO REPUESTO (S) | X10: COSTO REPUESTO (S) | Y10: COSTO REPUESTO (S) | Z10: COSTO REPUESTO (S) | AA10: COSTO REPUESTO (S) | AC10: COSTO REPUESTO (S) | AD10: COSTO REPUESTO (S) | AE10: COSTO REPUESTO (S) | AF10: COSTO REPUESTO (S) | AG10: COSTO REPUESTO (S) | AH10: COSTO REPUESTO (S) | AI10: COSTO REPUESTO (S) | AK10: COSTO REPUESTO (S) | AL10: COSTO REPUESTO (S) | AM10: COSTO REPUESTO (S) | AN10: COSTO REPUESTO (S) | AO10: COSTO REPUESTO (S) | AP10: COSTO REPUESTO (S) | AQ10: COSTO REPUESTO (S)
E11: VALOR UNITARIO | F11: VALOR UNITARIO | G11: VALOR UNITARIO | H11: VALOR UNITARIO | I11: VALOR UNITARIO | J11: VALOR UNITARIO | K11: VALOR UNITARIO | M11: VALOR UNITARIO | N11: VALOR UNITARIO | O11: VALOR UNITARIO | P11: VALOR UNITARIO | Q11: VALOR UNITARIO | R11: VALOR UNITARIO | S11: VALOR UNITARIO | U11: VALOR UNITARIO | V11: VALOR UNITARIO | W11: VALOR UNITARIO | X11: VALOR UNITARIO | Y11: VALOR UNITARIO | Z11: VALOR UNITARIO | AA11: VALOR UNITARIO | AC11: VALOR UNITARIO | AD11: VALOR UNITARIO | AE11: VALOR UNITARIO | AF11: VALOR UNITARIO | AG11: VALOR UNITARIO | AH11: VALOR UNITARIO | AI11: VALOR UNITARIO | AK11: VALOR UNITARIO | AL11: VALOR UNITARIO | AM11: VALOR UNITARIO | AN11: VALOR UNITARIO | AO11: VALOR UNITARIO | AP11: VALOR UNITARIO | AQ11: VALOR UNITARIO
A12: ÌTEM | B12: SISTEMA DE FRENOS
A13: 1 | B13: Juego de Bandas Remachadas (Dos pares) | C13: 1 | E13: 710000 | F13: 494221.72 | H13: 415900.03 | I13: =+IF(E13="N/A","N/A",MIN(E13:H13)) -> 415900.03 | J13: =+IF(E13="N/A","N/A",ROUND(AVERAGE(E13:H13),0)) -> 540041 | K13: =+IF(I13="N/A","N/A",AVERAGE(I13:J13)) -> 477970.52 | M13: 724200 | N13: 634987.5 | P13: 534357.98 | Q13: =+IF(M13="N/A","N/A",MIN(M13:P13)) -> 534357.98 | R13: =+IF(M13="N/A","N/A",ROUND(AVERAGE(M13:P13),0)) -> 631182 | S13: =+IF(Q13="N/A","N/A",AVERAGE(Q13:R13)) -> 582769.99 | U13: 660300 | V13: 622724.1 | X13: 524038.02 | Y13: =+IF(U13="N/A","N/A",MIN(U13:X13)) -> 524038.02 | Z13: =+IF(U13="N/A","N/A",ROUND(AVERAGE(U13:X13),0)) -> 602354 | AA13: =+IF(Y13="N/A","N/A",AVERAGE(Y13:Z13)) -> 563196.01 | AC13: 646100 | AD13: 609288.49 | AF13: 512731.62 | AG13: =+IF(AC13="N/A","N/A",MIN(AC13:AF13)) -> 512731.62 | AH13: =+IF(AC13="N/A","N/A",ROUND(AVERAGE(AC13:AF13),0)) -> 589373 | AI13: =+IF(AG13="N/A","N/A",AVERAGE(AG13:AH13)) -> 551052.31 | AK13: 745500 | AO13: =+IF(AK13="N/A","N/A",MIN(AK13:AN13)) -> 745500 | AP13: =+IF(AK13="N/A","N/A",ROUND(AVERAGE(AK13:AN13),0)) -> 745500 | AQ13: =+IF(AO13="N/A","N/A",AVERAGE(AO13:AP13)) -> 745500
A14: 2 | B14: Juego De Bandas Frenos (Dos pares) | C14: 1 | E14: 710000 | F14: 459040.61 | H14: 386294.24 | I14: =+IF(E14="N/A","N/A",MIN(E14:H14)) -> 386294.24 | J14: =+IF(E14="N/A","N/A",ROUND(AVERAGE(E14:H14),0)) -> 518445 | K14: =+IF(I14="N/A","N/A",AVERAGE(I14:J14)) -> 452369.62 | M14: 724200 | N14: 879450 | P14: 740079.34 | Q14: =+IF(M14="N/A","N/A",MIN(M14:P14)) -> 724200 | R14: =+IF(M14="N/A","N/A",ROUND(AVERAGE(M14:P14),0)) -> 781243 | S14: =+IF(Q14="N/A","N/A",AVERAGE(Q14:R14)) -> 752721.5 | U14: 660300 | V14: 517783.19 | X14: 435727.6 | Y14: =+IF(U14="N/A","N/A",MIN(U14:X14)) -> 435727.6 | Z14: =+IF(U14="N/A","N/A",ROUND(AVERAGE(U14:X14),0)) -> 537937 | AA14: =+IF(Y14="N/A","N/A",AVERAGE(Y14:Z14)) -> 486832.3 | AC14: 646100 | AD14: 765230.6 | AF14: 643960.84 | AG14: =+IF(AC14="N/A","N/A",MIN(AC14:AF14)) -> 643960.84 | AH14: =+IF(AC14="N/A","N/A",ROUND(AVERAGE(AC14:AF14),0)) -> 685097 | AI14: =+IF(AG14="N/A","N/A",AVERAGE(AG14:AH14)) -> 664528.92 | AK14: 745500 | AO14: =+IF(AK14="N/A","N/A",MIN(AK14:AN14)) -> 745500 | AP14: =+IF(AK14="N/A","N/A",ROUND(AVERAGE(AK14:AN14),0)) -> 745500 | AQ14: =+IF(AO14="N/A","N/A",AVERAGE(AO14:AP14)) -> 745500
A15: 3 | B15: Cilindro De Freno | C15: 1 | E15: 668400 | F15: 364171.99 | H15: 306459.91 | I15: =+IF(E15="N/A","N/A",MIN(E15:H15)) -> 306459.91 | J15: =+IF(E15="N/A","N/A",ROUND(AVERAGE(E15:H15),0)) -> 446344 | K15: =+IF(I15="N/A","N/A",AVERAGE(I15:J15)) -> 376401.95 | M15: 681768 | N15: 292125 | P15: 245830.55 | Q15: =+IF(M15="N/A","N/A",MIN(M15:P15)) -> 245830.55 | R15: =+IF(M15="N/A","N/A",ROUND(AVERAGE(M15:P15),0)) -> 406575 | S15: =+IF(Q15="N/A","N/A",AVERAGE(Q15:R15)) -> 326202.78 | U15: 621612 | V15: 509507.82 | X15: 428763.67 | Y15: =+IF(U15="N/A","N/A",MIN(U15:X15)) -> 428763.67 | Z15: =+IF(U15="N/A","N/A",ROUND(AVERAGE(U15:X15),0)) -> 519961 | AA15: =+IF(Y15="N/A","N/A",AVERAGE(Y15:Z15)) -> 474362.34 | AC15: 608244 | AD15: 312836.62 | AF15: 263259.9 | AG15: =+IF(AC15="N/A","N/A",MIN(AC15:AF15)) -> 263259.9 | AH15: =+IF(AC15="N/A","N/A",ROUND(AVERAGE(AC15:AF15),0)) -> 394780 | AI15: =+IF(AG15="N/A","N/A",AVERAGE(AG15:AH15)) -> 329019.95 | AK15: 701820 | AO15: =+IF(AK15="N/A","N/A",MIN(AK15:AN15)) -> 701820 | AP15: =+IF(AK15="N/A","N/A",ROUND(AVERAGE(AK15:AN15),0)) -> 701820 | AQ15: =+IF(AO15="N/A","N/A",AVERAGE(AO15:AP15)) -> 701820
A16: 4 | B16: Discos De Frenos Delanteros (Par) | C16: 1 | E16: 1215229.2 | F16: 957344.19 | H16: 805629.26 | I16: =+IF(E16="N/A","N/A",MIN(E16:H16)) -> 805629.26 | J16: =+IF(E16="N/A","N/A",ROUND(AVERAGE(E16:H16),0)) -> 992734 | K16: =+IF(I16="N/A","N/A",AVERAGE(I16:J16)) -> 899181.63 | M16: 1239533.8 | N16: 864902.48 | P16: 727837.24 | Q16: =+IF(M16="N/A","N/A",MIN(M16:P16)) -> 727837.24 | R16: =+IF(M16="N/A","N/A",ROUND(AVERAGE(M16:P16),0)) -> 944091 | S16: =+IF(Q16="N/A","N/A",AVERAGE(Q16:R16)) -> 835964.12 | U16: 1130163.2 | V16: 942654.89 | X16: 793267.85 | Y16: =+IF(U16="N/A","N/A",MIN(U16:X16)) -> 793267.85 | Z16: =+IF(U16="N/A","N/A",ROUND(AVERAGE(U16:X16),0)) -> 955362 | AA16: =+IF(Y16="N/A","N/A",AVERAGE(Y16:Z16)) -> 874314.92 | AC16: 1105858.6 | AD16: 921584.23 | AF16: 775536.36 | AG16: =+IF(AC16="N/A","N/A",MIN(AC16:AF16)) -> 775536.36 | AH16: =+IF(AC16="N/A","N/A",ROUND(AVERAGE(AC16:AF16),0)) -> 934326 | AI16: =+IF(AG16="N/A","N/A",AVERAGE(AG16:AH16)) -> 854931.18 | AK16: 1275990.7 | AO16: =+IF(AK16="N/A","N/A",MIN(AK16:AN16)) -> 1275990.7 | AP16: =+IF(AK16="N/A","N/A",ROUND(AVERAGE(AK16:AN16),0)) -> 1275991 | AQ16: =+IF(AO16="N/A","N/A",AVERAGE(AO16:AP16)) -> 1275990.8
A17: 5 | B17: Juego De Pastillas De Frenos Delantera (Dos pares) | C17: 1 | E17: 396602.4 | F17: 292367.93 | H17: 246034.98 | I17: =+IF(E17="N/A","N/A",MIN(E17:H17)) -> 246034.98 | J17: =+IF(E17="N/A","N/A",ROUND(AVERAGE(E17:H17),0)) -> 311668 | K17: =+IF(I17="N/A","N/A",AVERAGE(I17:J17)) -> 278851.49 | M17: 404534.45 | N17: 276904.36 | P17: 233022 | Q17: =+IF(M17="N/A","N/A",MIN(M17:P17)) -> 233022 | R17: =+IF(M17="N/A","N/A",ROUND(AVERAGE(M17:P17),0)) -> 304820 | S17: =+IF(Q17="N/A","N/A",AVERAGE(Q17:R17)) -> 268921 | U17: 368840.23 | V17: 283074.03 | X17: 238213.93 | Y17: =+IF(U17="N/A","N/A",MIN(U17:X17)) -> 238213.93 | Z17: =+IF(U17="N/A","N/A",ROUND(AVERAGE(U17:X17),0)) -> 296709 | AA17: =+IF(Y17="N/A","N/A",AVERAGE(Y17:Z17)) -> 267461.46 | AC17: 360908.18 | AD17: 257486.14 | AF17: 216681.07 | AG17: =+IF(AC17="N/A","N/A",MIN(AC17:AF17)) -> 216681.07 | AH17: =+IF(AC17="N/A","N/A",ROUND(AVERAGE(AC17:AF17),0)) -> 278358 | AI17: =+IF(AG17="N/A","N/A",AVERAGE(AG17:AH17)) -> 247519.54 | AK17: 416432.52 | AO17: =+IF(AK17="N/A","N/A",MIN(AK17:AN17)) -> 416432.52 | AP17: =+IF(AK17="N/A","N/A",ROUND(AVERAGE(AK17:AN17),0)) -> 416433 | AQ17: =+IF(AO17="N/A","N/A",AVERAGE(AO17:AP17)) -> 416432.76
A18: 6 | B18: Juego De Pastillas De Frenos Traseras (Dos pares) | C18: 1 | E18: N/A | F18: N/A | G18: N/A | H18: N/A | I18: N/A | J18: N/A | K18: N/A | M18: N/A | N18: N/A | O18: N/A | P18: N/A | Q18: N/A | R18: N/A | S18: N/A | U18: N/A | V18: N/A | W18: N/A | X18: N/A | Y18: N/A | Z18: N/A | AA18: N/A | AC18: N/A | AD18: N/A | AE18: N/A | AF18: N/A | AG18: N/A | AH18: N/A | AI18: N/A | AK18: 680000 | AO18: =+IF(AK18="N/A","N/A",MIN(AK18:AN18)) -> 680000 | AP18: =+IF(AK18="N/A","N/A",ROUND(AVERAGE(AK18:AN18),0)) -> 680000 | AQ18: =+IF(AO18="N/A","N/A",AVERAGE(AO18:AP18)) -> 680000
A19: 7 | B19: Pistón Caliper | C19: 1 | E19: 488125.2 | F19: 237385.29 | H19: 199765.71 | I19: =+IF(E19="N/A","N/A",MIN(E19:H19)) -> 199765.71 | J19: =+IF(E19="N/A","N/A",ROUND(AVERAGE(E19:H19),0)) -> 308425 | K19: =+IF(I19="N/A","N/A",AVERAGE(I19:J19)) -> 254095.35 | M19: 497887.7 | N19: 383382.08 | P19: 322625.68 | Q19: =+IF(M19="N/A","N/A",MIN(M19:P19)) -> 322625.68 | R19: =+IF(M19="N/A","N/A",ROUND(AVERAGE(M19:P19),0)) -> 401298 | S19: =+IF(Q19="N/A","N/A",AVERAGE(Q19:R19)) -> 361961.84 | U19: 453956.44 | V19: 219709.73 | X19: 184891.27 | Y19: =+IF(U19="N/A","N/A",MIN(U19:X19)) -> 184891.27 | Z19: =+IF(U19="N/A","N/A",ROUND(AVERAGE(U19:X19),0)) -> 286186 | AA19: =+IF(Y19="N/A","N/A",AVERAGE(Y19:Z19)) -> 235538.64 | AC19: 444193.93 | AD19: 214636.28 | AF19: 180621.84 | AG19: =+IF(AC19="N/A","N/A",MIN(AC19:AF19)) -> 180621.84 | AH19: =+IF(AC19="N/A","N/A",ROUND(AVERAGE(AC19:AF19),0)) -> 279817 | AI19: =+IF(AG19="N/A","N/A",AVERAGE(AG19:AH19)) -> 230219.42 | AK19: 512531.46 | AO19: =+IF(AK19="N/A","N/A",MIN(AK19:AN19)) -> 512531.46 | AP19: =+IF(AK19="N/A","N/A",ROUND(AVERAGE(AK19:AN19),0)) -> 512531 | AQ19: =+IF(AO19="N/A","N/A",AVERAGE(AO19:AP19)) -> 512531.23
A20: 8 | B20: Juego Interiores Caliper | C20: 1 | E20: 216000 | F20: 148314.8 | H20: 124810.64 | I20: =+IF(E20="N/A","N/A",MIN(E20:H20)) -> 124810.64 | J20: =+IF(E20="N/A","N/A",ROUND(AVERAGE(E20:H20),0)) -> 163042 | K20: =+IF(I20="N/A","N/A",AVERAGE(I20:J20)) -> 143926.32 | M20: 220320 | N20: 249075 | P20: 209602.89 | Q20: =+IF(M20="N/A","N/A",MIN(M20:P20)) -> 209602.89 | R20: =+IF(M20="N/A","N/A",ROUND(AVERAGE(M20:P20),0)) -> 226333 | S20: =+IF(Q20="N/A","N/A",AVERAGE(Q20:R20)) -> 217967.95 | U20: 200880 | V20: 145187.58 | X20: 122179.01 | Y20: =+IF(U20="N/A","N/A",MIN(U20:X20)) -> 122179.01 | Z20: =+IF(U20="N/A","N/A",ROUND(AVERAGE(U20:X20),0)) -> 156082 | AA20: =+IF(Y20="N/A","N/A",AVERAGE(Y20:Z20)) -> 139130.51 | AC20: 196560 | AD20: 146312.07 | AF20: 123125.29 | AG20: =+IF(AC20="N/A","N/A",MIN(AC20:AF20)) -> 123125.29 | AH20: =+IF(AC20="N/A","N/A",ROUND(AVERAGE(AC20:AF20),0)) -> 155332 | AI20: =+IF(AG20="N/A","N/A",AVERAGE(AG20:AH20)) -> 139228.65 | AK20: 226800 | AO20: =+IF(AK20="N/A","N/A",MIN(AK20:AN20)) -> 226800 | AP20: =+IF(AK20="N/A","N/A",ROUND(AVERAGE(AK20:AN20),0)) -> 226800 | AQ20: =+IF(AO20="N/A","N/A",AVERAGE(AO20:AP20)) -> 226800
A21: 9 | B21: Liquido De Freno (Pinta 290 ml) | C21: 1 | E21: 80000 | F21: 27021.809 | H21: 22739.533 | I21: =+IF(E21="N/A","N/A",MIN(E21:H21)) -> 22739.533 | J21: =+IF(E21="N/A","N/A",ROUND(AVERAGE(E21:H21),0)) -> 43254 | K21: =+IF(I21="N/A","N/A",AVERAGE(I21:J21)) -> 32996.767 | M21: 80000 | N21: 38437.5 | P21: 32346.125 | Q21: =+IF(M21="N/A","N/A",MIN(M21:P21)) -> 32346.125 | R21: =+IF(M21="N/A","N/A",ROUND(AVERAGE(M21:P21),0)) -> 50261 | S21: =+IF(Q21="N/A","N/A",AVERAGE(Q21:R21)) -> 41303.562 | U21: 80000 | V21: 26368.56 | X21: 22189.808 | Y21: =+IF(U21="N/A","N/A",MIN(U21:X21)) -> 22189.808 | Z21: =+IF(U21="N/A","N/A",ROUND(AVERAGE(U21:X21),0)) -> 42853 | AA21: =+IF(Y21="N/A","N/A",AVERAGE(Y21:Z21)) -> 32521.404 | AC21: 80000 | AD21: 26458.376 | AF21: 22265.39 | AG21: =+IF(AC21="N/A","N/A",MIN(AC21:AF21)) -> 22265.39 | AH21: =+IF(AC21="N/A","N/A",ROUND(AVERAGE(AC21:AF21),0)) -> 42908 | AI21: =+IF(AG21="N/A","N/A",AVERAGE(AG21:AH21)) -> 32586.695 | AK21: 80000 | AO21: =+IF(AK21="N/A","N/A",MIN(AK21:AN21)) -> 80000 | AP21: =+IF(AK21="N/A","N/A",ROUND(AVERAGE(AK21:AN21),0)) -> 80000 | AQ21: =+IF(AO21="N/A","N/A",AVERAGE(AO21:AP21)) -> 80000
A22: 10 | B22: Interiores De Bomba | C22: 1 | E22: 589000 | F22: 172008.5 | H22: 144749.49 | I22: =+IF(E22="N/A","N/A",MIN(E22:H22)) -> 144749.49 | J22: =+IF(E22="N/A","N/A",ROUND(AVERAGE(E22:H22),0)) -> 301919 | K22: =+IF(I22="N/A","N/A",AVERAGE(I22:J22)) -> 223334.24 | M22: 600780 | N22: 242925 | P22: 204427.51 | Q22: =+IF(M22="N/A","N/A",MIN(M22:P22)) -> 204427.51 | R22: =+IF(M22="N/A","N/A",ROUND(AVERAGE(M22:P22),0)) -> 349378 | S22: =+IF(Q22="N/A","N/A",AVERAGE(Q22:R22)) -> 276902.76 | U22: 547770 | V22: 164953.17 | X22: 138812.25 | Y22: =+IF(U22="N/A","N/A",MIN(U22:X22)) -> 138812.25 | Z22: =+IF(U22="N/A","N/A",ROUND(AVERAGE(U22:X22),0)) -> 283845 | AA22: =+IF(Y22="N/A","N/A",AVERAGE(Y22:Z22)) -> 211328.62 | AC22: 535990 | AD22: 158547.66 | AF22: 133421.85 | AG22: =+IF(AC22="N/A","N/A",MIN(AC22:AF22)) -> 133421.85 | AH22: =+IF(AC22="N/A","N/A",ROUND(AVERAGE(AC22:AF22),0)) -> 275987 | AI22: =+IF(AG22="N/A","N/A",AVERAGE(AG22:AH22)) -> 204704.42 | AK22: 618450 | AO22: =+IF(AK22="N/A","N/A",MIN(AK22:AN22)) -> 618450 | AP22: =+IF(AK22="N/A","N/A",ROUND(AVERAGE(AK22:AN22),0)) -> 618450 | AQ22: =+IF(AO22="N/A","N/A",AVERAGE(AO22:AP22)) -> 618450
B23: SINCRONIZACIÓN
A24: 11 | B24: Bujía | C24: 1 | E24: 60000 | F24: 43919.426 | H24: 36959.304 | I24: =+IF(E24="N/A","N/A",MIN(E24:H24)) -> 36959.304 | J24: =+IF(E24="N/A","N/A",ROUND(AVERAGE(E24:H24),0)) -> 46960 | K24: =+IF(I24="N/A","N/A",AVERAGE(I24:J24)) -> 41959.652 | M24: 61200 | N24: 50737.5 | P24: 42696.885 | Q24: =+IF(M24="N/A","N/A",MIN(M24:P24)) -> 42696.885 | R24: =+IF(M24="N/A","N/A",ROUND(AVERAGE(M24:P24),0)) -> 51545 | S24: =+IF(Q24="N/A","N/A",AVERAGE(Q24:R24)) -> 47120.943 | U24: 55800 | V24: 42365.091 | X24: 35651.292 | Y24: =+IF(U24="N/A","N/A",MIN(U24:X24)) -> 35651.292 | Z24: =+IF(U24="N/A","N/A",ROUND(AVERAGE(U24:X24),0)) -> 44605 | AA24: =+IF(Y24="N/A","N/A",AVERAGE(Y24:Z24)) -> 40128.146 | AC24: 54600 | AD24: 41805.393 | AF24: 35180.291 | AG24: =+IF(AC24="N/A","N/A",MIN(AC24:AF24)) -> 35180.291 | AH24: =+IF(AC24="N/A","N/A",ROUND(AVERAGE(AC24:AF24),0)) -> 43862 | AI24: =+IF(AG24="N/A","N/A",AVERAGE(AG24:AH24)) -> 39521.146 | AK24: 63000 | AO24: =+IF(AK24="N/A","N/A",MIN(AK24:AN24)) -> 63000 | AP24: =+IF(AK24="N/A","N/A",ROUND(AVERAGE(AK24:AN24),0)) -> 63000 | AQ24: =+IF(AO24="N/A","N/A",AVERAGE(AO24:AP24)) -> 63000
A25: 12 | B25: Filtro Aire | C25: 1 | E25: 255926.4 | F25: 131746.67 | H25: 110868.14 | I25: =+IF(E25="N/A","N/A",MIN(E25:H25)) -> 110868.14 | J25: =+IF(E25="N/A","N/A",ROUND(AVERAGE(E25:H25),0)) -> 166180 | K25: =+IF(I25="N/A","N/A",AVERAGE(I25:J25)) -> 138524.07 | M25: 261044.93 | N25: 143993.64 | P25: 121174.28 | Q25: =+IF(M25="N/A","N/A",MIN(M25:P25)) -> 121174.28 | R25: =+IF(M25="N/A","N/A",ROUND(AVERAGE(M25:P25),0)) -> 175404 | S25: =+IF(Q25="N/A","N/A",AVERAGE(Q25:R25)) -> 148289.14 | U25: 238011.55 | V25: 124204.46 | X25: 104521.18 | Y25: =+IF(U25="N/A","N/A",MIN(U25:X25)) -> 104521.18 | Z25: =+IF(U25="N/A","N/A",ROUND(AVERAGE(U25:X25),0)) -> 155579 | AA25: =+IF(Y25="N/A","N/A",AVERAGE(Y25:Z25)) -> 130050.09 | AC25: 232893.02 | AD25: 101447.97 | AF25: 85371.021 | AG25: =+IF(AC25="N/A","N/A",MIN(AC25:AF25)) -> 85371.021 | AH25: =+IF(AC25="N/A","N/A",ROUND(AVERAGE(AC25:AF25),0)) -> 139904 | AI25: =+IF(AG25="N/A","N/A",AVERAGE(AG25:AH25)) -> 112637.51 | AK25: 268722.72 | AO25: =+IF(AK25="N/A","N/A",MIN(AK25:AN25)) -> 268722.72 | AP25: =+IF(AK25="N/A","N/A",ROUND(AVERAGE(AK25:AN25),0)) -> 268723 | AQ25: =+IF(AO25="N/A","N/A",AVERAGE(AO25:AP25)) -> 268722.86
A26: 13 | B26: Filtro Combustible | C26: 1 | E26: 149149.2 | F26: 75742.764 | H26: 63739.445 | I26: =+IF(E26="N/A","N/A",MIN(E26:H26)) -> 63739.445 | J26: =+IF(E26="N/A","N/A",ROUND(AVERAGE(E26:H26),0)) -> 96210 | K26: =+IF(I26="N/A","N/A",AVERAGE(I26:J26)) -> 79974.722 | M26: 152132.18 | N26: 121244.48 | P26: 102030.29 | Q26: =+IF(M26="N/A","N/A",MIN(M26:P26)) -> 102030.29 | R26: =+IF(M26="N/A","N/A",ROUND(AVERAGE(M26:P26),0)) -> 125136 | S26: =+IF(Q26="N/A","N/A",AVERAGE(Q26:R26)) -> 113583.14 | U26: 138708.76 | V26: 70566.857 | X26: 59383.788 | Y26: =+IF(U26="N/A","N/A",MIN(U26:X26)) -> 59383.788 | Z26: =+IF(U26="N/A","N/A",ROUND(AVERAGE(U26:X26),0)) -> 89553 | AA26: =+IF(Y26="N/A","N/A",AVERAGE(Y26:Z26)) -> 74468.394 | AC26: N/A | AD26: N/A | AE26: N/A | AF26: N/A | AG26: N/A | AH26: N/A | AI26: N/A | AK26: 156606.66 | AO26: =+IF(AK26="N/A","N/A",MIN(AK26:AN26)) -> 156606.66 | AP26: =+IF(AK26="N/A","N/A",ROUND(AVERAGE(AK26:AN26),0)) -> 156607 | AQ26: =+IF(AO26="N/A","N/A",AVERAGE(AO26:AP26)) -> 156606.83
A27: 14 | B27: Juego Cables De Alta | C27: 1 | E27: N/A | F27: N/A | G27: N/A | H27: N/A | I27: N/A | J27: N/A | K27: N/A | M27: N/A | N27: N/A | O27: N/A | P27: N/A | Q27: N/A | R27: N/A | S27: N/A | U27: N/A | V27: N/A | W27: N/A | X27: N/A | Y27: N/A | Z27: N/A | AA27: N/A | AC27: N/A | AD27: N/A | AE27: N/A | AF27: N/A | AG27: N/A | AH27: N/A | AI27: N/A | AK27: 1580000 | AO27: =+IF(AK27="N/A","N/A",MIN(AK27:AN27)) -> 1580000 | AP27: =+IF(AK27="N/A","N/A",ROUND(AVERAGE(AK27:AN27),0)) -> 1580000 | AQ27: =+IF(AO27="N/A","N/A",AVERAGE(AO27:AP27)) -> 1580000
A28: 15 | B28: Filtro De Aceite | C28: 1 | E28: 35592 | F28: 37743.798 | H28: 31762.357 | I28: =+IF(E28="N/A","N/A",MIN(E28:H28)) -> 31762.357 | J28: =+IF(E28="N/A","N/A",ROUND(AVERAGE(E28:H28),0)) -> 35033 | K28: =+IF(I28="N/A","N/A",AVERAGE(I28:J28)) -> 33397.679 | M28: 36303.84 | N28: 38123.85 | P28: 32082.181 | Q28: =+IF(M28="N/A","N/A",MIN(M28:P28)) -> 32082.181 | R28: =+IF(M28="N/A","N/A",ROUND(AVERAGE(M28:P28),0)) -> 35503 | S28: =+IF(Q28="N/A","N/A",AVERAGE(Q28:R28)) -> 33792.59 | U28: 33100.56 | V28: 46249.179 | X28: 38919.849 | Y28: =+IF(U28="N/A","N/A",MIN(U28:X28)) -> 33100.56 | Z28: =+IF(U28="N/A","N/A",ROUND(AVERAGE(U28:X28),0)) -> 39423 | AA28: =+IF(Y28="N/A","N/A",AVERAGE(Y28:Z28)) -> 36261.78 | AC28: 32388.72 | AD28: 36323.656 | AF28: 30567.272 | AG28: =+IF(AC28="N/A","N/A",MIN(AC28:AF28)) -> 30567.272 | AH28: =+IF(AC28="N/A","N/A",ROUND(AVERAGE(AC28:AF28),0)) -> 33093 | AI28: =+IF(AG28="N/A","N/A",AVERAGE(AG28:AH28)) -> 31830.136 | AK28: 37371.6 | AO28: =+IF(AK28="N/A","N/A",MIN(AK28:AN28)) -> 37371.6 | AP28: =+IF(AK28="N/A","N/A",ROUND(AVERAGE(AK28:AN28),0)) -> 37372 | AQ28: =+IF(AO28="N/A","N/A",AVERAGE(AO28:AP28)) -> 37371.8
A29: 16 | B29: Filtro Trampa | C29: 1 | E29: 144000 | F29: 80577.923 | H29: 67808.353 | I29: =+IF(E29="N/A","N/A",MIN(E29:H29)) -> 67808.353 | J29: =+IF(E29="N/A","N/A",ROUND(AVERAGE(E29:H29),0)) -> 97462 | K29: =+IF(I29="N/A","N/A",AVERAGE(I29:J29)) -> 82635.177 | M29: 146880 | N29: 78412.5 | P29: 65986.095 | Q29: =+IF(M29="N/A","N/A",MIN(M29:P29)) -> 65986.095 | R29: =+IF(M29="N/A","N/A",ROUND(AVERAGE(M29:P29),0)) -> 97093 | S29: =+IF(Q29="N/A","N/A",AVERAGE(Q29:R29)) -> 81539.548 | U29: N/A | V29: N/A | W29: N/A | X29: N/A | Y29: N/A | Z29: N/A | AA29: N/A | AC29: N/A | AD29: N/A | AE29: N/A | AF29: N/A | AG29: N/A | AH29: N/A | AI29: N/A | AK29: 151200 | AO29: =+IF(AK29="N/A","N/A",MIN(AK29:AN29)) -> 151200 | AP29: =+IF(AK29="N/A","N/A",ROUND(AVERAGE(AK29:AN29),0)) -> 151200 | AQ29: =+IF(AO29="N/A","N/A",AVERAGE(AO29:AP29)) -> 151200
A30: 17 | B30: Inyector | C30: 1 | E30: 2105041.2 | F30: 1446520 | H30: 1217283 | I30: =+IF(E30="N/A","N/A",MIN(E30:H30)) -> 1217283 | J30: =+IF(E30="N/A","N/A",ROUND(AVERAGE(E30:H30),0)) -> 1589615 | K30: =+IF(I30="N/A","N/A",AVERAGE(I30:J30)) -> 1403449 | M30: 2147142 | N30: 1830916.8 | P30: 1540762.6 | Q30: =+IF(M30="N/A","N/A",MIN(M30:P30)) -> 1540762.6 | R30: =+IF(M30="N/A","N/A",ROUND(AVERAGE(M30:P30),0)) -> 1839607 | S30: =+IF(Q30="N/A","N/A",AVERAGE(Q30:R30)) -> 1690184.8 | U30: 1957688.3 | V30: 782024.9 | X30: 658093.66 | Y30: =+IF(U30="N/A","N/A",MIN(U30:X30)) -> 658093.66 | Z30: =+IF(U30="N/A","N/A",ROUND(AVERAGE(U30:X30),0)) -> 1132602 | AA30: =+IF(Y30="N/A","N/A",AVERAGE(Y30:Z30)) -> 895347.83 | AC30: 1915587.5 | AD30: 681256.01 | AF30: 573294.11 | AG30: =+IF(AC30="N/A","N/A",MIN(AC30:AF30)) -> 573294.11 | AH30: =+IF(AC30="N/A","N/A",ROUND(AVERAGE(AC30:AF30),0)) -> 1056713 | AI30: =+IF(AG30="N/A","N/A",AVERAGE(AG30:AH30)) -> 815003.55 | AK30: 2210293.3 | AO30: =+IF(AK30="N/A","N/A",MIN(AK30:AN30)) -> 2210293.3 | AP30: =+IF(AK30="N/A","N/A",ROUND(AVERAGE(AK30:AN30),0)) -> 2210293 | AQ30: =+IF(AO30="N/A","N/A",AVERAGE(AO30:AP30)) -> 2210293.1
A31: 18 | B31: Bomba De Inyección | C31: 1 | E31: 11760000 | F31: 10004920 | H31: 8419392.1 | I31: =+IF(E31="N/A","N/A",MIN(E31:H31)) -> 8419392.1 | J31: =+IF(E31="N/A","N/A",ROUND(AVERAGE(E31:H31),0)) -> 10061437 | K31: =+IF(I31="N/A","N/A",AVERAGE(I31:J31)) -> 9240414.5 | M31: 11995200 | N31: 8548500 | P31: 7193778.2 | Q31: =+IF(M31="N/A","N/A",MIN(M31:P31)) -> 7193778.2 | R31: =+IF(M31="N/A","N/A",ROUND(AVERAGE(M31:P31),0)) -> 9245826 | S31: =+IF(Q31="N/A","N/A",AVERAGE(Q31:R31)) -> 8219802.1 | U31: N/A | V31: N/A | W31: N/A | X31: N/A | Y31: N/A | Z31: N/A | AA31: N/A | AC31: N/A | AD31: N/A | AE31: N/A | AF31: N/A | AG31: N/A | AH31: N/A | AI31: N/A | AK31: 12348000 | AO31: =+IF(AK31="N/A","N/A",MIN(AK31:AN31)) -> 12348000 | AP31: =+IF(AK31="N/A","N/A",ROUND(AVERAGE(AK31:AN31),0)) -> 12348000 | AQ31: =+IF(AO31="N/A","N/A",AVERAGE(AO31:AP31)) -> 12348000
A32: 19 | B32: Oring Sellos | C32: 1 | E32: 18000 | F32: 31672.856 | H32: 26653.506 | I32: =+IF(E32="N/A","N/A",MIN(E32:H32)) -> 18000 | J32: =+IF(E32="N/A","N/A",ROUND(AVERAGE(E32:H32),0)) -> 25442 | K32: =+IF(I32="N/A","N/A",AVERAGE(I32:J32)) -> 21721 | M32: 18360 | N32: 44587.5 | P32: 37521.505 | Q32: =+IF(M32="N/A","N/A",MIN(M32:P32)) -> 18360 | R32: =+IF(M32="N/A","N/A",ROUND(AVERAGE(M32:P32),0)) -> 33490 | S32: =+IF(Q32="N/A","N/A",AVERAGE(Q32:R32)) -> 25925 | U32: 16740 | V32: 31475.106 | X32: 26487.095 | Y32: =+IF(U32="N/A","N/A",MIN(U32:X32)) -> 16740 | Z32: =+IF(U32="N/A","N/A",ROUND(AVERAGE(U32:X32),0)) -> 24901 | AA32: =+IF(Y32="N/A","N/A",AVERAGE(Y32:Z32)) -> 20820.5 | AC32: N/A | AD32: N/A | AE32: N/A | AF32: N/A | AG32: N/A | AH32: N/A | AI32: N/A | AK32: 18900 | AO32: =+IF(AK32="N/A","N/A",MIN(AK32:AN32)) -> 18900 | AP32: =+IF(AK32="N/A","N/A",ROUND(AVERAGE(AK32:AN32),0)) -> 18900 | AQ32: =+IF(AO32="N/A","N/A",AVERAGE(AO32:AP32)) -> 18900
A33: 20 | B33: Bomba De Combustible | C33: 1 | E33: 11760000 | F33: 9932250 | H33: 8358238.7 | I33: =+IF(E33="N/A","N/A",MIN(E33:H33)) -> 8358238.7 | J33: =+IF(E33="N/A","N/A",ROUND(AVERAGE(E33:H33),0)) -> 10016830 | K33: =+IF(I33="N/A","N/A",AVERAGE(I33:J33)) -> 9187534.3 | M33: 11995200 | N33: 8548500 | P33: 7193778.2 | Q33: =+IF(M33="N/A","N/A",MIN(M33:P33)) -> 7193778.2 | R33: =+IF(M33="N/A","N/A",ROUND(AVERAGE(M33:P33),0)) -> 9245826 | S33: =+IF(Q33="N/A","N/A",AVERAGE(Q33:R33)) -> 8219802.1 | U33: 1000000 | V33: 3088013.4 | X33: 2598641.1 | Y33: =+IF(U33="N/A","N/A",MIN(U33:X33)) -> 1000000 | Z33: =+IF(U33="N/A","N/A",ROUND(AVERAGE(U33:X33),0)) -> 2228885 | AA33: =+IF(Y33="N/A","N/A",AVERAGE(Y33:Z33)) -> 1614442.5 | AC33: 1000000 | AD33: 1793127.1 | AF33: 1508961.6 | AG33: =+IF(AC33="N/A","N/A",MIN(AC33:AF33)) -> 1000000 | AH33: =+IF(AC33="N/A","N/A",ROUND(AVERAGE(AC33:AF33),0)) -> 1434030 | AI33: =+IF(AG33="N/A","N/A",AVERAGE(AG33:AH33)) -> 1217015 | AK33: 2500000 | AO33: =+IF(AK33="N/A","N/A",MIN(AK33:AN33)) -> 2500000 | AP33: =+IF(AK33="N/A","N/A",ROUND(AVERAGE(AK33:AN33),0)) -> 2500000 | AQ33: =+IF(AO33="N/A","N/A",AVERAGE(AO33:AP33)) -> 2500000
A34: 21 | B34: Bujía Precalentadora | C34: 1 | E34: 210000 | F34: 301946.09 | H34: 254095.25 | I34: =+IF(E34="N/A","N/A",MIN(E34:H34)) -> 210000 | J34: =+IF(E34="N/A","N/A",ROUND(AVERAGE(E34:H34),0)) -> 255347 | K34: =+IF(I34="N/A","N/A",AVERAGE(I34:J34)) -> 232673.5 | M34: 214200 | N34: 468937.5 | P34: 394622.73 | Q34: =+IF(M34="N/A","N/A",MIN(M34:P34)) -> 214200 | R34: =+IF(M34="N/A","N/A",ROUND(AVERAGE(M34:P34),0)) -> 359253 | S34: =+IF(Q34="N/A","N/A",AVERAGE(Q34:R34)) -> 286726.5 | U34: N/A | V34: N/A | W34: N/A | X34: N/A | Y34: N/A | Z34: N/A | AA34: N/A | AC34: N/A | AD34: N/A | AE34: N/A | AF34: N/A | AG34: N/A | AH34: N/A | AI34: N/A | AK34: 220500 | AO34: =+IF(AK34="N/A","N/A",MIN(AK34:AN34)) -> 220500 | AP34: =+IF(AK34="N/A","N/A",ROUND(AVERAGE(AK34:AN34),0)) -> 220500 | AQ34: =+IF(AO34="N/A","N/A",AVERAGE(AO34:AP34)) -> 220500
A35: 22 | B35: Bombín | C35: 1 | E35: 350000 | F35: 366980.55 | H35: 308823.38 | I35: =+IF(E35="N/A","N/A",MIN(E35:H35)) -> 308823.38 | J35: =+IF(E35="N/A","N/A",ROUND(AVERAGE(E35:H35),0)) -> 341935 | K35: =+IF(I35="N/A","N/A",AVERAGE(I35:J35)) -> 325379.19 | M35: 357000 | N35: 439725 | P35: 370039.67 | Q35: =+IF(M35="N/A","N/A",MIN(M35:P35)) -> 357000 | R35: =+IF(M35="N/A","N/A",ROUND(AVERAGE(M35:P35),0)) -> 388922 | S35: =+IF(Q35="N/A","N/A",AVERAGE(Q35:R35)) -> 372961 | U35: N/A | V35: N/A | W35: N/A | X35: N/A | Y35: N/A | Z35: N/A | AA35: N/A | AC35: N/A | AD35: N/A | AE35: N/A | AF35: N/A | AG35: N/A | AH35: N/A | AI35: N/A | AK35: 367500 | AO35: =+IF(AK35="N/A","N/A",MIN(AK35:AN35)) -> 367500 | AP35: =+IF(AK35="N/A","N/A",ROUND(AVERAGE(AK35:AN35),0)) -> 367500 | AQ35: =+IF(AO35="N/A","N/A",AVERAGE(AO35:AP35)) -> 367500
A36: 23 | B36: Tornillo Peter | C36: 1 | E36: 36000 | F36: 49934.13 | H36: 42020.829 | I36: =+IF(E36="N/A","N/A",MIN(E36:H36)) -> 36000 | J36: =+IF(E36="N/A","N/A",ROUND(AVERAGE(E36:H36),0)) -> 42652 | K36: =+IF(I36="N/A","N/A",AVERAGE(I36:J36)) -> 39326 | M36: 36720 | N36: 55350 | P36: 46578.42 | Q36: =+IF(M36="N/A","N/A",MIN(M36:P36)) -> 36720 | R36: =+IF(M36="N/A","N/A",ROUND(AVERAGE(M36:P36),0)) -> 46216 | S36: =+IF(Q36="N/A","N/A",AVERAGE(Q36:R36)) -> 41468 | U36: N/A | V36: N/A | W36: N/A | X36: N/A | Y36: N/A | Z36: N/A | AA36: N/A | AC36: N/A | AD36: N/A | AE36: N/A | AF36: N/A | AG36: N/A | AH36: N/A | AI36: N/A | AK36: 37800 | AO36: =+IF(AK36="N/A","N/A",MIN(AK36:AN36)) -> 37800 | AP36: =+IF(AK36="N/A","N/A",ROUND(AVERAGE(AK36:AN36),0)) -> 37800 | AQ36: =+IF(AO36="N/A","N/A",AVERAGE(AO36:AP36)) -> 37800
B37: SISTEMA DE SUSPENSIÓN
A38: 24 | B38: Brazo Axial | C38: 1 | E38: 396602.4 | F38: 292836.73 | H38: 246429.49 | I38: =+IF(E38="N/A","N/A",MIN(E38:H38)) -> 246429.49 | J38: =+IF(E38="N/A","N/A",ROUND(AVERAGE(E38:H38),0)) -> 311956 | K38: =+IF(I38="N/A","N/A",AVERAGE(I38:J38)) -> 279192.74 | M38: 404534.45 | N38: 418663.09 | P38: 352315.55 | Q38: =+IF(M38="N/A","N/A",MIN(M38:P38)) -> 352315.55 | R38: =+IF(M38="N/A","N/A",ROUND(AVERAGE(M38:P38),0)) -> 391838 | S38: =+IF(Q38="N/A","N/A",AVERAGE(Q38:R38)) -> 372076.77 | U38: 368840.23 | V38: 273891.07 | X38: 230486.23 | Y38: =+IF(U38="N/A","N/A",MIN(U38:X38)) -> 230486.23 | Z38: =+IF(U38="N/A","N/A",ROUND(AVERAGE(U38:X38),0)) -> 291073 | AA38: =+IF(Y38="N/A","N/A",AVERAGE(Y38:Z38)) -> 260779.62 | AC38: 360908.18 | AD38: 267325.68 | AF38: 224961.3 | AG38: =+IF(AC38="N/A","N/A",MIN(AC38:AF38)) -> 224961.3 | AH38: =+IF(AC38="N/A","N/A",ROUND(AVERAGE(AC38:AF38),0)) -> 284398 | AI38: =+IF(AG38="N/A","N/A",AVERAGE(AG38:AH38)) -> 254679.65 | AK38: 416432.52 | AO38: =+IF(AK38="N/A","N/A",MIN(AK38:AN38)) -> 416432.52 | AP38: =+IF(AK38="N/A","N/A",ROUND(AVERAGE(AK38:AN38),0)) -> 416433 | AQ38: =+IF(AO38="N/A","N/A",AVERAGE(AO38:AP38)) -> 416432.76
A39: 25 | B39: Juego de Terminales Direccion (Largo y Corto) | C39: 1 | E39: 480000 | F39: 368292.37 | H39: 309927.31 | I39: =+IF(E39="N/A","N/A",MIN(E39:H39)) -> 309927.31 | J39: =+IF(E39="N/A","N/A",ROUND(AVERAGE(E39:H39),0)) -> 386073 | K39: =+IF(I39="N/A","N/A",AVERAGE(I39:J39)) -> 348000.15 | M39: 489600 | N39: 381300 | P39: 320873.56 | Q39: =+IF(M39="N/A","N/A",MIN(M39:P39)) -> 320873.56 | R39: =+IF(M39="N/A","N/A",ROUND(AVERAGE(M39:P39),0)) -> 397258 | S39: =+IF(Q39="N/A","N/A",AVERAGE(Q39:R39)) -> 359065.78 | U39: 446400 | V39: 351224.57 | X39: 295564.32 | Y39: =+IF(U39="N/A","N/A",MIN(U39:X39)) -> 295564.32 | Z39: =+IF(U39="N/A","N/A",ROUND(AVERAGE(U39:X39),0)) -> 364396 | AA39: =+IF(Y39="N/A","N/A",AVERAGE(Y39:Z39)) -> 329980.16 | AC39: 436800 | AD39: 314897.34 | AF39: 264994.05 | AG39: =+IF(AC39="N/A","N/A",MIN(AC39:AF39)) -> 264994.05 | AH39: =+IF(AC39="N/A","N/A",ROUND(AVERAGE(AC39:AF39),0)) -> 338897 | AI39: =+IF(AG39="N/A","N/A",AVERAGE(AG39:AH39)) -> 301945.53 | AK39: 504000 | AO39: =+IF(AK39="N/A","N/A",MIN(AK39:AN39)) -> 504000 | AP39: =+IF(AK39="N/A","N/A",ROUND(AVERAGE(AK39:AN39),0)) -> 504000 | AQ39: =+IF(AO39="N/A","N/A",AVERAGE(AO39:AP39)) -> 504000
A40: 26 | B40: Fuelle De La Botella | C40: 1 | E40: 108000 | F40: 98792.144 | H40: 83136.079 | I40: =+IF(E40="N/A","N/A",MIN(E40:H40)) -> 83136.079 | J40: =+IF(E40="N/A","N/A",ROUND(AVERAGE(E40:H40),0)) -> 96643 | K40: =+IF(I40="N/A","N/A",AVERAGE(I40:J40)) -> 89889.54 | M40: 110160 | N40: 110700 | P40: 93156.84 | Q40: =+IF(M40="N/A","N/A",MIN(M40:P40)) -> 93156.84 | R40: =+IF(M40="N/A","N/A",ROUND(AVERAGE(M40:P40),0)) -> 104672 | S40: =+IF(Q40="N/A","N/A",AVERAGE(Q40:R40)) -> 98914.42 | U40: 100440 | V40: 97509.719 | X40: 82056.886 | Y40: =+IF(U40="N/A","N/A",MIN(U40:X40)) -> 82056.886 | Z40: =+IF(U40="N/A","N/A",ROUND(AVERAGE(U40:X40),0)) -> 93336 | AA40: =+IF(Y40="N/A","N/A",AVERAGE(Y40:Z40)) -> 87696.443 | AC40: 98280 | AD40: 97558.696 | AF40: 82098.101 | AG40: =+IF(AC40="N/A","N/A",MIN(AC40:AF40)) -> 82098.101 | AH40: =+IF(AC40="N/A","N/A",ROUND(AVERAGE(AC40:AF40),0)) -> 92646 | AI40: =+IF(AG40="N/A","N/A",AVERAGE(AG40:AH40)) -> 87372.051 | AK40: 113400 | AO40: =+IF(AK40="N/A","N/A",MIN(AK40:AN40)) -> 113400 | AP40: =+IF(AK40="N/A","N/A",ROUND(AVERAGE(AK40:AN40),0)) -> 113400 | AQ40: =+IF(AO40="N/A","N/A",AVERAGE(AO40:AP40)) -> 113400
A41: 27 | B41: Interiores De Botella | C41: 1 | E41: 830000 | F41: 468572.43 | H41: 394315.51 | I41: =+IF(E41="N/A","N/A",MIN(E41:H41)) -> 394315.51 | J41: =+IF(E41="N/A","N/A",ROUND(AVERAGE(E41:H41),0)) -> 564296 | K41: =+IF(I41="N/A","N/A",AVERAGE(I41:J41)) -> 479305.76 | M41: 846600 | N41: 688800 | P41: 579642.56 | Q41: =+IF(M41="N/A","N/A",MIN(M41:P41)) -> 579642.56 | R41: =+IF(M41="N/A","N/A",ROUND(AVERAGE(M41:P41),0)) -> 705014 | S41: =+IF(Q41="N/A","N/A",AVERAGE(Q41:R41)) -> 642328.28 | U41: 771900 | V41: 426007.83 | X41: 358496.33 | Y41: =+IF(U41="N/A","N/A",MIN(U41:X41)) -> 358496.33 | Z41: =+IF(U41="N/A","N/A",ROUND(AVERAGE(U41:X41),0)) -> 518801 | AA41: =+IF(Y41="N/A","N/A",AVERAGE(Y41:Z41)) -> 438648.66 | AC41: 755300 | AD41: 418579.41 | AF41: 352245.12 | AG41: =+IF(AC41="N/A","N/A",MIN(AC41:AF41)) -> 352245.12 | AH41: =+IF(AC41="N/A","N/A",ROUND(AVERAGE(AC41:AF41),0)) -> 508708 | AI41: =+IF(AG41="N/A","N/A",AVERAGE(AG41:AH41)) -> 430476.56 | AK41: 871500 | AO41: =+IF(AK41="N/A","N/A",MIN(AK41:AN41)) -> 871500 | AP41: =+IF(AK41="N/A","N/A",ROUND(AVERAGE(AK41:AN41),0)) -> 871500 | AQ41: =+IF(AO41="N/A","N/A",AVERAGE(AO41:AP41)) -> 871500
A42: 28 | B42: Juego de Amortiguadores Delanteros (PAR) | C42: 1 | E42: 1122010.8 | F42: 666506.43 | H42: 560881.96 | I42: =+IF(E42="N/A","N/A",MIN(E42:H42)) -> 560881.96 | J42: =+IF(E42="N/A","N/A",ROUND(AVERAGE(E42:H42),0)) -> 783133 | K42: =+IF(I42="N/A","N/A",AVERAGE(I42:J42)) -> 672007.48 | M42: 1144451 | N42: 794890.27 | P42: 668920.19 | Q42: =+IF(M42="N/A","N/A",MIN(M42:P42)) -> 668920.19 | R42: =+IF(M42="N/A","N/A",ROUND(AVERAGE(M42:P42),0)) -> 869420 | S42: =+IF(Q42="N/A","N/A",AVERAGE(Q42:R42)) -> 769170.1 | U42: 1043470 | V42: 669838.58 | X42: 563686.05 | Y42: =+IF(U42="N/A","N/A",MIN(U42:X42)) -> 563686.05 | Z42: =+IF(U42="N/A","N/A",ROUND(AVERAGE(U42:X42),0)) -> 758998 | AA42: =+IF(Y42="N/A","N/A",AVERAGE(Y42:Z42)) -> 661342.02 | AC42: 1021029.8 | AD42: 617115.19 | AF42: 519317.98 | AG42: =+IF(AC42="N/A","N/A",MIN(AC42:AF42)) -> 519317.98 | AH42: =+IF(AC42="N/A","N/A",ROUND(AVERAGE(AC42:AF42),0)) -> 719154 | AI42: =+IF(AG42="N/A","N/A",AVERAGE(AG42:AH42)) -> 619235.99 | AK42: 1178111.3 | AO42: =+IF(AK42="N/A","N/A",MIN(AK42:AN42)) -> 1178111.3 | AP42: =+IF(AK42="N/A","N/A",ROUND(AVERAGE(AK42:AN42),0)) -> 1178111 | AQ42: =+IF(AO42="N/A","N/A",AVERAGE(AO42:AP42)) -> 1178111.2
A43: 29 | B43: Juego de Amortiguadores Traseros (PAR) | C43: 1 | E43: 1074554.4 | F43: 662609.35 | H43: 557602.46 | I43: =+IF(E43="N/A","N/A",MIN(E43:H43)) -> 557602.46 | J43: =+IF(E43="N/A","N/A",ROUND(AVERAGE(E43:H43),0)) -> 764922 | K43: =+IF(I43="N/A","N/A",AVERAGE(I43:J43)) -> 661262.23 | M43: 1096045.5 | N43: 782729.56 | P43: 658686.66 | Q43: =+IF(M43="N/A","N/A",MIN(M43:P43)) -> 658686.66 | R43: =+IF(M43="N/A","N/A",ROUND(AVERAGE(M43:P43),0)) -> 845821 | S43: =+IF(Q43="N/A","N/A",AVERAGE(Q43:R43)) -> 752253.83 | U43: 999335.59 | V43: 638016.61 | X43: 536907.06 | Y43: =+IF(U43="N/A","N/A",MIN(U43:X43)) -> 536907.06 | Z43: =+IF(U43="N/A","N/A",ROUND(AVERAGE(U43:X43),0)) -> 724753 | AA43: =+IF(Y43="N/A","N/A",AVERAGE(Y43:Z43)) -> 630830.03 | AC43: 977844.5 | AD43: 614264.39 | AF43: 516918.96 | AG43: =+IF(AC43="N/A","N/A",MIN(AC43:AF43)) -> 516918.96 | AH43: =+IF(AC43="N/A","N/A",ROUND(AVERAGE(AC43:AF43),0)) -> 703009 | AI43: =+IF(AG43="N/A","N/A",AVERAGE(AG43:AH43)) -> 609963.98 | AK43: 1128282.1 | AO43: =+IF(AK43="N/A","N/A",MIN(AK43:AN43)) -> 1128282.1 | AP43: =+IF(AK43="N/A","N/A",ROUND(AVERAGE(AK43:AN43),0)) -> 1128282 | AQ43: =+IF(AO43="N/A","N/A",AVERAGE(AO43:AP43)) -> 1128282.1
A44: 30 | B44: Cauchos Barra Estabilizadora | C44: 1 | E44: 72000 | F44: 87858.179 | H44: 73934.872 | I44: =+IF(E44="N/A","N/A",MIN(E44:H44)) -> 72000 | J44: =+IF(E44="N/A","N/A",ROUND(AVERAGE(E44:H44),0)) -> 77931 | K44: =+IF(I44="N/A","N/A",AVERAGE(I44:J44)) -> 74965.5 | M44: 73440 | N44: 83025 | P44: 69867.63 | Q44: =+IF(M44="N/A","N/A",MIN(M44:P44)) -> 69867.63 | R44: =+IF(M44="N/A","N/A",ROUND(AVERAGE(M44:P44),0)) -> 75444 | S44: =+IF(Q44="N/A","N/A",AVERAGE(Q44:R44)) -> 72655.815 | U44: 66960 | V44: 87697.285 | X44: 73799.476 | Y44: =+IF(U44="N/A","N/A",MIN(U44:X44)) -> 66960 | Z44: =+IF(U44="N/A","N/A",ROUND(AVERAGE(U44:X44),0)) -> 76152 | AA44: =+IF(Y44="N/A","N/A",AVERAGE(Y44:Z44)) -> 71556 | AC44: 65520 | AD44: 73704.831 | AF44: 62024.473 | AG44: =+IF(AC44="N/A","N/A",MIN(AC44:AF44)) -> 62024.473 | AH44: =+IF(AC44="N/A","N/A",ROUND(AVERAGE(AC44:AF44),0)) -> 67083 | AI44: =+IF(AG44="N/A","N/A",AVERAGE(AG44:AH44)) -> 64553.737 | AK44: 75600 | AO44: =+IF(AK44="N/A","N/A",MIN(AK44:AN44)) -> 75600 | AP44: =+IF(AK44="N/A","N/A",ROUND(AVERAGE(AK44:AN44),0)) -> 75600 | AQ44: =+IF(AO44="N/A","N/A",AVERAGE(AO44:AP44)) -> 75600
A45: 31 | B45: Buje Barra Estabilizadora | C45: 1 | E45: 72000 | F45: 85568.835 | H45: 72008.331 | I45: =+IF(E45="N/A","N/A",MIN(E45:H45)) -> 72000 | J45: =+IF(E45="N/A","N/A",ROUND(AVERAGE(E45:H45),0)) -> 76526 | K45: =+IF(I45="N/A","N/A",AVERAGE(I45:J45)) -> 74263 | M45: 73440 | N45: 83025 | P45: 69867.63 | Q45: =+IF(M45="N/A","N/A",MIN(M45:P45)) -> 69867.63 | R45: =+IF(M45="N/A","N/A",ROUND(AVERAGE(M45:P45),0)) -> 75444 | S45: =+IF(Q45="N/A","N/A",AVERAGE(Q45:R45)) -> 72655.815 | U45: 66960 | V45: 85177.471 | X45: 71678.989 | Y45: =+IF(U45="N/A","N/A",MIN(U45:X45)) -> 66960 | Z45: =+IF(U45="N/A","N/A",ROUND(AVERAGE(U45:X45),0)) -> 74605 | AA45: =+IF(Y45="N/A","N/A",AVERAGE(Y45:Z45)) -> 70782.5 | AC45: 65520 | AD45: 71841.271 | AF45: 60456.24 | AG45: =+IF(AC45="N/A","N/A",MIN(AC45:AF45)) -> 60456.24 | AH45: =+IF(AC45="N/A","N/A",ROUND(AVERAGE(AC45:AF45),0)) -> 65939 | AI45: =+IF(AG45="N/A","N/A",AVERAGE(AG45:AH45)) -> 63197.62 | AK45: 75600 | AO45: =+IF(AK45="N/A","N/A",MIN(AK45:AN45)) -> 75600 | AP45: =+IF(AK45="N/A","N/A",ROUND(AVERAGE(AK45:AN45),0)) -> 75600 | AQ45: =+IF(AO45="N/A","N/A",AVERAGE(AO45:AP45)) -> 75600
A46: 32 | B46: Muñeco Barra Estabilizadora | C46: 1 | E46: 216000 | F46: 205342.53 | H46: 172800.91 | I46: =+IF(E46="N/A","N/A",MIN(E46:H46)) -> 172800.91 | J46: =+IF(E46="N/A","N/A",ROUND(AVERAGE(E46:H46),0)) -> 198048 | K46: =+IF(I46="N/A","N/A",AVERAGE(I46:J46)) -> 185424.46 | M46: 220320 | N46: 285975 | P46: 240655.17 | Q46: =+IF(M46="N/A","N/A",MIN(M46:P46)) -> 220320 | R46: =+IF(M46="N/A","N/A",ROUND(AVERAGE(M46:P46),0)) -> 248983 | S46: =+IF(Q46="N/A","N/A",AVERAGE(Q46:R46)) -> 234651.5 | U46: 200880 | V46: 199559.98 | X46: 167934.75 | Y46: =+IF(U46="N/A","N/A",MIN(U46:X46)) -> 167934.75 | Z46: =+IF(U46="N/A","N/A",ROUND(AVERAGE(U46:X46),0)) -> 189458 | AA46: =+IF(Y46="N/A","N/A",AVERAGE(Y46:Z46)) -> 178696.38 | AC46: 196560 | AD46: 195674.29 | AF46: 164664.85 | AG46: =+IF(AC46="N/A","N/A",MIN(AC46:AF46)) -> 164664.85 | AH46: =+IF(AC46="N/A","N/A",ROUND(AVERAGE(AC46:AF46),0)) -> 185633 | AI46: =+IF(AG46="N/A","N/A",AVERAGE(AG46:AH46)) -> 175148.92 | AK46: 226800 | AO46: =+IF(AK46="N/A","N/A",MIN(AK46:AN46)) -> 226800 | AP46: =+IF(AK46="N/A","N/A",ROUND(AVERAGE(AK46:AN46),0)) -> 226800 | AQ46: =+IF(AO46="N/A","N/A",AVERAGE(AO46:AP46)) -> 226800
A47: 33 | B47: Rotula Inferior | C47: 1 | E47: 442363.2 | F47: 361701.93 | H47: 304381.29 | I47: =+IF(E47="N/A","N/A",MIN(E47:H47)) -> 304381.29 | J47: =+IF(E47="N/A","N/A",ROUND(AVERAGE(E47:H47),0)) -> 369482 | K47: =+IF(I47="N/A","N/A",AVERAGE(I47:J47)) -> 336931.64 | M47: 451210.46 | N47: 509191.71 | P47: 428497.66 | Q47: =+IF(M47="N/A","N/A",MIN(M47:P47)) -> 428497.66 | R47: =+IF(M47="N/A","N/A",ROUND(AVERAGE(M47:P47),0)) -> 462967 | S47: =+IF(Q47="N/A","N/A",AVERAGE(Q47:R47)) -> 445732.33 | U47: 411397.78 | V47: 350828.37 | X47: 295230.92 | Y47: =+IF(U47="N/A","N/A",MIN(U47:X47)) -> 295230.92 | Z47: =+IF(U47="N/A","N/A",ROUND(AVERAGE(U47:X47),0)) -> 352486 | AA47: =+IF(Y47="N/A","N/A",AVERAGE(Y47:Z47)) -> 323858.46 | AC47: 402550.51 | AD47: 331070 | AF47: 278603.75 | AG47: =+IF(AC47="N/A","N/A",MIN(AC47:AF47)) -> 278603.75 | AH47: =+IF(AC47="N/A","N/A",ROUND(AVERAGE(AC47:AF47),0)) -> 337408 | AI47: =+IF(AG47="N/A","N/A",AVERAGE(AG47:AH47)) -> 308005.87 | AK47: 464481.36 | AO47: =+IF(AK47="N/A","N/A",MIN(AK47:AN47)) -> 464481.36 | AP47: =+IF(AK47="N/A","N/A",ROUND(AVERAGE(AK47:AN47),0)) -> 464481 | AQ47: =+IF(AO47="N/A","N/A",AVERAGE(AO47:AP47)) -> 464481.18
A48: 34 | B48: Rotula Superior | C48: 1 | E48: 442363.2 | F48: 382236.99 | H48: 321662.06 | I48: =+IF(E48="N/A","N/A",MIN(E48:H48)) -> 321662.06 | J48: =+IF(E48="N/A","N/A",ROUND(AVERAGE(E48:H48),0)) -> 382087 | K48: =+IF(I48="N/A","N/A",AVERAGE(I48:J48)) -> 351874.53 | M48: 451210.46 | N48: 512266.71 | P48: 431085.35 | Q48: =+IF(M48="N/A","N/A",MIN(M48:P48)) -> 431085.35 | R48: =+IF(M48="N/A","N/A",ROUND(AVERAGE(M48:P48),0)) -> 464854 | S48: =+IF(Q48="N/A","N/A",AVERAGE(Q48:R48)) -> 447969.67 | U48: N/A | V48: N/A | W48: N/A | X48: N/A | Y48: N/A | Z48: N/A | AA48: N/A | AC48: N/A | AD48: N/A | AE48: N/A | AF48: N/A | AG48: N/A | AH48: N/A | AI48: N/A | AK48: 464481.36 | AO48: =+IF(AK48="N/A","N/A",MIN(AK48:AN48)) -> 464481.36 | AP48: =+IF(AK48="N/A","N/A",ROUND(AVERAGE(AK48:AN48),0)) -> 464481 | AQ48: =+IF(AO48="N/A","N/A",AVERAGE(AO48:AP48)) -> 464481.18
A49: 35 | B49: Juego Bujes Tijeras Superior (par) | C49: 1 | E49: 652020 | F49: 298573.5 | H49: 251257.12 | I49: =+IF(E49="N/A","N/A",MIN(E49:H49)) -> 251257.12 | J49: =+IF(E49="N/A","N/A",ROUND(AVERAGE(E49:H49),0)) -> 400617 | K49: =+IF(I49="N/A","N/A",AVERAGE(I49:J49)) -> 325937.06 | M49: 665060.4 | N49: 445875 | P49: 375215.05 | Q49: =+IF(M49="N/A","N/A",MIN(M49:P49)) -> 375215.05 | R49: =+IF(M49="N/A","N/A",ROUND(AVERAGE(M49:P49),0)) -> 495383 | S49: =+IF(Q49="N/A","N/A",AVERAGE(Q49:R49)) -> 435299.03 | U49: 606378.6 | V49: 276699.29 | X49: 232849.42 | Y49: =+IF(U49="N/A","N/A",MIN(U49:X49)) -> 232849.42 | Z49: =+IF(U49="N/A","N/A",ROUND(AVERAGE(U49:X49),0)) -> 371976 | AA49: =+IF(Y49="N/A","N/A",AVERAGE(Y49:Z49)) -> 302412.71 | AC49: N/A | AD49: N/A | AE49: N/A | AF49: N/A | AG49: N/A | AH49: N/A | AI49: N/A | AK49: 684621 | AO49: =+IF(AK49="N/A","N/A",MIN(AK49:AN49)) -> 684621 | AP49: =+IF(AK49="N/A","N/A",ROUND(AVERAGE(AK49:AN49),0)) -> 684621 | AQ49: =+IF(AO49="N/A","N/A",AVERAGE(AO49:AP49)) -> 684621
A50: 36 | B50: Juego Bujes Tijeras Inferior (par) | C50: 1 | E50: 652020 | F50: 298573.5 | H50: 251257.12 | I50: =+IF(E50="N/A","N/A",MIN(E50:H50)) -> 251257.12 | J50: =+IF(E50="N/A","N/A",ROUND(AVERAGE(E50:H50),0)) -> 400617 | K50: =+IF(I50="N/A","N/A",AVERAGE(I50:J50)) -> 325937.06 | M50: 665060.4 | N50: 445875 | P50: 375215.05 | Q50: =+IF(M50="N/A","N/A",MIN(M50:P50)) -> 375215.05 | R50: =+IF(M50="N/A","N/A",ROUND(AVERAGE(M50:P50),0)) -> 495383 | S50: =+IF(Q50="N/A","N/A",AVERAGE(Q50:R50)) -> 435299.03 | U50: 606378.6 | V50: 274934.94 | X50: 231364.68 | Y50: =+IF(U50="N/A","N/A",MIN(U50:X50)) -> 231364.68 | Z50: =+IF(U50="N/A","N/A",ROUND(AVERAGE(U50:X50),0)) -> 370893 | AA50: =+IF(Y50="N/A","N/A",AVERAGE(Y50:Z50)) -> 301128.84 | AC50: 593338.2 | AD50: 273257.67 | AF50: 229953.22 | AG50: =+IF(AC50="N/A","N/A",MIN(AC50:AF50)) -> 229953.22 | AH50: =+IF(AC50="N/A","N/A",ROUND(AVERAGE(AC50:AF50),0)) -> 365516 | AI50: =+IF(AG50="N/A","N/A",AVERAGE(AG50:AH50)) -> 297734.61 | AK50: 684621 | AO50: =+IF(AK50="N/A","N/A",MIN(AK50:AN50)) -> 684621 | AP50: =+IF(AK50="N/A","N/A",ROUND(AVERAGE(AK50:AN50),0)) -> 684621 | AQ50: =+IF(AO50="N/A","N/A",AVERAGE(AO50:AP50)) -> 684621
A51: 37 | B51: Buje Muelle | C51: 1 | E51: 384000 | F51: 153386.02 | H51: 129078.2 | I51: =+IF(E51="N/A","N/A",MIN(E51:H51)) -> 129078.2 | J51: =+IF(E51="N/A","N/A",ROUND(AVERAGE(E51:H51),0)) -> 222155 | K51: =+IF(I51="N/A","N/A",AVERAGE(I51:J51)) -> 175616.6 | M51: 391680 | N51: 209100 | P51: 175962.92 | Q51: =+IF(M51="N/A","N/A",MIN(M51:P51)) -> 175962.92 | R51: =+IF(M51="N/A","N/A",ROUND(AVERAGE(M51:P51),0)) -> 258914 | S51: =+IF(Q51="N/A","N/A",AVERAGE(Q51:R51)) -> 217438.46 | U51: N/A | V51: N/A | W51: N/A | X51: N/A | Y51: N/A | Z51: N/A | AA51: N/A | AC51: N/A | AD51: N/A | AE51: N/A | AF51: N/A | AG51: N/A | AH51: N/A | AI51: N/A | AK51: 403200 | AO51: =+IF(AK51="N/A","N/A",MIN(AK51:AN51)) -> 403200 | AP51: =+IF(AK51="N/A","N/A",ROUND(AVERAGE(AK51:AN51),0)) -> 403200 | AQ51: =+IF(AO51="N/A","N/A",AVERAGE(AO51:AP51)) -> 403200
A52: 38 | B52: Guardapolvo Semieje | C52: 1 | E52: 216000 | F52: 94274.102 | H52: 79334.033 | I52: =+IF(E52="N/A","N/A",MIN(E52:H52)) -> 79334.033 | J52: =+IF(E52="N/A","N/A",ROUND(AVERAGE(E52:H52),0)) -> 129869 | K52: =+IF(I52="N/A","N/A",AVERAGE(I52:J52)) -> 104601.52 | M52: 220320 | N52: 138375 | P52: 116446.05 | Q52: =+IF(M52="N/A","N/A",MIN(M52:P52)) -> 116446.05 | R52: =+IF(M52="N/A","N/A",ROUND(AVERAGE(M52:P52),0)) -> 158380 | S52: =+IF(Q52="N/A","N/A",AVERAGE(Q52:R52)) -> 137413.02 | U52: 200880 | V52: 92228.33 | X52: 77612.464 | Y52: =+IF(U52="N/A","N/A",MIN(U52:X52)) -> 77612.464 | Z52: =+IF(U52="N/A","N/A",ROUND(AVERAGE(U52:X52),0)) -> 123574 | AA52: =+IF(Y52="N/A","N/A",AVERAGE(Y52:Z52)) -> 100593.23 | AC52: 196560 | AD52: 91462.209 | AF52: 76967.754 | AG52: =+IF(AC52="N/A","N/A",MIN(AC52:AF52)) -> 76967.754 | AH52: =+IF(AC52="N/A","N/A",ROUND(AVERAGE(AC52:AF52),0)) -> 121663 | AI52: =+IF(AG52="N/A","N/A",AVERAGE(AG52:AH52)) -> 99315.377 | AK52: 226800 | AO52: =+IF(AK52="N/A","N/A",MIN(AK52:AN52)) -> 226800 | AP52: =+IF(AK52="N/A","N/A",ROUND(AVERAGE(AK52:AN52),0)) -> 226800 | AQ52: =+IF(AO52="N/A","N/A",AVERAGE(AO52:AP52)) -> 226800
A53: 39 | B53: Guardapolvo Brazo De Direccion | C53: 1 | E53: 108000 | F53: 55124.655 | H53: 46388.786 | I53: =+IF(E53="N/A","N/A",MIN(E53:H53)) -> 46388.786 | J53: =+IF(E53="N/A","N/A",ROUND(AVERAGE(E53:H53),0)) -> 69838 | K53: =+IF(I53="N/A","N/A",AVERAGE(I53:J53)) -> 58113.393 | M53: 110160 | N53: 64575 | P53: 54341.49 | Q53: =+IF(M53="N/A","N/A",MIN(M53:P53)) -> 54341.49 | R53: =+IF(M53="N/A","N/A",ROUND(AVERAGE(M53:P53),0)) -> 76359 | S53: =+IF(Q53="N/A","N/A",AVERAGE(Q53:R53)) -> 65350.245 | U53: 100440 | V53: 54169.675 | X53: 45585.147 | Y53: =+IF(U53="N/A","N/A",MIN(U53:X53)) -> 45585.147 | Z53: =+IF(U53="N/A","N/A",ROUND(AVERAGE(U53:X53),0)) -> 66732 | AA53: =+IF(Y53="N/A","N/A",AVERAGE(Y53:Z53)) -> 56158.573 | AC53: N/A | AD53: N/A | AE53: N/A | AF53: N/A | AG53: N/A | AH53: N/A | AI53: N/A | AK53: 113400 | AO53: =+IF(AK53="N/A","N/A",MIN(AK53:AN53)) -> 113400 | AP53: =+IF(AK53="N/A","N/A",ROUND(AVERAGE(AK53:AN53),0)) -> 113400 | AQ53: =+IF(AO53="N/A","N/A",AVERAGE(AO53:AP53)) -> 113400
A54: 40 | B54: Buje Colgante De Muelle | C54: 1 | E54: 156000 | F54: 111036.63 | H54: 93440.121 | I54: =+IF(E54="N/A","N/A",MIN(E54:H54)) -> 93440.121 | J54: =+IF(E54="N/A","N/A",ROUND(AVERAGE(E54:H54),0)) -> 120159 | K54: =+IF(I54="N/A","N/A",AVERAGE(I54:J54)) -> 106799.56 | M54: 159120 | N54: 150675 | P54: 126796.81 | Q54: =+IF(M54="N/A","N/A",MIN(M54:P54)) -> 126796.81 | R54: =+IF(M54="N/A","N/A",ROUND(AVERAGE(M54:P54),0)) -> 145531 | S54: =+IF(Q54="N/A","N/A",AVERAGE(Q54:R54)) -> 136163.9 | U54: N/A | V54: N/A | W54: N/A | X54: N/A | Y54: N/A | Z54: N/A | AA54: N/A | AC54: N/A | AD54: N/A | AE54: N/A | AF54: N/A | AG54: N/A | AH54: N/A | AI54: N/A | AK54: 163800 | AO54: =+IF(AK54="N/A","N/A",MIN(AK54:AN54)) -> 163800 | AP54: =+IF(AK54="N/A","N/A",ROUND(AVERAGE(AK54:AN54),0)) -> 163800 | AQ54: =+IF(AO54="N/A","N/A",AVERAGE(AO54:AP54)) -> 163800
A55: 41 | B55: Bujes Muelles Traseros | C55: 1 | E55: 384000 | F55: 161637.82 | H55: 136022.3 | I55: =+IF(E55="N/A","N/A",MIN(E55:H55)) -> 136022.3 | J55: =+IF(E55="N/A","N/A",ROUND(AVERAGE(E55:H55),0)) -> 227220 | K55: =+IF(I55="N/A","N/A",AVERAGE(I55:J55)) -> 181621.15 | M55: 391680 | N55: 209100 | P55: 175962.92 | Q55: =+IF(M55="N/A","N/A",MIN(M55:P55)) -> 175962.92 | R55: =+IF(M55="N/A","N/A",ROUND(AVERAGE(M55:P55),0)) -> 258914 | S55: =+IF(Q55="N/A","N/A",AVERAGE(Q55:R55)) -> 217438.46 | U55: N/A | V55: N/A | W55: N/A | X55: N/A | Y55: N/A | Z55: N/A | AA55: N/A | AC55: N/A | AD55: N/A | AE55: N/A | AF55: N/A | AG55: N/A | AH55: N/A | AI55: N/A | AK55: 403200 | AO55: =+IF(AK55="N/A","N/A",MIN(AK55:AN55)) -> 403200 | AP55: =+IF(AK55="N/A","N/A",ROUND(AVERAGE(AK55:AN55),0)) -> 403200 | AQ55: =+IF(AO55="N/A","N/A",AVERAGE(AO55:AP55)) -> 403200
A56: 42 | B56: Antiruido De Muelles | C56: 1 | E56: 240000 | F56: 78463.768 | H56: 66029.238 | I56: =+IF(E56="N/A","N/A",MIN(E56:H56)) -> 66029.238 | J56: =+IF(E56="N/A","N/A",ROUND(AVERAGE(E56:H56),0)) -> 128164 | K56: =+IF(I56="N/A","N/A",AVERAGE(I56:J56)) -> 97096.619 | M56: 244800 | N56: 98400 | P56: 82806.08 | Q56: =+IF(M56="N/A","N/A",MIN(M56:P56)) -> 82806.08 | R56: =+IF(M56="N/A","N/A",ROUND(AVERAGE(M56:P56),0)) -> 142002 | S56: =+IF(Q56="N/A","N/A",AVERAGE(Q56:R56)) -> 112404.04 | U56: N/A | V56: N/A | W56: N/A | X56: N/A | Y56: N/A | Z56: N/A | AA56: N/A | AC56: N/A | AD56: N/A | AE56: N/A | AF56: N/A | AG56: N/A | AH56: N/A | AI56: N/A | AK56: 252000 | AO56: =+IF(AK56="N/A","N/A",MIN(AK56:AN56)) -> 252000 | AP56: =+IF(AK56="N/A","N/A",ROUND(AVERAGE(AK56:AN56),0)) -> 252000 | AQ56: =+IF(AO56="N/A","N/A",AVERAGE(AO56:AP56)) -> 252000
A57: 43 | B57: Brazo Auxiliar | C57: 1 | E57: N/A | F57: N/A | G57: N/A | H57: N/A | I57: N/A | J57: N/A | K57: N/A | M57: N/A | N57: N/A | O57: N/A | P57: N/A | Q57: N/A | R57: N/A | S57: N/A | U57: N/A | V57: N/A | W57: N/A | X57: N/A | Y57: N/A | Z57: N/A | AA57: N/A | AC57: N/A | AD57: N/A | AE57: N/A | AF57: N/A | AG57: N/A | AH57: N/A | AI57: N/A | AK57: 854111 | AO57: =+IF(AK57="N/A","N/A",MIN(AK57:AN57)) -> 854111 | AP57: =+IF(AK57="N/A","N/A",ROUND(AVERAGE(AK57:AN57),0)) -> 854111 | AQ57: =+IF(AO57="N/A","N/A",AVERAGE(AO57:AP57)) -> 854111
A58: 44 | B58: Tijera Superior | C58: 1 | E58: 1284114 | F58: 727730.19 | H58: 612403.3 | I58: =+IF(E58="N/A","N/A",MIN(E58:H58)) -> 612403.3 | J58: =+IF(E58="N/A","N/A",ROUND(AVERAGE(E58:H58),0)) -> 874749 | K58: =+IF(I58="N/A","N/A",AVERAGE(I58:J58)) -> 743576.15 | M58: 1309796.3 | N58: 876375 | P58: 737491.65 | Q58: =+IF(M58="N/A","N/A",MIN(M58:P58)) -> 737491.65 | R58: =+IF(M58="N/A","N/A",ROUND(AVERAGE(M58:P58),0)) -> 974554 | S58: =+IF(Q58="N/A","N/A",AVERAGE(Q58:R58)) -> 856022.82 | U58: N/A | V58: N/A | W58: N/A | X58: N/A | Y58: N/A | Z58: N/A | AA58: N/A | AC58: N/A | AD58: N/A | AE58: N/A | AF58: N/A | AG58: N/A | AH58: N/A | AI58: N/A | AK58: 1348319.7 | AO58: =+IF(AK58="N/A","N/A",MIN(AK58:AN58)) -> 1348319.7 | AP58: =+IF(AK58="N/A","N/A",ROUND(AVERAGE(AK58:AN58),0)) -> 1348320 | AQ58: =+IF(AO58="N/A","N/A",AVERAGE(AO58:AP58)) -> 1348319.9
A59: 45 | B59: Tijera Inferior | C59: 1 | E59: 1284114 | F59: 745291.4 | H59: 627181.5 | I59: =+IF(E59="N/A","N/A",MIN(E59:H59)) -> 627181.5 | J59: =+IF(E59="N/A","N/A",ROUND(AVERAGE(E59:H59),0)) -> 885529 | K59: =+IF(I59="N/A","N/A",AVERAGE(I59:J59)) -> 756355.25 | M59: 1309796.3 | N59: 950175 | P59: 799596.21 | Q59: =+IF(M59="N/A","N/A",MIN(M59:P59)) -> 799596.21 | R59: =+IF(M59="N/A","N/A",ROUND(AVERAGE(M59:P59),0)) -> 1019856 | S59: =+IF(Q59="N/A","N/A",AVERAGE(Q59:R59)) -> 909726.1 | U59: 1194226 | V59: 698822.85 | X59: 588077.04 | Y59: =+IF(U59="N/A","N/A",MIN(U59:X59)) -> 588077.04 | Z59: =+IF(U59="N/A","N/A",ROUND(AVERAGE(U59:X59),0)) -> 827042 | AA59: =+IF(Y59="N/A","N/A",AVERAGE(Y59:Z59)) -> 707559.52 | AC59: 1168543.7 | AD59: 656895.81 | AF59: 552794.38 | AG59: =+IF(AC59="N/A","N/A",MIN(AC59:AF59)) -> 552794.38 | AH59: =+IF(AC59="N/A","N/A",ROUND(AVERAGE(AC59:AF59),0)) -> 792745 | AI59: =+IF(AG59="N/A","N/A",AVERAGE(AG59:AH59)) -> 672769.69 | AK59: 1348319.7 | AO59: =+IF(AK59="N/A","N/A",MIN(AK59:AN59)) -> 1348319.7 | AP59: =+IF(AK59="N/A","N/A",ROUND(AVERAGE(AK59:AN59),0)) -> 1348320 | AQ59: =+IF(AO59="N/A","N/A",AVERAGE(AO59:AP59)) -> 1348319.9
A60: 46 | B60: Base Superior Amortiguador Delantero | C60: 1 | E60: N/A | F60: N/A | G60: N/A | H60: N/A | I60: N/A | J60: N/A | K60: N/A | M60: N/A | N60: N/A | O60: N/A | P60: N/A | Q60: N/A | R60: N/A | S60: N/A | U60: 377263 | V60: 285975 | X60: 240655.17 | Y60: =+IF(U60="N/A","N/A",MIN(U60:X60)) -> 240655.17 | Z60: =+IF(U60="N/A","N/A",ROUND(AVERAGE(U60:X60),0)) -> 301298 | AA60: =+IF(Y60="N/A","N/A",AVERAGE(Y60:Z60)) -> 270976.59 | AC60: 329464 | AD60: 285975 | AF60: 240655.17 | AG60: =+IF(AC60="N/A","N/A",MIN(AC60:AF60)) -> 240655.17 | AH60: =+IF(AC60="N/A","N/A",ROUND(AVERAGE(AC60:AF60),0)) -> 285365 | AI60: =+IF(AG60="N/A","N/A",AVERAGE(AG60:AH60)) -> 263010.09 | AK60: 430746 | AO60: =+IF(AK60="N/A","N/A",MIN(AK60:AN60)) -> 430746 | AP60: =+IF(AK60="N/A","N/A",ROUND(AVERAGE(AK60:AN60),0)) -> 430746 | AQ60: =+IF(AO60="N/A","N/A",AVERAGE(AO60:AP60)) -> 430746
A61: 47 | B61: Base Superior Amortiguador Trasero | C61: 1 | E61: N/A | F61: N/A | G61: N/A | H61: N/A | I61: N/A | J61: N/A | K61: N/A | M61: N/A | N61: N/A | O61: N/A | P61: N/A | Q61: N/A | R61: N/A | S61: N/A | U61: 377263 | V61: 249075 | X61: 209602.89 | Y61: =+IF(U61="N/A","N/A",MIN(U61:X61)) -> 209602.89 | Z61: =+IF(U61="N/A","N/A",ROUND(AVERAGE(U61:X61),0)) -> 278647 | AA61: =+IF(Y61="N/A","N/A",AVERAGE(Y61:Z61)) -> 244124.95 | AC61: 329464 | AD61: 249075 | AF61: 209602.89 | AG61: =+IF(AC61="N/A","N/A",MIN(AC61:AF61)) -> 209602.89 | AH61: =+IF(AC61="N/A","N/A",ROUND(AVERAGE(AC61:AF61),0)) -> 262714 | AI61: =+IF(AG61="N/A","N/A",AVERAGE(AG61:AH61)) -> 236158.45 | AK61: 430746 | AO61: =+IF(AK61="N/A","N/A",MIN(AK61:AN61)) -> 430746 | AP61: =+IF(AK61="N/A","N/A",ROUND(AVERAGE(AK61:AN61),0)) -> 430746 | AQ61: =+IF(AO61="N/A","N/A",AVERAGE(AO61:AP61)) -> 430746
B62: SISTEMA DE TRANSMISIÓN
A63: 48 | B63: Guardapolvo Semieje | C63: 1 | E63: 192000 | F63: 115930.5 | H63: 97558.439 | I63: =+IF(E63="N/A","N/A",MIN(E63:H63)) -> 97558.439 | J63: =+IF(E63="N/A","N/A",ROUND(AVERAGE(E63:H63),0)) -> 135163 | K63: =+IF(I63="N/A","N/A",AVERAGE(I63:J63)) -> 116360.72 | M63: 195840 | N63: 141450 | P63: 119033.74 | Q63: =+IF(M63="N/A","N/A",MIN(M63:P63)) -> 119033.74 | R63: =+IF(M63="N/A","N/A",ROUND(AVERAGE(M63:P63),0)) -> 152108 | S63: =+IF(Q63="N/A","N/A",AVERAGE(Q63:R63)) -> 135570.87 | U63: 178560 | V63: 115930.5 | X63: 97558.439 | Y63: =+IF(U63="N/A","N/A",MIN(U63:X63)) -> 97558.439 | Z63: =+IF(U63="N/A","N/A",ROUND(AVERAGE(U63:X63),0)) -> 130683 | AA63: =+IF(Y63="N/A","N/A",AVERAGE(Y63:Z63)) -> 114120.72 | AC63: 174720 | AD63: 120232.41 | AF63: 101178.6 | AG63: =+IF(AC63="N/A","N/A",MIN(AC63:AF63)) -> 101178.6 | AH63: =+IF(AC63="N/A","N/A",ROUND(AVERAGE(AC63:AF63),0)) -> 132044 | AI63: =+IF(AG63="N/A","N/A",AVERAGE(AG63:AH63)) -> 116611.3 | AK63: 201600 | AO63: =+IF(AK63="N/A","N/A",MIN(AK63:AN63)) -> 201600 | AP63: =+IF(AK63="N/A","N/A",ROUND(AVERAGE(AK63:AN63),0)) -> 201600 | AQ63: =+IF(AO63="N/A","N/A",AVERAGE(AO63:AP63)) -> 201600
A64: 49 | B64: Cruceta | C64: 1 | E64: 301688.4 | F64: 214618 | H64: 180606.46 | I64: =+IF(E64="N/A","N/A",MIN(E64:H64)) -> 180606.46 | J64: =+IF(E64="N/A","N/A",ROUND(AVERAGE(E64:H64),0)) -> 232304 | K64: =+IF(I64="N/A","N/A",AVERAGE(I64:J64)) -> 206455.23 | M64: 307722.17 | N64: 351847.96 | P64: 296088.92 | Q64: =+IF(M64="N/A","N/A",MIN(M64:P64)) -> 296088.92 | R64: =+IF(M64="N/A","N/A",ROUND(AVERAGE(M64:P64),0)) -> 318553 | S64: =+IF(Q64="N/A","N/A",AVERAGE(Q64:R64)) -> 307320.96 | U64: 280570.21 | V64: 208248.04 | X64: 175245.97 | Y64: =+IF(U64="N/A","N/A",MIN(U64:X64)) -> 175245.97 | Z64: =+IF(U64="N/A","N/A",ROUND(AVERAGE(U64:X64),0)) -> 221355 | AA64: =+IF(Y64="N/A","N/A",AVERAGE(Y64:Z64)) -> 198300.49 | AC64: N/A | AD64: N/A | AE64: N/A | AF64: N/A | AG64: N/A | AH64: N/A | AI64: N/A | AK64: 316772.82 | AO64: =+IF(AK64="N/A","N/A",MIN(AK64:AN64)) -> 316772.82 | AP64: =+IF(AK64="N/A","N/A",ROUND(AVERAGE(AK64:AN64),0)) -> 316773 | AQ64: =+IF(AO64="N/A","N/A",AVERAGE(AO64:AP64)) -> 316772.91
A65: 50 | B65: Retenedor Eje De Cardan | C65: 1 | E65: 156000 | F65: 117159.16 | H65: 98592.386 | I65: =+IF(E65="N/A","N/A",MIN(E65:H65)) -> 98592.386 | J65: =+IF(E65="N/A","N/A",ROUND(AVERAGE(E65:H65),0)) -> 123917 | K65: =+IF(I65="N/A","N/A",AVERAGE(I65:J65)) -> 111254.69 | M65: 159120 | N65: 132225 | P65: 111270.67 | Q65: =+IF(M65="N/A","N/A",MIN(M65:P65)) -> 111270.67 | R65: =+IF(M65="N/A","N/A",ROUND(AVERAGE(M65:P65),0)) -> 134205 | S65: =+IF(Q65="N/A","N/A",AVERAGE(Q65:R65)) -> 122737.83 | U65: 145080 | V65: 117159.16 | X65: 98592.386 | Y65: =+IF(U65="N/A","N/A",MIN(U65:X65)) -> 98592.386 | Z65: =+IF(U65="N/A","N/A",ROUND(AVERAGE(U65:X65),0)) -> 120277 | AA65: =+IF(Y65="N/A","N/A",AVERAGE(Y65:Z65)) -> 109434.69 | AC65: N/A | AD65: N/A | AE65: N/A | AF65: N/A | AG65: N/A | AH65: N/A | AI65: N/A | AK65: 163800 | AO65: =+IF(AK65="N/A","N/A",MIN(AK65:AN65)) -> 163800 | AP65: =+IF(AK65="N/A","N/A",ROUND(AVERAGE(AK65:AN65),0)) -> 163800 | AQ65: =+IF(AO65="N/A","N/A",AVERAGE(AO65:AP65)) -> 163800
A66: 51 | B66: Retenedor Eje De La Doble | C66: 1 | E66: 156000 | F66: 135460.42 | H66: 113993.36 | I66: =+IF(E66="N/A","N/A",MIN(E66:H66)) -> 113993.36 | J66: =+IF(E66="N/A","N/A",ROUND(AVERAGE(E66:H66),0)) -> 135151 | K66: =+IF(I66="N/A","N/A",AVERAGE(I66:J66)) -> 124572.18 | M66: 159120 | N66: 209100 | P66: 175962.92 | Q66: =+IF(M66="N/A","N/A",MIN(M66:P66)) -> 159120 | R66: =+IF(M66="N/A","N/A",ROUND(AVERAGE(M66:P66),0)) -> 181394 | S66: =+IF(Q66="N/A","N/A",AVERAGE(Q66:R66)) -> 170257 | U66: 145080 | V66: 135460.42 | X66: 113993.36 | Y66: =+IF(U66="N/A","N/A",MIN(U66:X66)) -> 113993.36 | Z66: =+IF(U66="N/A","N/A",ROUND(AVERAGE(U66:X66),0)) -> 131511 | AA66: =+IF(Y66="N/A","N/A",AVERAGE(Y66:Z66)) -> 122752.18 | AC66: N/A | AD66: N/A | AE66: N/A | AF66: N/A | AG66: N/A | AH66: N/A | AI66: N/A | AK66: 163800 | AO66: =+IF(AK66="N/A","N/A",MIN(AK66:AN66)) -> 163800 | AP66: =+IF(AK66="N/A","N/A",ROUND(AVERAGE(AK66:AN66),0)) -> 163800 | AQ66: =+IF(AO66="N/A","N/A",AVERAGE(AO66:AP66)) -> 163800
B67: SISTEMA DE RODAMIENTOS
A68: 52 | B68: Retenedor Bocín Delantero | C68: 1 | E68: 132000 | F68: 88042.164 | H68: 74089.7 | I68: =+IF(E68="N/A","N/A",MIN(E68:H68)) -> 74089.7 | J68: =+IF(E68="N/A","N/A",ROUND(AVERAGE(E68:H68),0)) -> 98044 | K68: =+IF(I68="N/A","N/A",AVERAGE(I68:J68)) -> 86066.85 | M68: 134640 | N68: 126075 | P68: 106095.29 | Q68: =+IF(M68="N/A","N/A",MIN(M68:P68)) -> 106095.29 | R68: =+IF(M68="N/A","N/A",ROUND(AVERAGE(M68:P68),0)) -> 122270 | S68: =+IF(Q68="N/A","N/A",AVERAGE(Q68:R68)) -> 114182.65 | U68: 122760 | V68: 83942.164 | X68: 70639.447 | Y68: =+IF(U68="N/A","N/A",MIN(U68:X68)) -> 70639.447 | Z68: =+IF(U68="N/A","N/A",ROUND(AVERAGE(U68:X68),0)) -> 92447 | AA68: =+IF(Y68="N/A","N/A",AVERAGE(Y68:Z68)) -> 81543.223 | AC68: 120120 | AD68: 83360.784 | AF68: 70150.201 | AG68: =+IF(AC68="N/A","N/A",MIN(AC68:AF68)) -> 70150.201 | AH68: =+IF(AC68="N/A","N/A",ROUND(AVERAGE(AC68:AF68),0)) -> 91210 | AI68: =+IF(AG68="N/A","N/A",AVERAGE(AG68:AH68)) -> 80680.101 | AK68: 138600 | AO68: =+IF(AK68="N/A","N/A",MIN(AK68:AN68)) -> 138600 | AP68: =+IF(AK68="N/A","N/A",ROUND(AVERAGE(AK68:AN68),0)) -> 138600 | AQ68: =+IF(AO68="N/A","N/A",AVERAGE(AO68:AP68)) -> 138600
A69: 53 | B69: Retenedor Bocín Trasero | C69: 1 | E69: N/A | F69: N/A | G69: N/A | H69: N/A | I69: N/A | J69: N/A | K69: N/A | M69: N/A | N69: N/A | O69: N/A | P69: N/A | Q69: N/A | R69: N/A | S69: N/A | U69: N/A | V69: N/A | W69: N/A | X69: N/A | Y69: N/A | Z69: N/A | AA69: N/A | AC69: 190000 | AD69: 81310.784 | AF69: 68425.074 | AG69: =+IF(AC69="N/A","N/A",MIN(AC69:AF69)) -> 68425.074 | AH69: =+IF(AC69="N/A","N/A",ROUND(AVERAGE(AC69:AF69),0)) -> 113245 | AI69: =+IF(AG69="N/A","N/A",AVERAGE(AG69:AH69)) -> 90835.037 | AK69: 380000 | AO69: =+IF(AK69="N/A","N/A",MIN(AK69:AN69)) -> 380000 | AP69: =+IF(AK69="N/A","N/A",ROUND(AVERAGE(AK69:AN69),0)) -> 380000 | AQ69: =+IF(AO69="N/A","N/A",AVERAGE(AO69:AP69)) -> 380000
A70: 54 | B70: Retenedor Interno | C70: 1 | E70: 96000 | F70: 84807.777 | H70: 71367.882 | I70: =+IF(E70="N/A","N/A",MIN(E70:H70)) -> 71367.882 | J70: =+IF(E70="N/A","N/A",ROUND(AVERAGE(E70:H70),0)) -> 84059 | K70: =+IF(I70="N/A","N/A",AVERAGE(I70:J70)) -> 77713.441 | M70: 97920 | N70: 104550 | P70: 87981.46 | Q70: =+IF(M70="N/A","N/A",MIN(M70:P70)) -> 87981.46 | R70: =+IF(M70="N/A","N/A",ROUND(AVERAGE(M70:P70),0)) -> 96817 | S70: =+IF(Q70="N/A","N/A",AVERAGE(Q70:R70)) -> 92399.23 | U70: 89280 | V70: 84807.777 | X70: 71367.882 | Y70: =+IF(U70="N/A","N/A",MIN(U70:X70)) -> 71367.882 | Z70: =+IF(U70="N/A","N/A",ROUND(AVERAGE(U70:X70),0)) -> 81819 | AA70: =+IF(Y70="N/A","N/A",AVERAGE(Y70:Z70)) -> 76593.441 | AC70: 87360 | AD70: 84317.377 | AF70: 70955.198 | AG70: =+IF(AC70="N/A","N/A",MIN(AC70:AF70)) -> 70955.198 | AH70: =+IF(AC70="N/A","N/A",ROUND(AVERAGE(AC70:AF70),0)) -> 80878 | AI70: =+IF(AG70="N/A","N/A",AVERAGE(AG70:AH70)) -> 75916.599 | AK70: 100800 | AO70: =+IF(AK70="N/A","N/A",MIN(AK70:AN70)) -> 100800 | AP70: =+IF(AK70="N/A","N/A",ROUND(AVERAGE(AK70:AN70),0)) -> 100800 | AQ70: =+IF(AO70="N/A","N/A",AVERAGE(AO70:AP70)) -> 100800
A71: 55 | B71: Retenedor Externo | C71: 1 | E71: 96000 | F71: 92895.806 | H71: 78174.162 | I71: =+IF(E71="N/A","N/A",MIN(E71:H71)) -> 78174.162 | J71: =+IF(E71="N/A","N/A",ROUND(AVERAGE(E71:H71),0)) -> 89023 | K71: =+IF(I71="N/A","N/A",AVERAGE(I71:J71)) -> 83598.581 | M71: 97920 | N71: 104550 | P71: 87981.46 | Q71: =+IF(M71="N/A","N/A",MIN(M71:P71)) -> 87981.46 | R71: =+IF(M71="N/A","N/A",ROUND(AVERAGE(M71:P71),0)) -> 96817 | S71: =+IF(Q71="N/A","N/A",AVERAGE(Q71:R71)) -> 92399.23 | U71: 89280 | V71: 92895.806 | X71: 78174.162 | Y71: =+IF(U71="N/A","N/A",MIN(U71:X71)) -> 78174.162 | Z71: =+IF(U71="N/A","N/A",ROUND(AVERAGE(U71:X71),0)) -> 86783 | AA71: =+IF(Y71="N/A","N/A",AVERAGE(Y71:Z71)) -> 82478.581 | AC71: 87360 | AD71: 92671.781 | AF71: 77985.639 | AG71: =+IF(AC71="N/A","N/A",MIN(AC71:AF71)) -> 77985.639 | AH71: =+IF(AC71="N/A","N/A",ROUND(AVERAGE(AC71:AF71),0)) -> 86006 | AI71: =+IF(AG71="N/A","N/A",AVERAGE(AG71:AH71)) -> 81995.819 | AK71: 100800 | AO71: =+IF(AK71="N/A","N/A",MIN(AK71:AN71)) -> 100800 | AP71: =+IF(AK71="N/A","N/A",ROUND(AVERAGE(AK71:AN71),0)) -> 100800 | AQ71: =+IF(AO71="N/A","N/A",AVERAGE(AO71:AP71)) -> 100800
A72: 56 | B72: Rodamiento Delantero | C72: 1 | E72: 384000 | F72: 382306.19 | H72: 321720.3 | I72: =+IF(E72="N/A","N/A",MIN(E72:H72)) -> 321720.3 | J72: =+IF(E72="N/A","N/A",ROUND(AVERAGE(E72:H72),0)) -> 362675 | K72: =+IF(I72="N/A","N/A",AVERAGE(I72:J72)) -> 342197.65 | M72: 391680 | N72: 415125 | P72: 349338.15 | Q72: =+IF(M72="N/A","N/A",MIN(M72:P72)) -> 349338.15 | R72: =+IF(M72="N/A","N/A",ROUND(AVERAGE(M72:P72),0)) -> 385381 | S72: =+IF(Q72="N/A","N/A",AVERAGE(Q72:R72)) -> 367359.58 | U72: 357120 | V72: 359001.55 | X72: 302108.85 | Y72: =+IF(U72="N/A","N/A",MIN(U72:X72)) -> 302108.85 | Z72: =+IF(U72="N/A","N/A",ROUND(AVERAGE(U72:X72),0)) -> 339410 | AA72: =+IF(Y72="N/A","N/A",AVERAGE(Y72:Z72)) -> 320759.43 | AC72: 349440 | AD72: 252341.75 | AF72: 212351.95 | AG72: =+IF(AC72="N/A","N/A",MIN(AC72:AF72)) -> 212351.95 | AH72: =+IF(AC72="N/A","N/A",ROUND(AVERAGE(AC72:AF72),0)) -> 271378 | AI72: =+IF(AG72="N/A","N/A",AVERAGE(AG72:AH72)) -> 241864.97 | AK72: 403200 | AO72: =+IF(AK72="N/A","N/A",MIN(AK72:AN72)) -> 403200 | AP72: =+IF(AK72="N/A","N/A",ROUND(AVERAGE(AK72:AN72),0)) -> 403200 | AQ72: =+IF(AO72="N/A","N/A",AVERAGE(AO72:AP72)) -> 403200
A73: 57 | B73: Rodamiento Trasero | C73: 1 | E73: 360000 | F73: 327392.99 | H73: 275509.45 | I73: =+IF(E73="N/A","N/A",MIN(E73:H73)) -> 275509.45 | J73: =+IF(E73="N/A","N/A",ROUND(AVERAGE(E73:H73),0)) -> 320967 | K73: =+IF(I73="N/A","N/A",AVERAGE(I73:J73)) -> 298238.22 | M73: 367200 | N73: 384375 | P73: 323461.25 | Q73: =+IF(M73="N/A","N/A",MIN(M73:P73)) -> 323461.25 | R73: =+IF(M73="N/A","N/A",ROUND(AVERAGE(M73:P73),0)) -> 358345 | S73: =+IF(Q73="N/A","N/A",AVERAGE(Q73:R73)) -> 340903.12 | U73: 334800 | V73: 319192.99 | X73: 268608.94 | Y73: =+IF(U73="N/A","N/A",MIN(U73:X73)) -> 268608.94 | Z73: =+IF(U73="N/A","N/A",ROUND(AVERAGE(U73:X73),0)) -> 307534 | AA73: =+IF(Y73="N/A","N/A",AVERAGE(Y73:Z73)) -> 288071.47 | AC73: 327600 | AD73: 257872.64 | AF73: 217006.33 | AG73: =+IF(AC73="N/A","N/A",MIN(AC73:AF73)) -> 217006.33 | AH73: =+IF(AC73="N/A","N/A",ROUND(AVERAGE(AC73:AF73),0)) -> 267493 | AI73: =+IF(AG73="N/A","N/A",AVERAGE(AG73:AH73)) -> 242249.66 | AK73: 378000 | AO73: =+IF(AK73="N/A","N/A",MIN(AK73:AN73)) -> 378000 | AP73: =+IF(AK73="N/A","N/A",ROUND(AVERAGE(AK73:AN73),0)) -> 378000 | AQ73: =+IF(AO73="N/A","N/A",AVERAGE(AO73:AP73)) -> 378000
A74: 58 | B74: Esparrago Ruedas | C74: 1 | E74: 42000 | F74: 27070.369 | H74: 22780.398 | I74: =+IF(E74="N/A","N/A",MIN(E74:H74)) -> 22780.398 | J74: =+IF(E74="N/A","N/A",ROUND(AVERAGE(E74:H74),0)) -> 30617 | K74: =+IF(I74="N/A","N/A",AVERAGE(I74:J74)) -> 26698.699 | M74: 42840 | N74: 33825 | P74: 28464.59 | Q74: =+IF(M74="N/A","N/A",MIN(M74:P74)) -> 28464.59 | R74: =+IF(M74="N/A","N/A",ROUND(AVERAGE(M74:P74),0)) -> 35043 | S74: =+IF(Q74="N/A","N/A",AVERAGE(Q74:R74)) -> 31753.795 | U74: 39060 | V74: 27070.369 | X74: 22780.398 | Y74: =+IF(U74="N/A","N/A",MIN(U74:X74)) -> 22780.398 | Z74: =+IF(U74="N/A","N/A",ROUND(AVERAGE(U74:X74),0)) -> 29637 | AA74: =+IF(Y74="N/A","N/A",AVERAGE(Y74:Z74)) -> 26208.699 | AC74: 38220 | AD74: 26698.335 | AF74: 22467.321 | AG74: =+IF(AC74="N/A","N/A",MIN(AC74:AF74)) -> 22467.321 | AH74: =+IF(AC74="N/A","N/A",ROUND(AVERAGE(AC74:AF74),0)) -> 29129 | AI74: =+IF(AG74="N/A","N/A",AVERAGE(AG74:AH74)) -> 25798.161 | AK74: 44100 | AO74: =+IF(AK74="N/A","N/A",MIN(AK74:AN74)) -> 44100 | AP74: =+IF(AK74="N/A","N/A",ROUND(AVERAGE(AK74:AN74),0)) -> 44100 | AQ74: =+IF(AO74="N/A","N/A",AVERAGE(AO74:AP74)) -> 44100
A75: 59 | B75: Bocín Rueda Delantera | C75: 1 | E75: 700000 | F75: 450289.27 | H75: 378929.77 | I75: =+IF(E75="N/A","N/A",MIN(E75:H75)) -> 378929.77 | J75: =+IF(E75="N/A","N/A",ROUND(AVERAGE(E75:H75),0)) -> 509740 | K75: =+IF(I75="N/A","N/A",AVERAGE(I75:J75)) -> 444334.89 | M75: 714000 | N75: 482775 | P75: 406267.33 | Q75: =+IF(M75="N/A","N/A",MIN(M75:P75)) -> 406267.33 | R75: =+IF(M75="N/A","N/A",ROUND(AVERAGE(M75:P75),0)) -> 534347 | S75: =+IF(Q75="N/A","N/A",AVERAGE(Q75:R75)) -> 470307.17 | U75: 651000 | V75: 415439.27 | X75: 349602.62 | Y75: =+IF(U75="N/A","N/A",MIN(U75:X75)) -> 349602.62 | Z75: =+IF(U75="N/A","N/A",ROUND(AVERAGE(U75:X75),0)) -> 472014 | AA75: =+IF(Y75="N/A","N/A",AVERAGE(Y75:Z75)) -> 410808.31 | AC75: 637000 | AD75: 390059.96 | AF75: 328245.29 | AG75: =+IF(AC75="N/A","N/A",MIN(AC75:AF75)) -> 328245.29 | AH75: =+IF(AC75="N/A","N/A",ROUND(AVERAGE(AC75:AF75),0)) -> 451768 | AI75: =+IF(AG75="N/A","N/A",AVERAGE(AG75:AH75)) -> 390006.64 | AK75: 735000 | AO75: =+IF(AK75="N/A","N/A",MIN(AK75:AN75)) -> 735000 | AP75: =+IF(AK75="N/A","N/A",ROUND(AVERAGE(AK75:AN75),0)) -> 735000 | AQ75: =+IF(AO75="N/A","N/A",AVERAGE(AO75:AP75)) -> 735000
A76: 60 | B76: Bocín Rueda Trasera | C76: 1 | E76: N/A | F76: N/A | G76: N/A | H76: N/A | I76: N/A | J76: N/A | K76: N/A | M76: N/A | N76: N/A | O76: N/A | P76: N/A | Q76: N/A | R76: N/A | S76: N/A | U76: 450000 | V76: 618075 | X76: 520125.69 | Y76: =+IF(U76="N/A","N/A",MIN(U76:X76)) -> 450000 | Z76: =+IF(U76="N/A","N/A",ROUND(AVERAGE(U76:X76),0)) -> 529400 | AA76: =+IF(Y76="N/A","N/A",AVERAGE(Y76:Z76)) -> 489700 | AC76: 350000 | AD76: 581175 | AF76: 489073.41 | AG76: =+IF(AC76="N/A","N/A",MIN(AC76:AF76)) -> 350000 | AH76: =+IF(AC76="N/A","N/A",ROUND(AVERAGE(AC76:AF76),0)) -> 473416 | AI76: =+IF(AG76="N/A","N/A",AVERAGE(AG76:AH76)) -> 411708 | AK76: 760000 | AO76: =+IF(AK76="N/A","N/A",MIN(AK76:AN76)) -> 760000 | AP76: =+IF(AK76="N/A","N/A",ROUND(AVERAGE(AK76:AN76),0)) -> 760000 | AQ76: =+IF(AO76="N/A","N/A",AVERAGE(AO76:AP76)) -> 760000
A77: 61 | B77: Bocín Completo | C77: 1 | E77: 1200000 | F77: 678272.47 | H77: 570783.38 | I77: =+IF(E77="N/A","N/A",MIN(E77:H77)) -> 570783.38 | J77: =+IF(E77="N/A","N/A",ROUND(AVERAGE(E77:H77),0)) -> 816352 | K77: =+IF(I77="N/A","N/A",AVERAGE(I77:J77)) -> 693567.69 | M77: 1224000 | N77: 691875 | P77: 582230.25 | Q77: =+IF(M77="N/A","N/A",MIN(M77:P77)) -> 582230.25 | R77: =+IF(M77="N/A","N/A",ROUND(AVERAGE(M77:P77),0)) -> 832702 | S77: =+IF(Q77="N/A","N/A",AVERAGE(Q77:R77)) -> 707466.12 | U77: 1116000 | V77: 678272.47 | X77: 570783.38 | Y77: =+IF(U77="N/A","N/A",MIN(U77:X77)) -> 570783.38 | Z77: =+IF(U77="N/A","N/A",ROUND(AVERAGE(U77:X77),0)) -> 788352 | AA77: =+IF(Y77="N/A","N/A",AVERAGE(Y77:Z77)) -> 679567.69 | AC77: 1092000 | AD77: 635961.37 | AF77: 535177.52 | AG77: =+IF(AC77="N/A","N/A",MIN(AC77:AF77)) -> 535177.52 | AH77: =+IF(AC77="N/A","N/A",ROUND(AVERAGE(AC77:AF77),0)) -> 754380 | AI77: =+IF(AG77="N/A","N/A",AVERAGE(AG77:AH77)) -> 644778.76 | AK77: 1260000 | AO77: =+IF(AK77="N/A","N/A",MIN(AK77:AN77)) -> 1260000 | AP77: =+IF(AK77="N/A","N/A",ROUND(AVERAGE(AK77:AN77),0)) -> 1260000 | AQ77: =+IF(AO77="N/A","N/A",AVERAGE(AO77:AP77)) -> 1260000
B78: SISTEMA DE EMBRAGUE
A79: 62 | B79: Horquilla De Cambio | C79: 1 | E79: 960000 | F79: 342386.74 | H79: 288127.07 | I79: =+IF(E79="N/A","N/A",MIN(E79:H79)) -> 288127.07 | J79: =+IF(E79="N/A","N/A",ROUND(AVERAGE(E79:H79),0)) -> 530171 | K79: =+IF(I79="N/A","N/A",AVERAGE(I79:J79)) -> 409149.03 | M79: 979200 | N79: 421275 | P79: 354513.53 | Q79: =+IF(M79="N/A","N/A",MIN(M79:P79)) -> 354513.53 | R79: =+IF(M79="N/A","N/A",ROUND(AVERAGE(M79:P79),0)) -> 584996 | S79: =+IF(Q79="N/A","N/A",AVERAGE(Q79:R79)) -> 469754.77 | U79: 892800 | V79: 301386.74 | X79: 253624.53 | Y79: =+IF(U79="N/A","N/A",MIN(U79:X79)) -> 253624.53 | Z79: =+IF(U79="N/A","N/A",ROUND(AVERAGE(U79:X79),0)) -> 482604 | AA79: =+IF(Y79="N/A","N/A",AVERAGE(Y79:Z79)) -> 368114.27 | AC79: 873600 | AD79: 288548.65 | AF79: 242820.96 | AG79: =+IF(AC79="N/A","N/A",MIN(AC79:AF79)) -> 242820.96 | AH79: =+IF(AC79="N/A","N/A",ROUND(AVERAGE(AC79:AF79),0)) -> 468323 | AI79: =+IF(AG79="N/A","N/A",AVERAGE(AG79:AH79)) -> 355571.98 | AK79: 1008000 | AO79: =+IF(AK79="N/A","N/A",MIN(AK79:AN79)) -> 1008000 | AP79: =+IF(AK79="N/A","N/A",ROUND(AVERAGE(AK79:AN79),0)) -> 1008000 | AQ79: =+IF(AO79="N/A","N/A",AVERAGE(AO79:AP79)) -> 1008000
A80: 63 | B80: Retenedor Caja (Delantero) | C80: 1 | E80: 144000 | F80: 146519.77 | H80: 123300.08 | I80: =+IF(E80="N/A","N/A",MIN(E80:H80)) -> 123300.08 | J80: =+IF(E80="N/A","N/A",ROUND(AVERAGE(E80:H80),0)) -> 137940 | K80: =+IF(I80="N/A","N/A",AVERAGE(I80:J80)) -> 130620.04 | M80: 146880 | N80: 159900 | P80: 134559.88 | Q80: =+IF(M80="N/A","N/A",MIN(M80:P80)) -> 134559.88 | R80: =+IF(M80="N/A","N/A",ROUND(AVERAGE(M80:P80),0)) -> 147113 | S80: =+IF(Q80="N/A","N/A",AVERAGE(Q80:R80)) -> 140836.44 | U80: 133920 | V80: 146519.77 | X80: 123300.08 | Y80: =+IF(U80="N/A","N/A",MIN(U80:X80)) -> 123300.08 | Z80: =+IF(U80="N/A","N/A",ROUND(AVERAGE(U80:X80),0)) -> 134580 | AA80: =+IF(Y80="N/A","N/A",AVERAGE(Y80:Z80)) -> 128940.04 | AC80: 131040 | AD80: 115917.8 | AF80: 97547.748 | AG80: =+IF(AC80="N/A","N/A",MIN(AC80:AF80)) -> 97547.748 | AH80: =+IF(AC80="N/A","N/A",ROUND(AVERAGE(AC80:AF80),0)) -> 114835 | AI80: =+IF(AG80="N/A","N/A",AVERAGE(AG80:AH80)) -> 106191.37 | AK80: 151200 | AO80: =+IF(AK80="N/A","N/A",MIN(AK80:AN80)) -> 151200 | AP80: =+IF(AK80="N/A","N/A",ROUND(AVERAGE(AK80:AN80),0)) -> 151200 | AQ80: =+IF(AO80="N/A","N/A",AVERAGE(AO80:AP80)) -> 151200
A81: 64 | B81: Retenedor Caja (Trasero) | C81: 1 | E81: 144000 | F81: 137170.05 | H81: 115432.05 | I81: =+IF(E81="N/A","N/A",MIN(E81:H81)) -> 115432.05 | J81: =+IF(E81="N/A","N/A",ROUND(AVERAGE(E81:H81),0)) -> 132201 | K81: =+IF(I81="N/A","N/A",AVERAGE(I81:J81)) -> 123816.53 | M81: 146880 | N81: 159900 | P81: 134559.88 | Q81: =+IF(M81="N/A","N/A",MIN(M81:P81)) -> 134559.88 | R81: =+IF(M81="N/A","N/A",ROUND(AVERAGE(M81:P81),0)) -> 147113 | S81: =+IF(Q81="N/A","N/A",AVERAGE(Q81:R81)) -> 140836.44 | U81: 133920 | V81: 137170.05 | X81: 115432.05 | Y81: =+IF(U81="N/A","N/A",MIN(U81:X81)) -> 115432.05 | Z81: =+IF(U81="N/A","N/A",ROUND(AVERAGE(U81:X81),0)) -> 128841 | AA81: =+IF(Y81="N/A","N/A",AVERAGE(Y81:Z81)) -> 122136.53 | AC81: 131040 | AD81: 114315.26 | AF81: 96199.168 | AG81: =+IF(AC81="N/A","N/A",MIN(AC81:AF81)) -> 96199.168 | AH81: =+IF(AC81="N/A","N/A",ROUND(AVERAGE(AC81:AF81),0)) -> 113851 | AI81: =+IF(AG81="N/A","N/A",AVERAGE(AG81:AH81)) -> 105025.08 | AK81: 151200 | AO81: =+IF(AK81="N/A","N/A",MIN(AK81:AN81)) -> 151200 | AP81: =+IF(AK81="N/A","N/A",ROUND(AVERAGE(AK81:AN81),0)) -> 151200 | AQ81: =+IF(AO81="N/A","N/A",AVERAGE(AO81:AP81)) -> 151200
A82: 65 | B82: Kit Embrague (Prensa, disco y balinera) | C82: 1 | E82: 3000000 | F82: 1983473.1 | H82: 1669142.6 | I82: =+IF(E82="N/A","N/A",MIN(E82:H82)) -> 1669142.6 | J82: =+IF(E82="N/A","N/A",ROUND(AVERAGE(E82:H82),0)) -> 2217539 | K82: =+IF(I82="N/A","N/A",AVERAGE(I82:J82)) -> 1943340.8 | M82: 3060000 | N82: 2521500 | P82: 2121905.8 | Q82: =+IF(M82="N/A","N/A",MIN(M82:P82)) -> 2121905.8 | R82: =+IF(M82="N/A","N/A",ROUND(AVERAGE(M82:P82),0)) -> 2567802 | S82: =+IF(Q82="N/A","N/A",AVERAGE(Q82:R82)) -> 2344853.9 | U82: 2790000 | V82: 1839973.1 | X82: 1548383.8 | Y82: =+IF(U82="N/A","N/A",MIN(U82:X82)) -> 1548383.8 | Z82: =+IF(U82="N/A","N/A",ROUND(AVERAGE(U82:X82),0)) -> 2059452 | AA82: =+IF(Y82="N/A","N/A",AVERAGE(Y82:Z82)) -> 1803917.9 | AC82: 2730000 | AD82: 1399247 | AF82: 1177501.6 | AG82: =+IF(AC82="N/A","N/A",MIN(AC82:AF82)) -> 1177501.6 | AH82: =+IF(AC82="N/A","N/A",ROUND(AVERAGE(AC82:AF82),0)) -> 1768916 | AI82: =+IF(AG82="N/A","N/A",AVERAGE(AG82:AH82)) -> 1473208.8 | AK82: 3150000 | AO82: =+IF(AK82="N/A","N/A",MIN(AK82:AN82)) -> 3150000 | AP82: =+IF(AK82="N/A","N/A",ROUND(AVERAGE(AK82:AN82),0)) -> 3150000 | AQ82: =+IF(AO82="N/A","N/A",AVERAGE(AO82:AP82)) -> 3150000
A83: 66 | B83: Balinera Piloto | C83: 1 | E83: 132000 | F83: 87964.306 | H83: 74024.181 | I83: =+IF(E83="N/A","N/A",MIN(E83:H83)) -> 74024.181 | J83: =+IF(E83="N/A","N/A",ROUND(AVERAGE(E83:H83),0)) -> 97996 | K83: =+IF(I83="N/A","N/A",AVERAGE(I83:J83)) -> 86010.09 | M83: 134640 | N83: 116850 | P83: 98332.22 | Q83: =+IF(M83="N/A","N/A",MIN(M83:P83)) -> 98332.22 | R83: =+IF(M83="N/A","N/A",ROUND(AVERAGE(M83:P83),0)) -> 116607 | S83: =+IF(Q83="N/A","N/A",AVERAGE(Q83:R83)) -> 107469.61 | U83: N/A | V83: N/A | W83: N/A | X83: N/A | Y83: N/A | Z83: N/A | AA83: N/A | AC83: 120120 | AD83: 87178.498 | AF83: 73362.903 | AG83: =+IF(AC83="N/A","N/A",MIN(AC83:AF83)) -> 73362.903 | AH83: =+IF(AC83="N/A","N/A",ROUND(AVERAGE(AC83:AF83),0)) -> 93554 | AI83: =+IF(AG83="N/A","N/A",AVERAGE(AG83:AH83)) -> 83458.452 | AK83: 138600 | AO83: =+IF(AK83="N/A","N/A",MIN(AK83:AN83)) -> 138600 | AP83: =+IF(AK83="N/A","N/A",ROUND(AVERAGE(AK83:AN83),0)) -> 138600 | AQ83: =+IF(AO83="N/A","N/A",AVERAGE(AO83:AP83)) -> 138600
A84: 67 | B84: Soporte Transmisión y/o Caja. | C84: 1 | E84: 336000 | F84: 261889.16 | H84: 220386.33 | I84: =+IF(E84="N/A","N/A",MIN(E84:H84)) -> 220386.33 | J84: =+IF(E84="N/A","N/A",ROUND(AVERAGE(E84:H84),0)) -> 272758 | K84: =+IF(I84="N/A","N/A",AVERAGE(I84:J84)) -> 246572.16 | M84: 342720 | N84: 316725 | P84: 266532.07 | Q84: =+IF(M84="N/A","N/A",MIN(M84:P84)) -> 266532.07 | R84: =+IF(M84="N/A","N/A",ROUND(AVERAGE(M84:P84),0)) -> 308659 | S84: =+IF(Q84="N/A","N/A",AVERAGE(Q84:R84)) -> 287595.54 | U84: 312480 | V84: 270089.16 | X84: 227286.84 | Y84: =+IF(U84="N/A","N/A",MIN(U84:X84)) -> 227286.84 | Z84: =+IF(U84="N/A","N/A",ROUND(AVERAGE(U84:X84),0)) -> 269952 | AA84: =+IF(Y84="N/A","N/A",AVERAGE(Y84:Z84)) -> 248619.42 | AC84: 305760 | AD84: 254885.66 | AF84: 214492.7 | AG84: =+IF(AC84="N/A","N/A",MIN(AC84:AF84)) -> 214492.7 | AH84: =+IF(AC84="N/A","N/A",ROUND(AVERAGE(AC84:AF84),0)) -> 258379 | AI84: =+IF(AG84="N/A","N/A",AVERAGE(AG84:AH84)) -> 236435.85 | AK84: 352800 | AO84: =+IF(AK84="N/A","N/A",MIN(AK84:AN84)) -> 352800 | AP84: =+IF(AK84="N/A","N/A",ROUND(AVERAGE(AK84:AN84),0)) -> 352800 | AQ84: =+IF(AO84="N/A","N/A",AVERAGE(AO84:AP84)) -> 352800
A85: 68 | B85: Retenedor De Transfer | C85: 1 | E85: 120000 | F85: 119540 | H85: 100595.93 | I85: =+IF(E85="N/A","N/A",MIN(E85:H85)) -> 100595.93 | J85: =+IF(E85="N/A","N/A",ROUND(AVERAGE(E85:H85),0)) -> 113379 | K85: =+IF(I85="N/A","N/A",AVERAGE(I85:J85)) -> 106987.46 | M85: 122400 | N85: 123000 | P85: 103507.6 | Q85: =+IF(M85="N/A","N/A",MIN(M85:P85)) -> 103507.6 | R85: =+IF(M85="N/A","N/A",ROUND(AVERAGE(M85:P85),0)) -> 116303 | S85: =+IF(Q85="N/A","N/A",AVERAGE(Q85:R85)) -> 109905.3 | U85: 111600 | V85: 119540 | X85: 100595.93 | Y85: =+IF(U85="N/A","N/A",MIN(U85:X85)) -> 100595.93 | Z85: =+IF(U85="N/A","N/A",ROUND(AVERAGE(U85:X85),0)) -> 110579 | AA85: =+IF(Y85="N/A","N/A",AVERAGE(Y85:Z85)) -> 105587.46 | AC85: N/A | AD85: N/A | AE85: N/A | AF85: N/A | AG85: N/A | AH85: N/A | AI85: N/A | AK85: 126000 | AO85: =+IF(AK85="N/A","N/A",MIN(AK85:AN85)) -> 126000 | AP85: =+IF(AK85="N/A","N/A",ROUND(AVERAGE(AK85:AN85),0)) -> 126000 | AQ85: =+IF(AO85="N/A","N/A",AVERAGE(AO85:AP85)) -> 126000
A86: 69 | B86: Balinera Volante | C86: 1 | E86: N/A | F86: N/A | G86: N/A | H86: N/A | I86: N/A | J86: N/A | K86: N/A | M86: N/A | N86: N/A | O86: N/A | P86: N/A | Q86: N/A | R86: N/A | S86: N/A | U86: N/A | V86: N/A | W86: N/A | X86: N/A | Y86: N/A | Z86: N/A | AA86: N/A | AC86: N/A | AD86: N/A | AE86: N/A | AF86: N/A | AG86: N/A | AH86: N/A | AI86: N/A | AK86: 1292631 | AO86: =+IF(AK86="N/A","N/A",MIN(AK86:AN86)) -> 1292631 | AP86: =+IF(AK86="N/A","N/A",ROUND(AVERAGE(AK86:AN86),0)) -> 1292631 | AQ86: =+IF(AO86="N/A","N/A",AVERAGE(AO86:AP86)) -> 1292631
A87: 70 | B87: Balinera Clutch | C87: 1 | E87: 216000 | F87: 148275.78 | H87: 124777.81 | I87: =+IF(E87="N/A","N/A",MIN(E87:H87)) -> 124777.81 | J87: =+IF(E87="N/A","N/A",ROUND(AVERAGE(E87:H87),0)) -> 163018 | K87: =+IF(I87="N/A","N/A",AVERAGE(I87:J87)) -> 143897.9 | M87: 220320 | N87: 138375 | P87: 116446.05 | Q87: =+IF(M87="N/A","N/A",MIN(M87:P87)) -> 116446.05 | R87: =+IF(M87="N/A","N/A",ROUND(AVERAGE(M87:P87),0)) -> 158380 | S87: =+IF(Q87="N/A","N/A",AVERAGE(Q87:R87)) -> 137413.02 | U87: 200880 | V87: 148275.78 | X87: 124777.81 | Y87: =+IF(U87="N/A","N/A",MIN(U87:X87)) -> 124777.81 | Z87: =+IF(U87="N/A","N/A",ROUND(AVERAGE(U87:X87),0)) -> 157978 | AA87: =+IF(Y87="N/A","N/A",AVERAGE(Y87:Z87)) -> 141377.9 | AC87: 196560 | AD87: 141958.53 | AF87: 119461.68 | AG87: =+IF(AC87="N/A","N/A",MIN(AC87:AF87)) -> 119461.68 | AH87: =+IF(AC87="N/A","N/A",ROUND(AVERAGE(AC87:AF87),0)) -> 152660 | AI87: =+IF(AG87="N/A","N/A",AVERAGE(AG87:AH87)) -> 136060.84 | AK87: 226800 | AO87: =+IF(AK87="N/A","N/A",MIN(AK87:AN87)) -> 226800 | AP87: =+IF(AK87="N/A","N/A",ROUND(AVERAGE(AK87:AN87),0)) -> 226800 | AQ87: =+IF(AO87="N/A","N/A",AVERAGE(AO87:AP87)) -> 226800
A88: 71 | B88: Bomba Auxiliar Clucth | C88: 1 | E88: 654223.2 | F88: 377752.12 | H88: 317887.93 | I88: =+IF(E88="N/A","N/A",MIN(E88:H88)) -> 317887.93 | J88: =+IF(E88="N/A","N/A",ROUND(AVERAGE(E88:H88),0)) -> 449954 | K88: =+IF(I88="N/A","N/A",AVERAGE(I88:J88)) -> 383920.96 | M88: 667307.66 | N88: 398269.7 | P88: 335153.99 | Q88: =+IF(M88="N/A","N/A",MIN(M88:P88)) -> 335153.99 | R88: =+IF(M88="N/A","N/A",ROUND(AVERAGE(M88:P88),0)) -> 466910 | S88: =+IF(Q88="N/A","N/A",AVERAGE(Q88:R88)) -> 401031.99 | U88: 608427.58 | V88: 331588.99 | X88: 279040.49 | Y88: =+IF(U88="N/A","N/A",MIN(U88:X88)) -> 279040.49 | Z88: =+IF(U88="N/A","N/A",ROUND(AVERAGE(U88:X88),0)) -> 406352 | AA88: =+IF(Y88="N/A","N/A",AVERAGE(Y88:Z88)) -> 342696.25 | AC88: 595343.11 | AD88: 190067.3 | AF88: 159946.42 | AG88: =+IF(AC88="N/A","N/A",MIN(AC88:AF88)) -> 159946.42 | AH88: =+IF(AC88="N/A","N/A",ROUND(AVERAGE(AC88:AF88),0)) -> 315119 | AI88: =+IF(AG88="N/A","N/A",AVERAGE(AG88:AH88)) -> 237532.71 | AK88: 686934.36 | AO88: =+IF(AK88="N/A","N/A",MIN(AK88:AN88)) -> 686934.36 | AP88: =+IF(AK88="N/A","N/A",ROUND(AVERAGE(AK88:AN88),0)) -> 686934 | AQ88: =+IF(AO88="N/A","N/A",AVERAGE(AO88:AP88)) -> 686934.18
A89: 72 | B89: Bomba Principal Clucth | C89: 1 | E89: 816932.4 | F89: 455688.73 | H89: 383473.56 | I89: =+IF(E89="N/A","N/A",MIN(E89:H89)) -> 383473.56 | J89: =+IF(E89="N/A","N/A",ROUND(AVERAGE(E89:H89),0)) -> 552032 | K89: =+IF(I89="N/A","N/A",AVERAGE(I89:J89)) -> 467752.78 | M89: 833271.05 | N89: 486088.93 | P89: 409056.08 | Q89: =+IF(M89="N/A","N/A",MIN(M89:P89)) -> 409056.08 | R89: =+IF(M89="N/A","N/A",ROUND(AVERAGE(M89:P89),0)) -> 576139 | S89: =+IF(Q89="N/A","N/A",AVERAGE(Q89:R89)) -> 492597.54 | U89: 759747.13 | V89: 437737.09 | X89: 368366.79 | Y89: =+IF(U89="N/A","N/A",MIN(U89:X89)) -> 368366.79 | Z89: =+IF(U89="N/A","N/A",ROUND(AVERAGE(U89:X89),0)) -> 521950 | AA89: =+IF(Y89="N/A","N/A",AVERAGE(Y89:Z89)) -> 445158.4 | AC89: 743408.48 | AD89: 209528.19 | AF89: 176323.25 | AG89: =+IF(AC89="N/A","N/A",MIN(AC89:AF89)) -> 176323.25 | AH89: =+IF(AC89="N/A","N/A",ROUND(AVERAGE(AC89:AF89),0)) -> 376420 | AI89: =+IF(AG89="N/A","N/A",AVERAGE(AG89:AH89)) -> 276371.63 | AK89: 857779.02 | AO89: =+IF(AK89="N/A","N/A",MIN(AK89:AN89)) -> 857779.02 | AP89: =+IF(AK89="N/A","N/A",ROUND(AVERAGE(AK89:AN89),0)) -> 857779 | AQ89: =+IF(AO89="N/A","N/A",AVERAGE(AO89:AP89)) -> 857779.01
B90: SISTEMA ELÉCTRICO
A91: 73 | B91: Pito | C91: 1 | E91: 186436.8 | F91: 130637.66 | H91: 109934.88 | I91: =+IF(E91="N/A","N/A",MIN(E91:H91)) -> 109934.88 | J91: =+IF(E91="N/A","N/A",ROUND(AVERAGE(E91:H91),0)) -> 142336 | K91: =+IF(I91="N/A","N/A",AVERAGE(I91:J91)) -> 126135.44 | M91: 190165.54 | N91: 232498.29 | P91: 195653.17 | Q91: =+IF(M91="N/A","N/A",MIN(M91:P91)) -> 190165.54 | R91: =+IF(M91="N/A","N/A",ROUND(AVERAGE(M91:P91),0)) -> 206106 | S91: =+IF(Q91="N/A","N/A",AVERAGE(Q91:R91)) -> 198135.77 | U91: 173386.22 | V91: 125745.05 | X91: 105817.63 | Y91: =+IF(U91="N/A","N/A",MIN(U91:X91)) -> 105817.63 | Z91: =+IF(U91="N/A","N/A",ROUND(AVERAGE(U91:X91),0)) -> 134983 | AA91: =+IF(Y91="N/A","N/A",AVERAGE(Y91:Z91)) -> 120400.32 | AC91: 169657.49 | AD91: 124530.45 | AF91: 104795.51 | AG91: =+IF(AC91="N/A","N/A",MIN(AC91:AF91)) -> 104795.51 | AH91: =+IF(AC91="N/A","N/A",ROUND(AVERAGE(AC91:AF91),0)) -> 132994 | AI91: =+IF(AG91="N/A","N/A",AVERAGE(AG91:AH91)) -> 118894.76 | AK91: 195758.64 | AO91: =+IF(AK91="N/A","N/A",MIN(AK91:AN91)) -> 195758.64 | AP91: =+IF(AK91="N/A","N/A",ROUND(AVERAGE(AK91:AN91),0)) -> 195759 | AQ91: =+IF(AO91="N/A","N/A",AVERAGE(AO91:AP91)) -> 195758.82
A92: 74 | B92: Swiche Encendido | C92: 1 | E92: 3274508.4 | F92: 916404.47 | H92: 771177.45 | I92: =+IF(E92="N/A","N/A",MIN(E92:H92)) -> 771177.45 | J92: =+IF(E92="N/A","N/A",ROUND(AVERAGE(E92:H92),0)) -> 1654030 | K92: =+IF(I92="N/A","N/A",AVERAGE(I92:J92)) -> 1212603.7 | M92: 3339998.6 | N92: 1180417.8 | P92: 993351.31 | Q92: =+IF(M92="N/A","N/A",MIN(M92:P92)) -> 993351.31 | R92: =+IF(M92="N/A","N/A",ROUND(AVERAGE(M92:P92),0)) -> 1837923 | S92: =+IF(Q92="N/A","N/A",AVERAGE(Q92:R92)) -> 1415637.2 | U92: 3045292.8 | V92: 832966.52 | X92: 700962.32 | Y92: =+IF(U92="N/A","N/A",MIN(U92:X92)) -> 700962.32 | Z92: =+IF(U92="N/A","N/A",ROUND(AVERAGE(U92:X92),0)) -> 1526407 | AA92: =+IF(Y92="N/A","N/A",AVERAGE(Y92:Z92)) -> 1113684.7 | AC92: 2979802.6 | AD92: 650531.02 | AF92: 547438.25 | AG92: =+IF(AC92="N/A","N/A",MIN(AC92:AF92)) -> 547438.25 | AH92: =+IF(AC92="N/A","N/A",ROUND(AVERAGE(AC92:AF92),0)) -> 1392591 | AI92: =+IF(AG92="N/A","N/A",AVERAGE(AG92:AH92)) -> 970014.62 | AK92: 3438233.8 | AO92: =+IF(AK92="N/A","N/A",MIN(AK92:AN92)) -> 3438233.8 | AP92: =+IF(AK92="N/A","N/A",ROUND(AVERAGE(AK92:AN92),0)) -> 3438234 | AQ92: =+IF(AO92="N/A","N/A",AVERAGE(AO92:AP92)) -> 3438233.9
A93: 75 | B93: Farola | C93: 1 | E93: 816000 | F93: 661435.32 | H93: 556614.49 | I93: =+IF(E93="N/A","N/A",MIN(E93:H93)) -> 556614.49 | J93: =+IF(E93="N/A","N/A",ROUND(AVERAGE(E93:H93),0)) -> 678017 | K93: =+IF(I93="N/A","N/A",AVERAGE(I93:J93)) -> 617315.74 | M93: 832320 | N93: 888675 | P93: 747842.41 | Q93: =+IF(M93="N/A","N/A",MIN(M93:P93)) -> 747842.41 | R93: =+IF(M93="N/A","N/A",ROUND(AVERAGE(M93:P93),0)) -> 822946 | S93: =+IF(Q93="N/A","N/A",AVERAGE(Q93:R93)) -> 785394.21 | U93: 758880 | V93: 640771.47 | X93: 539225.34 | Y93: =+IF(U93="N/A","N/A",MIN(U93:X93)) -> 539225.34 | Z93: =+IF(U93="N/A","N/A",ROUND(AVERAGE(U93:X93),0)) -> 646292 | AA93: =+IF(Y93="N/A","N/A",AVERAGE(Y93:Z93)) -> 592758.67 | AC93: 742560 | AD93: 595646.83 | AF93: 501251.82 | AG93: =+IF(AC93="N/A","N/A",MIN(AC93:AF93)) -> 501251.82 | AH93: =+IF(AC93="N/A","N/A",ROUND(AVERAGE(AC93:AF93),0)) -> 613153 | AI93: =+IF(AG93="N/A","N/A",AVERAGE(AG93:AH93)) -> 557202.41 | AK93: 856800 | AO93: =+IF(AK93="N/A","N/A",MIN(AK93:AN93)) -> 856800 | AP93: =+IF(AK93="N/A","N/A",ROUND(AVERAGE(AK93:AN93),0)) -> 856800 | AQ93: =+IF(AO93="N/A","N/A",AVERAGE(AO93:AP93)) -> 856800
A94: 76 | B94: Inducido | C94: 1 | E94: 600000 | F94: 412289.16 | H94: 346951.72 | I94: =+IF(E94="N/A","N/A",MIN(E94:H94)) -> 346951.72 | J94: =+IF(E94="N/A","N/A",ROUND(AVERAGE(E94:H94),0)) -> 453080 | K94: =+IF(I94="N/A","N/A",AVERAGE(I94:J94)) -> 400015.86 | M94: 612000 | N94: 513525 | P94: 432144.23 | Q94: =+IF(M94="N/A","N/A",MIN(M94:P94)) -> 432144.23 | R94: =+IF(M94="N/A","N/A",ROUND(AVERAGE(M94:P94),0)) -> 519223 | S94: =+IF(Q94="N/A","N/A",AVERAGE(Q94:R94)) -> 475683.61 | U94: 558000 | V94: 401250.99 | X94: 337662.83 | Y94: =+IF(U94="N/A","N/A",MIN(U94:X94)) -> 337662.83 | Z94: =+IF(U94="N/A","N/A",ROUND(AVERAGE(U94:X94),0)) -> 432305 | AA94: =+IF(Y94="N/A","N/A",AVERAGE(Y94:Z94)) -> 384983.91 | AC94: 546000 | AD94: 384225.48 | AF94: 323335.43 | AG94: =+IF(AC94="N/A","N/A",MIN(AC94:AF94)) -> 323335.43 | AH94: =+IF(AC94="N/A","N/A",ROUND(AVERAGE(AC94:AF94),0)) -> 417854 | AI94: =+IF(AG94="N/A","N/A",AVERAGE(AG94:AH94)) -> 370594.71 | AK94: 630000 | AO94: =+IF(AK94="N/A","N/A",MIN(AK94:AN94)) -> 630000 | AP94: =+IF(AK94="N/A","N/A",ROUND(AVERAGE(AK94:AN94),0)) -> 630000 | AQ94: =+IF(AO94="N/A","N/A",AVERAGE(AO94:AP94)) -> 630000
A95: 77 | B95: Bendix | C95: 1 | E95: 420000 | F95: 217870.04 | H95: 183343.13 | I95: =+IF(E95="N/A","N/A",MIN(E95:H95)) -> 183343.13 | J95: =+IF(E95="N/A","N/A",ROUND(AVERAGE(E95:H95),0)) -> 273738 | K95: =+IF(I95="N/A","N/A",AVERAGE(I95:J95)) -> 228540.57 | M95: 428400 | N95: 255225 | P95: 214778.27 | Q95: =+IF(M95="N/A","N/A",MIN(M95:P95)) -> 214778.27 | R95: =+IF(M95="N/A","N/A",ROUND(AVERAGE(M95:P95),0)) -> 299468 | S95: =+IF(Q95="N/A","N/A",AVERAGE(Q95:R95)) -> 257123.14 | U95: 390600 | V95: 205768.39 | X95: 173159.29 | Y95: =+IF(U95="N/A","N/A",MIN(U95:X95)) -> 173159.29 | Z95: =+IF(U95="N/A","N/A",ROUND(AVERAGE(U95:X95),0)) -> 256509 | AA95: =+IF(Y95="N/A","N/A",AVERAGE(Y95:Z95)) -> 214834.14 | AC95: 382200 | AD95: 201404.32 | AF95: 169486.82 | AG95: =+IF(AC95="N/A","N/A",MIN(AC95:AF95)) -> 169486.82 | AH95: =+IF(AC95="N/A","N/A",ROUND(AVERAGE(AC95:AF95),0)) -> 251030 | AI95: =+IF(AG95="N/A","N/A",AVERAGE(AG95:AH95)) -> 210258.41 | AK95: 441000 | AO95: =+IF(AK95="N/A","N/A",MIN(AK95:AN95)) -> 441000 | AP95: =+IF(AK95="N/A","N/A",ROUND(AVERAGE(AK95:AN95),0)) -> 441000 | AQ95: =+IF(AO95="N/A","N/A",AVERAGE(AO95:AP95)) -> 441000
A96: 78 | B96: Motor De Arranque | C96: 1 | E96: 1680000 | F96: 1164998.4 | H96: 980375.48 | I96: =+IF(E96="N/A","N/A",MIN(E96:H96)) -> 980375.48 | J96: =+IF(E96="N/A","N/A",ROUND(AVERAGE(E96:H96),0)) -> 1275125 | K96: =+IF(I96="N/A","N/A",AVERAGE(I96:J96)) -> 1127750.2 | M96: 1713600 | N96: 1214625 | P96: 1022137.6 | Q96: =+IF(M96="N/A","N/A",MIN(M96:P96)) -> 1022137.6 | R96: =+IF(M96="N/A","N/A",ROUND(AVERAGE(M96:P96),0)) -> 1316788 | S96: =+IF(Q96="N/A","N/A",AVERAGE(Q96:R96)) -> 1169462.8 | U96: 1562400 | V96: 1203549.2 | X96: 1012817 | Y96: =+IF(U96="N/A","N/A",MIN(U96:X96)) -> 1012817 | Z96: =+IF(U96="N/A","N/A",ROUND(AVERAGE(U96:X96),0)) -> 1259589 | AA96: =+IF(Y96="N/A","N/A",AVERAGE(Y96:Z96)) -> 1136203 | AC96: 1528800 | AD96: 1080660.3 | AF96: 909402.85 | AG96: =+IF(AC96="N/A","N/A",MIN(AC96:AF96)) -> 909402.85 | AH96: =+IF(AC96="N/A","N/A",ROUND(AVERAGE(AC96:AF96),0)) -> 1172954 | AI96: =+IF(AG96="N/A","N/A",AVERAGE(AG96:AH96)) -> 1041178.4 | AK96: 1764000 | AO96: =+IF(AK96="N/A","N/A",MIN(AK96:AN96)) -> 1764000 | AP96: =+IF(AK96="N/A","N/A",ROUND(AVERAGE(AK96:AN96),0)) -> 1764000 | AQ96: =+IF(AO96="N/A","N/A",AVERAGE(AO96:AP96)) -> 1764000
A97: 79 | B97: Portadiodo | C97: 1 | E97: 432000 | F97: 313319.82 | H97: 263666.52 | I97: =+IF(E97="N/A","N/A",MIN(E97:H97)) -> 263666.52 | J97: =+IF(E97="N/A","N/A",ROUND(AVERAGE(E97:H97),0)) -> 336329 | K97: =+IF(I97="N/A","N/A",AVERAGE(I97:J97)) -> 299997.76 | M97: 440640 | N97: 378225 | P97: 318285.87 | Q97: =+IF(M97="N/A","N/A",MIN(M97:P97)) -> 318285.87 | R97: =+IF(M97="N/A","N/A",ROUND(AVERAGE(M97:P97),0)) -> 379050 | S97: =+IF(Q97="N/A","N/A",AVERAGE(Q97:R97)) -> 348667.93 | U97: 401760 | V97: 304538.42 | X97: 256276.76 | Y97: =+IF(U97="N/A","N/A",MIN(U97:X97)) -> 256276.76 | Z97: =+IF(U97="N/A","N/A",ROUND(AVERAGE(U97:X97),0)) -> 320858 | AA97: =+IF(Y97="N/A","N/A",AVERAGE(Y97:Z97)) -> 288567.38 | AC97: 393120 | AD97: 292601.62 | AF97: 246231.64 | AG97: =+IF(AC97="N/A","N/A",MIN(AC97:AF97)) -> 246231.64 | AH97: =+IF(AC97="N/A","N/A",ROUND(AVERAGE(AC97:AF97),0)) -> 310651 | AI97: =+IF(AG97="N/A","N/A",AVERAGE(AG97:AH97)) -> 278441.32 | AK97: 453600 | AO97: =+IF(AK97="N/A","N/A",MIN(AK97:AN97)) -> 453600 | AP97: =+IF(AK97="N/A","N/A",ROUND(AVERAGE(AK97:AN97),0)) -> 453600 | AQ97: =+IF(AO97="N/A","N/A",AVERAGE(AO97:AP97)) -> 453600
A98: 80 | B98: Regulador | C98: 1 | E98: 800000 | F98: 450947.25 | H98: 379483.48 | I98: =+IF(E98="N/A","N/A",MIN(E98:H98)) -> 379483.48 | J98: =+IF(E98="N/A","N/A",ROUND(AVERAGE(E98:H98),0)) -> 543477 | K98: =+IF(I98="N/A","N/A",AVERAGE(I98:J98)) -> 461480.24 | M98: 816000 | N98: 555040.27 | P98: 467080.37 | Q98: =+IF(M98="N/A","N/A",MIN(M98:P98)) -> 467080.37 | R98: =+IF(M98="N/A","N/A",ROUND(AVERAGE(M98:P98),0)) -> 612707 | S98: =+IF(Q98="N/A","N/A",AVERAGE(Q98:R98)) -> 539893.69 | U98: 744000 | V98: 443638.83 | X98: 373333.26 | Y98: =+IF(U98="N/A","N/A",MIN(U98:X98)) -> 373333.26 | Z98: =+IF(U98="N/A","N/A",ROUND(AVERAGE(U98:X98),0)) -> 520324 | AA98: =+IF(Y98="N/A","N/A",AVERAGE(Y98:Z98)) -> 446828.63 | AC98: 728000 | AD98: 336171.12 | AF98: 282896.47 | AG98: =+IF(AC98="N/A","N/A",MIN(AC98:AF98)) -> 282896.47 | AH98: =+IF(AC98="N/A","N/A",ROUND(AVERAGE(AC98:AF98),0)) -> 449023 | AI98: =+IF(AG98="N/A","N/A",AVERAGE(AG98:AH98)) -> 365959.73 | AK98: 840000 | AO98: =+IF(AK98="N/A","N/A",MIN(AK98:AN98)) -> 840000 | AP98: =+IF(AK98="N/A","N/A",ROUND(AVERAGE(AK98:AN98),0)) -> 840000 | AQ98: =+IF(AO98="N/A","N/A",AVERAGE(AO98:AP98)) -> 840000
A99: 81 | B99: Batería Según Referencia | C99: 1 | E99: 864388.8 | F99: 754304.4 | H99: 634766.16 | I99: =+IF(E99="N/A","N/A",MIN(E99:H99)) -> 634766.16 | J99: =+IF(E99="N/A","N/A",ROUND(AVERAGE(E99:H99),0)) -> 751153 | K99: =+IF(I99="N/A","N/A",AVERAGE(I99:J99)) -> 692959.58 | M99: 881676.58 | N99: 925873.89 | P99: 779146.21 | Q99: =+IF(M99="N/A","N/A",MIN(M99:P99)) -> 779146.21 | R99: =+IF(M99="N/A","N/A",ROUND(AVERAGE(M99:P99),0)) -> 862232 | S99: =+IF(Q99="N/A","N/A",AVERAGE(Q99:R99)) -> 820689.11 | U99: 803881.58 | V99: 737495.17 | X99: 620620.77 | Y99: =+IF(U99="N/A","N/A",MIN(U99:X99)) -> 620620.77 | Z99: =+IF(U99="N/A","N/A",ROUND(AVERAGE(U99:X99),0)) -> 720666 | AA99: =+IF(Y99="N/A","N/A",AVERAGE(Y99:Z99)) -> 670643.39 | AC99: 786593.81 | AD99: 707911.76 | AF99: 595725.59 | AG99: =+IF(AC99="N/A","N/A",MIN(AC99:AF99)) -> 595725.59 | AH99: =+IF(AC99="N/A","N/A",ROUND(AVERAGE(AC99:AF99),0)) -> 696744 | AI99: =+IF(AG99="N/A","N/A",AVERAGE(AG99:AH99)) -> 646234.8 | AK99: 907608.24 | AO99: =+IF(AK99="N/A","N/A",MIN(AK99:AN99)) -> 907608.24 | AP99: =+IF(AK99="N/A","N/A",ROUND(AVERAGE(AK99:AN99),0)) -> 907608 | AQ99: =+IF(AO99="N/A","N/A",AVERAGE(AO99:AP99)) -> 907608.12
A100: 82 | B100: Polea Del Alternador | C100: 1 | E100: 204000 | F100: 210522.91 | H100: 177160.33 | I100: =+IF(E100="N/A","N/A",MIN(E100:H100)) -> 177160.33 | J100: =+IF(E100="N/A","N/A",ROUND(AVERAGE(E100:H100),0)) -> 197228 | K100: =+IF(I100="N/A","N/A",AVERAGE(I100:J100)) -> 187194.17 | M100: 208080 | N100: 295200 | P100: 248418.24 | Q100: =+IF(M100="N/A","N/A",MIN(M100:P100)) -> 208080 | R100: =+IF(M100="N/A","N/A",ROUND(AVERAGE(M100:P100),0)) -> 250566 | S100: =+IF(Q100="N/A","N/A",AVERAGE(Q100:R100)) -> 229323 | U100: 189720 | V100: 210203.04 | X100: 176891.16 | Y100: =+IF(U100="N/A","N/A",MIN(U100:X100)) -> 176891.16 | Z100: =+IF(U100="N/A","N/A",ROUND(AVERAGE(U100:X100),0)) -> 192271 | AA100: =+IF(Y100="N/A","N/A",AVERAGE(Y100:Z100)) -> 184581.08 | AC100: 185640 | AD100: 201318.43 | AF100: 169414.53 | AG100: =+IF(AC100="N/A","N/A",MIN(AC100:AF100)) -> 169414.53 | AH100: =+IF(AC100="N/A","N/A",ROUND(AVERAGE(AC100:AF100),0)) -> 185458 | AI100: =+IF(AG100="N/A","N/A",AVERAGE(AG100:AH100)) -> 177436.26 | AK100: 214200 | AO100: =+IF(AK100="N/A","N/A",MIN(AK100:AN100)) -> 214200 | AP100: =+IF(AK100="N/A","N/A",ROUND(AVERAGE(AK100:AN100),0)) -> 214200 | AQ100: =+IF(AO100="N/A","N/A",AVERAGE(AO100:AP100)) -> 214200
A101: 83 | B101: Balinera De Alternador | C101: 1 | E101: 54000 | F101: 72436.768 | H101: 60957.366 | I101: =+IF(E101="N/A","N/A",MIN(E101:H101)) -> 54000 | J101: =+IF(E101="N/A","N/A",ROUND(AVERAGE(E101:H101),0)) -> 62465 | K101: =+IF(I101="N/A","N/A",AVERAGE(I101:J101)) -> 58232.5 | M101: 55080 | N101: 72262.5 | P101: 60810.715 | Q101: =+IF(M101="N/A","N/A",MIN(M101:P101)) -> 55080 | R101: =+IF(M101="N/A","N/A",ROUND(AVERAGE(M101:P101),0)) -> 62718 | S101: =+IF(Q101="N/A","N/A",AVERAGE(Q101:R101)) -> 58899 | U101: 50220 | V101: 72335.353 | X101: 60872.023 | Y101: =+IF(U101="N/A","N/A",MIN(U101:X101)) -> 50220 | Z101: =+IF(U101="N/A","N/A",ROUND(AVERAGE(U101:X101),0)) -> 61142 | AA101: =+IF(Y101="N/A","N/A",AVERAGE(Y101:Z101)) -> 55681 | AC101: 49140 | AD101: 71555.389 | AF101: 60215.664 | AG101: =+IF(AC101="N/A","N/A",MIN(AC101:AF101)) -> 49140 | AH101: =+IF(AC101="N/A","N/A",ROUND(AVERAGE(AC101:AF101),0)) -> 60304 | AI101: =+IF(AG101="N/A","N/A",AVERAGE(AG101:AH101)) -> 54722 | AK101: 56700 | AO101: =+IF(AK101="N/A","N/A",MIN(AK101:AN101)) -> 56700 | AP101: =+IF(AK101="N/A","N/A",ROUND(AVERAGE(AK101:AN101),0)) -> 56700 | AQ101: =+IF(AO101="N/A","N/A",AVERAGE(AO101:AP101)) -> 56700
A102: 84 | B102: Colector | C102: 1 | E102: 600000 | F102: 412649.15 | H102: 347254.66 | I102: =+IF(E102="N/A","N/A",MIN(E102:H102)) -> 347254.66 | J102: =+IF(E102="N/A","N/A",ROUND(AVERAGE(E102:H102),0)) -> 453301 | K102: =+IF(I102="N/A","N/A",AVERAGE(I102:J102)) -> 400277.83 | M102: 612000 | N102: 513525 | P102: 432144.23 | Q102: =+IF(M102="N/A","N/A",MIN(M102:P102)) -> 432144.23 | R102: =+IF(M102="N/A","N/A",ROUND(AVERAGE(M102:P102),0)) -> 519223 | S102: =+IF(Q102="N/A","N/A",AVERAGE(Q102:R102)) -> 475683.61 | U102: 558000 | V102: 404488.19 | X102: 340387.01 | Y102: =+IF(U102="N/A","N/A",MIN(U102:X102)) -> 340387.01 | Z102: =+IF(U102="N/A","N/A",ROUND(AVERAGE(U102:X102),0)) -> 434292 | AA102: =+IF(Y102="N/A","N/A",AVERAGE(Y102:Z102)) -> 387339.5 | AC102: 546000 | AD102: 379107.49 | AF102: 319028.51 | AG102: =+IF(AC102="N/A","N/A",MIN(AC102:AF102)) -> 319028.51 | AH102: =+IF(AC102="N/A","N/A",ROUND(AVERAGE(AC102:AF102),0)) -> 414712 | AI102: =+IF(AG102="N/A","N/A",AVERAGE(AG102:AH102)) -> 366870.25 | AK102: 630000 | AO102: =+IF(AK102="N/A","N/A",MIN(AK102:AN102)) -> 630000 | AP102: =+IF(AK102="N/A","N/A",ROUND(AVERAGE(AK102:AN102),0)) -> 630000 | AQ102: =+IF(AO102="N/A","N/A",AVERAGE(AO102:AP102)) -> 630000
... A114: 96 | B114: Soporte Batería (Incluida instalación) | C114: 1 | E114: 108000 | F114: 155731.74 | H114: 131052.18 | I114: =+IF(E114="N/A","N/A",MIN(E114:H114)) -> 108000 | J114: =+IF(E114="N/A","N/A",ROUND(AVERAGE(E114:H114),0)) -> 131595 | K114: =+IF(I114="N/A","N/A",AVERAGE(I114:J114)) -> 119797.5 | M114: 110160 | N114: 190650 | P114: 160436.78 | Q114: =+IF(M114="N/A","N/A",MIN(M114:P114)) -> 110160 | R114: =+IF(M114="N/A","N/A",ROUND(AVERAGE(M114:P114),0)) -> 153749 | S114: =+IF(Q114="N/A","N/A",AVERAGE(Q114:R114)) -> 131954.5 | U114: 100440 | V114: 161772.03 | X114: 136135.24 | Y114: =+IF(U114="N/A","N/A",MIN(U114:X114)) -> 100440 | Z114: =+IF(U114="N/A","N/A",ROUND(AVERAGE(U114:X114),0)) -> 132782 | AA114: =+IF(Y114="N/A","N/A",AVERAGE(Y114:Z114)) -> 116611 | AC114: 98280 | AD114: 163670.4 | AF114: 137732.77 | AG114: =+IF(AC114="N/A","N/A",MIN(AC114:AF114)) -> 98280 | AH114: =+IF(AC114="N/A","N/A",ROUND(AVERAGE(AC114:AF114),0)) -> 133228 | AI114: =+IF(AG114="N/A","N/A",AVERAGE(AG114:AH114)) -> 115754 | AK114: 113400 | AO114: =+IF(AK114="N/A","N/A",MIN(AK114:AN114)) -> 113400 | AP114: =+IF(AK114="N/A","N/A",ROUND(AVERAGE(AK114:AN114),0)) -> 113400 | AQ114: =+IF(AO114="N/A","N/A",AVERAGE(AO114:AP114)) -> 113400
...

Sheet MANO DE OBRA MOTOS
A2: LISTA DE PRECIOS GRUPO SECCIONAL SAN ANDRES | F2: COTIZACIÓN No.1 | G2: COTIZACIÓN No.2 | H2: COTIZACIÓN No.3 | I2: HISTORICOS DE CONTRATACIÓN | J2: MINIMO | K2: PROMEDIO | O2: COTIZACIÓN No.1 | P2: COTIZACIÓN No.2 | Q2: COTIZACIÓN No.3 | R2: HISTORICOS DE CONTRATACIÓN | S2: MINIMO | T2: PROMEDIO
A3: NECESIDAD CONTRATACIÓN MOTOS MANO DE OBRA | C3: CANTIDAD | E3: MANO DE OBRA | F3: MANO DE OBRA | G3: MANO DE OBRA | H3: MANO DE OBRA | I3: MANO DE OBRA | J3: MANO DE OBRA | K3: MANO DE OBRA | L3: MANO DE OBRA | N3: MANO DE OBRA | O3: MANO DE OBRA | P3: MANO DE OBRA | Q3: MANO DE OBRA | R3: MANO DE OBRA | S3: MANO DE OBRA | T3: MANO DE OBRA | U3: MANO DE OBRA
A5: NOMBRE DEL ACTIVO
A6: CILINDRAJE | E6: 0- 150 CC | F6: 0- 150 CC | G6: 0- 150 CC | H6: 0- 150 CC | I6: 0- 150 CC | J6: 0- 150 CC | K6: 0- 150 CC | L6: 0- 150 CC | N6: 151 - 250 CC | O6: 151 - 250 CC | P6: 151 - 250 CC | Q6: 151 - 250 CC | R6: 151 - 250 CC | S6: 151 - 250 CC | T6: 151 - 250 CC | U6: 151 - 250 CC
A8: DESCRIPCIÓN | E8: COSTO MANO DE OBRA | F8: COSTO MANO DE OBRA | G8: COSTO MANO DE OBRA | H8: COSTO MANO DE OBRA | I8: COSTO MANO DE OBRA | J8: COSTO MANO DE OBRA | K8: COSTO MANO DE OBRA | L8: COSTO MANO DE OBRA | N8: COSTO MANO DE OBRA | O8: COSTO MANO DE OBRA | P8: COSTO MANO DE OBRA | Q8: COSTO MANO DE OBRA | R8: COSTO MANO DE OBRA | S8: COSTO MANO DE OBRA | T8: COSTO MANO DE OBRA | U8: COSTO MANO DE OBRA
E9: VALOR UNITARIO | F9: VALOR UNITARIO | G9: VALOR UNITARIO | H9: VALOR UNITARIO | I9: VALOR UNITARIO | J9: VALOR UNITARIO | K9: VALOR UNITARIO | L9: VALOR UNITARIO | N9: VALOR UNITARIO | O9: VALOR UNITARIO | P9: VALOR UNITARIO | Q9: VALOR UNITARIO | R9: VALOR UNITARIO | S9: VALOR UNITARIO | T9: VALOR UNITARIO | U9: VALOR UNITARIO
B11: SINCRONIZACIÓN
A12: 1 | B12: Sincronización (entiéndase por : calibración de válvulas, limpieza cuerpo de aceleración ya sea un motor inyectado o carburado, lavado de inyectores por ultrasonido, cambio de filtros, cambio o mantenimiento de bujías, calibración de sensores y revisión eléctrica. | C12: 1 | F12: 450000 | G12: 119000 | I12: 329134.07 | J12: =+IF(F12="N/A","N/A",MIN(F12,I12)) -> 329134.07 | K12: =+IF(F12="N/A","N/A",ROUND(AVERAGE(F12,I12),0)) -> 389567 | L12: =+IF(J12="N/A","N/A",AVERAGE(J12:K12)) -> 359350.53 | O12: 450000 | P12: 133000 | R12: 370322.07 | S12: =+IF(O12="N/A","N/A",MIN(O12,R12)) -> 370322.07 | T12: =+IF(O12="N/A","N/A",ROUND(AVERAGE(O12,R12),0)) -> 410161 | U12: =+IF(S12="N/A","N/A",AVERAGE(S12:T12)) -> 390241.54
A13: 2 | B13: CALIBRACIÓN VÁLVULAS | C13: 1 | F13: 97782 | G13: 73000 | I13: 99077.309 | J13: =+IF(F13="N/A","N/A",MIN(F13,I13)) -> 97782 | K13: =+IF(F13="N/A","N/A",ROUND(AVERAGE(F13,I13),0)) -> 98430 | L13: =+IF(J13="N/A","N/A",AVERAGE(J13:K13)) -> 98106 | O13: 115830 | P13: 98000 | R13: 109864.17 | S13: =+IF(O13="N/A","N/A",MIN(O13,R13)) -> 109864.17 | T13: =+IF(O13="N/A","N/A",ROUND(AVERAGE(O13,R13),0)) -> 112847 | U13: =+IF(S13="N/A","N/A",AVERAGE(S13:T13)) -> 111355.58
A14: 3 | B14: LIMPIEZA TANQUE COMBUSTIBLE ( INCLUYE DESMONTAR Y MONTAR) | C14: 1 | F14: 175440 | G14: 97000 | I14: 109486.63 | J14: =+IF(F14="N/A","N/A",MIN(F14,I14)) -> 109486.63 | K14: =+IF(F14="N/A","N/A",ROUND(AVERAGE(F14,I14),0)) -> 142463 | L14: =+IF(J14="N/A","N/A",AVERAGE(J14:K14)) -> 125974.81 | O14: 195750 | P14: 123000 | R14: 111913.67 | S14: =+IF(O14="N/A","N/A",MIN(O14,R14)) -> 111913.67 | T14: =+IF(O14="N/A","N/A",ROUND(AVERAGE(O14,R14),0)) -> 153832 | U14: =+IF(S14="N/A","N/A",AVERAGE(S14:T14)) -> 132872.84
A15: 4 | B15: CAMBIO GUAYA ACELERADOR | C15: 1 | F15: 70950 | G15: 52000 | I15: 82249.807 | J15: =+IF(F15="N/A","N/A",MIN(F15,I15)) -> 70950 | K15: =+IF(F15="N/A","N/A",ROUND(AVERAGE(F15,I15),0)) -> 76600 | L15: =+IF(J15="N/A","N/A",AVERAGE(J15:K15)) -> 73775 | O15: 87750 | P15: 71000 | R15: 93036.667 | S15: =+IF(O15="N/A","N/A",MIN(O15,R15)) -> 87750 | T15: =+IF(O15="N/A","N/A",ROUND(AVERAGE(O15,R15),0)) -> 90393 | U15: =+IF(S15="N/A","N/A",AVERAGE(S15:T15)) -> 89071.5
A16: 5 | B16: CAMBIO GUAYA CHOKE | C16: 1 | F16: 63642.15 | G16: 53000 | I16: 77666.74 | J16: =+IF(F16="N/A","N/A",MIN(F16,I16)) -> 63642.15 | K16: =+IF(F16="N/A","N/A",ROUND(AVERAGE(F16,I16),0)) -> 70654 | L16: =+IF(J16="N/A","N/A",AVERAGE(J16:K16)) -> 67148.075 | N16: N/A | O16: N/A | P16: N/A | Q16: N/A | R16: N/A | S16: =+IF(O16="N/A","N/A",MIN(O16,R16)) -> N/A | T16: =+IF(O16="N/A","N/A",ROUND(AVERAGE(O16,R16),0)) -> N/A | U16: N/A
A17: 6 | B17: LUBRICAR GUAYAS | C17: 1 | F17: 46298.1 | G17: 36000 | I17: 42519.105 | J17: =+IF(F17="N/A","N/A",MIN(F17,I17)) -> 42519.105 | K17: =+IF(F17="N/A","N/A",ROUND(AVERAGE(F17,I17),0)) -> 44409 | L17: =+IF(J17="N/A","N/A",AVERAGE(J17:K17)) -> 43464.053 | O17: 61951.5 | P17: 46000 | R17: 50609.25 | S17: =+IF(O17="N/A","N/A",MIN(O17,R17)) -> 50609.25 | T17: =+IF(O17="N/A","N/A",ROUND(AVERAGE(O17,R17),0)) -> 56280 | U17: =+IF(S17="N/A","N/A",AVERAGE(S17:T17)) -> 53444.625
A18: 7 | B18: COMPROBACIÓN NIVELES | C18: 1 | F18: 26445 | G18: 30000 | I18: 32765.087 | J18: =+IF(F18="N/A","N/A",MIN(F18,I18)) -> 26445 | K18: =+IF(F18="N/A","N/A",ROUND(AVERAGE(F18,I18),0)) -> 29605 | L18: =+IF(J18="N/A","N/A",AVERAGE(J18:K18)) -> 28025 | O18: 34425 | P18: 39000 | R18: 36810.16 | S18: =+IF(O18="N/A","N/A",MIN(O18,R18)) -> 34425 | T18: =+IF(O18="N/A","N/A",ROUND(AVERAGE(O18,R18),0)) -> 35618 | U18: =+IF(S18="N/A","N/A",AVERAGE(S18:T18)) -> 35021.5
A19: 8 | B19: CAMBIO CAPUCHÓN BUJÍA | C19: 1 | F19: 15867 | G19: 34000 | I19: 20737.738 | J19: =+IF(F19="N/A","N/A",MIN(F19,I19)) -> 15867 | K19: =+IF(F19="N/A","N/A",ROUND(AVERAGE(F19,I19),0)) -> 18302 | L19: =+IF(J19="N/A","N/A",AVERAGE(J19:K19)) -> 17084.5 | O19: 23355 | P19: 45000 | R19: 24782.811 | S19: =+IF(O19="N/A","N/A",MIN(O19,R19)) -> 23355 | T19: =+IF(O19="N/A","N/A",ROUND(AVERAGE(O19,R19),0)) -> 24069 | U19: =+IF(S19="N/A","N/A",AVERAGE(S19:T19)) -> 23712
A20: 9 | B20: CAMBIO BOMBA COMBUSTIBLE ( INCLUYE DESMONTAR Y MONTAR) | C20: 1 | E20: N/A | F20: N/A | G20: N/A | H20: N/A | I20: N/A | J20: =+IF(F20="N/A","N/A",MIN(F20,I20)) -> N/A | K20: =+IF(F20="N/A","N/A",ROUND(AVERAGE(F20,I20),0)) -> N/A | L20: N/A | O20: 108000 | P20: 130000 | R20: 126745.6 | S20: =+IF(O20="N/A","N/A",MIN(O20,R20)) -> 108000 | T20: =+IF(O20="N/A","N/A",ROUND(AVERAGE(O20,R20),0)) -> 117373 | U20: =+IF(S20="N/A","N/A",AVERAGE(S20:T20)) -> 112686.5
A21: 10 | B21: LIMPIEZA INYECTORES | C21: 1 | E21: N/A | F21: N/A | G21: N/A | H21: N/A | I21: N/A | J21: =+IF(F21="N/A","N/A",MIN(F21,I21)) -> N/A | K21: =+IF(F21="N/A","N/A",ROUND(AVERAGE(F21,I21),0)) -> N/A | L21: N/A | O21: 135000 | P21: 76000 | R21: 113262.03 | S21: =+IF(O21="N/A","N/A",MIN(O21,R21)) -> 113262.03 | T21: =+IF(O21="N/A","N/A",ROUND(AVERAGE(O21,R21),0)) -> 124131 | U21: =+IF(S21="N/A","N/A",AVERAGE(S21:T21)) -> 118696.51
B22: MOTOR | I22: 0 | J22: =+IF(F22="N/A","N/A",MIN(F22,I22)) -> 0 | K22: =+IF(F22="N/A","N/A",ROUND(AVERAGE(F22,I22),0)) -> 0
A23: 11 | B23: REPARACIÓN MOTOR (INCLUYE DESARME, ARMADO Y SERVICIO DE RECTIFICADORA) | C23: 1 | F23: 2250405 | G23: 531000 | I23: 1603062.2 | J23: =+IF(F23="N/A","N/A",MIN(F23,I23)) -> 1603062.2 | K23: =+IF(F23="N/A","N/A",ROUND(AVERAGE(F23,I23),0)) -> 1926734 | L23: =+IF(J23="N/A","N/A",AVERAGE(J23:K23)) -> 1764898.1 | O23: 2490075 | P23: 807000 | R23: 1791832.3 | S23: =+IF(O23="N/A","N/A",MIN(O23,R23)) -> 1791832.3 | T23: =+IF(O23="N/A","N/A",ROUND(AVERAGE(O23,R23),0)) -> 2140954 | U23: =+IF(S23="N/A","N/A",AVERAGE(S23:T23)) -> 1966393.1
A24: 12 | B24: EMPACAR MOTOR | C24: 1 | F24: 755391.75 | G24: 182000 | I24: 287355.21 | J24: =+IF(F24="N/A","N/A",MIN(F24,I24)) -> 287355.21 | K24: =+IF(F24="N/A","N/A",ROUND(AVERAGE(F24,I24),0)) -> 521373 | L24: =+IF(J24="N/A","N/A",AVERAGE(J24:K24)) -> 404364.1 | O24: 804026.25 | P24: 252000 | R24: 314322.36 | S24: =+IF(O24="N/A","N/A",MIN(O24,R24)) -> 314322.36 | T24: =+IF(O24="N/A","N/A",ROUND(AVERAGE(O24,R24),0)) -> 559174 | U24: =+IF(S24="N/A","N/A",AVERAGE(S24:T24)) -> 436748.18
A25: 13 | B25: CAMBIO CANASTILLA BALANCINES | C25: 1 | F25: 258438.6 | G25: 99000 | I25: 167288.02 | J25: =+IF(F25="N/A","N/A",MIN(F25,I25)) -> 167288.02 | K25: =+IF(F25="N/A","N/A",ROUND(AVERAGE(F25,I25),0)) -> 212863 | L25: =+IF(J25="N/A","N/A",AVERAGE(J25:K25)) -> 190075.51 | O25: 279909 | P25: 131000 | R25: 177265.86 | S25: =+IF(O25="N/A","N/A",MIN(O25,R25)) -> 177265.86 | T25: =+IF(O25="N/A","N/A",ROUND(AVERAGE(O25,R25),0)) -> 228587 | U25: =+IF(S25="N/A","N/A",AVERAGE(S25:T25)) -> 202926.43
A26: 14 | B26: CAMBIO BOMBA ACEITE MOTOR | C26: 1 | F26: 543251.25 | G26: 126799 | I26: 226827.44 | J26: =+IF(F26="N/A","N/A",MIN(F26,I26)) -> 226827.44 | K26: =+IF(F26="N/A","N/A",ROUND(AVERAGE(F26,I26),0)) -> 385039 | L26: =+IF(J26="N/A","N/A",AVERAGE(J26:K26)) -> 305933.22 | O26: 582018.75 | P26: 173000 | R26: 237614.3 | S26: =+IF(O26="N/A","N/A",MIN(O26,R26)) -> 237614.3 | T26: =+IF(O26="N/A","N/A",ROUND(AVERAGE(O26,R26),0)) -> 409817 | U26: =+IF(S26="N/A","N/A",AVERAGE(S26:T26)) -> 323715.65
A27: 15 | B27: CAMBIO ACEITE MOTOR | C27: 1 | F27: 23794.05 | G27: 35568 | I27: 52676.282 | J27: =+IF(F27="N/A","N/A",MIN(F27,I27)) -> 23794.05 | K27: =+IF(F27="N/A","N/A",ROUND(AVERAGE(F27,I27),0)) -> 38235 | L27: =+IF(J27="N/A","N/A",AVERAGE(J27:K27)) -> 31014.525 | O27: 28950.75 | P27: 44000 | R27: 57800.041 | S27: =+IF(O27="N/A","N/A",MIN(O27,R27)) -> 28950.75 | T27: =+IF(O27="N/A","N/A",ROUND(AVERAGE(O27,R27),0)) -> 43375 | U27: =+IF(S27="N/A","N/A",AVERAGE(S27:T27)) -> 36162.875
A28: 16 | B28: CAMBIO FILTRO ACEITE | C28: 1 | F28: 23794.05 | G28: 21068 | I28: 27057.49 | J28: =+IF(F28="N/A","N/A",MIN(F28,I28)) -> 23794.05 | K28: =+IF(F28="N/A","N/A",ROUND(AVERAGE(F28,I28),0)) -> 25426 | L28: =+IF(J28="N/A","N/A",AVERAGE(J28:K28)) -> 24610.025 | O28: 28950.75 | P28: 23000 | R28: 29484.533 | S28: =+IF(O28="N/A","N/A",MIN(O28,R28)) -> 28950.75 | T28: =+IF(O28="N/A","N/A",ROUND(AVERAGE(O28,R28),0)) -> 29218 | U28: =+IF(S28="N/A","N/A",AVERAGE(S28:T28)) -> 29084.375
A29: 17 | B29: ARREGLO ROSCAS CILINDRO | C29: 1 | F29: 118970.25 | G29: 113000 | I29: 125848.95 | J29: =+IF(F29="N/A","N/A",MIN(F29,I29)) -> 118970.25 | K29: =+IF(F29="N/A","N/A",ROUND(AVERAGE(F29,I29),0)) -> 122410 | L29: =+IF(J29="N/A","N/A",AVERAGE(J29:K29)) -> 120690.12 | O29: 138003.75 | P29: 136000 | R29: 136635.81 | S29: =+IF(O29="N/A","N/A",MIN(O29,R29)) -> 136635.81 | T29: =+IF(O29="N/A","N/A",ROUND(AVERAGE(O29,R29),0)) -> 137320 | U29: =+IF(S29="N/A","N/A",AVERAGE(S29:T29)) -> 136977.9
A30: 18 | B30: CAMBIO TAPA FILTRO | C30: 1 | F30: 23794.05 | G30: 46000 | I30: 39192.707 | J30: =+IF(F30="N/A","N/A",MIN(F30,I30)) -> 23794.05 | K30: =+IF(F30="N/A","N/A",ROUND(AVERAGE(F30,I30),0)) -> 31493 | L30: =+IF(J30="N/A","N/A",AVERAGE(J30:K30)) -> 27643.525 | O30: 28950.75 | P30: 55000 | R30: 41619.751 | S30: =+IF(O30="N/A","N/A",MIN(O30,R30)) -> 28950.75 | T30: =+IF(O30="N/A","N/A",ROUND(AVERAGE(O30,R30),0)) -> 35285 | U30: =+IF(S30="N/A","N/A",AVERAGE(S30:T30)) -> 32117.875
A31: 19 | B31: CAMBIO RODAMIENTO VOLANTE | C31: 1 | E31: N/A | F31: N/A | G31: N/A | H31: N/A | I31: N/A | J31: =+IF(F31="N/A","N/A",MIN(F31,I31)) -> N/A | K31: =+IF(F31="N/A","N/A",ROUND(AVERAGE(F31,I31),0)) -> N/A | L31: N/A | O31: 162000 | P31: 73000 | R31: 80901.45 | S31: =+IF(O31="N/A","N/A",MIN(O31,R31)) -> 80901.45 | T31: =+IF(O31="N/A","N/A",ROUND(AVERAGE(O31,R31),0)) -> 121451 | U31: =+IF(S31="N/A","N/A",AVERAGE(S31:T31)) -> 101176.23
A32: 20 | B32: CAMBIO BALANCINES | C32: 1 | F32: 101913.23 | G32: 114546 | I32: 101668.18 | J32: =+IF(F32="N/A","N/A",MIN(F32,I32)) -> 101668.18 | K32: =+IF(F32="N/A","N/A",ROUND(AVERAGE(F32,I32),0)) -> 101791 | L32: =+IF(J32="N/A","N/A",AVERAGE(J32:K32)) -> 101729.59 | O32: 112053.38 | P32: 145000 | R32: 110297.67 | S32: =+IF(O32="N/A","N/A",MIN(O32,R32)) -> 110297.67 | T32: =+IF(O32="N/A","N/A",ROUND(AVERAGE(O32,R32),0)) -> 111176 | U32: =+IF(S32="N/A","N/A",AVERAGE(S32:T32)) -> 110736.83
A33: 21 | B33: CAMBIO RODAMIENTOS CIGÜEÑAL | C33: 1 | F33: 700000 | G33: 145253 | I33: 178045.21 | J33: =+IF(F33="N/A","N/A",MIN(F33,I33)) -> 178045.21 | K33: =+IF(F33="N/A","N/A",ROUND(AVERAGE(F33,I33),0)) -> 439023 | L33: =+IF(J33="N/A","N/A",AVERAGE(J33:K33)) -> 308534.11 | O33: 750000 | P33: 198000 | R33: 196922.22 | S33: =+IF(O33="N/A","N/A",MIN(O33,R33)) -> 196922.22 | T33: =+IF(O33="N/A","N/A",ROUND(AVERAGE(O33,R33),0)) -> 473461 | U33: =+IF(S33="N/A","N/A",AVERAGE(S33:T33)) -> 335191.61
A34: 22 | B34: CAMBIO CAUCHOS O SELLOS DE VÁLVULAS | C34: 1 | F34: 67512.15 | G34: 152000 | I34: 80093.784 | J34: =+IF(F34="N/A","N/A",MIN(F34,I34)) -> 67512.15 | K34: =+IF(F34="N/A","N/A",ROUND(AVERAGE(F34,I34),0)) -> 73803 | L34: =+IF(J34="N/A","N/A",AVERAGE(J34:K34)) -> 70657.575 | O34: 74702.25 | P34: 186000 | R34: 87914.257 | S34: =+IF(O34="N/A","N/A",MIN(O34,R34)) -> 74702.25 | T34: =+IF(O34="N/A","N/A",ROUND(AVERAGE(O34,R34),0)) -> 81308 | U34: =+IF(S34="N/A","N/A",AVERAGE(S34:T34)) -> 78005.125
A35: 23 | B35: CAMBIO RETENEDOR NIVEL ACEITE | C35: 1 | E35: N/A | F35: N/A | G35: N/A | H35: N/A | I35: N/A | J35: =+IF(F35="N/A","N/A",MIN(F35,I35)) -> N/A | K35: =+IF(F35="N/A","N/A",ROUND(AVERAGE(F35,I35),0)) -> N/A | L35: N/A | O35: 81000 | P35: 68000 | R35: 72811.305 | S35: =+IF(O35="N/A","N/A",MIN(O35,R35)) -> 72811.305 | T35: =+IF(O35="N/A","N/A",ROUND(AVERAGE(O35,R35),0)) -> 76906 | U35: =+IF(S35="N/A","N/A",AVERAGE(S35:T35)) -> 74858.652
A36: 24 | B36: CAMBIO VÁLVULA DESCOMPRESIONADORA | C36: 1 | E36: N/A | F36: N/A | G36: N/A | H36: N/A | I36: N/A | J36: =+IF(F36="N/A","N/A",MIN(F36,I36)) -> N/A | K36: =+IF(F36="N/A","N/A",ROUND(AVERAGE(F36,I36),0)) -> N/A | L36: N/A | O36: 121500 | P36: 57000 | R36: 99778.455 | S36: =+IF(O36="N/A","N/A",MIN(O36,R36)) -> 99778.455 | T36: =+IF(O36="N/A","N/A",ROUND(AVERAGE(O36,R36),0)) -> 110639 | U36: =+IF(S36="N/A","N/A",AVERAGE(S36:T36)) -> 105208.73
B37: RECTIFICADORA | I37: 0 | J37: =+IF(F37="N/A","N/A",MIN(F37,I37)) -> 0 | K37: =+IF(F37="N/A","N/A",ROUND(AVERAGE(F37,I37),0)) -> 0
A38: 25 | B38: ENCAMISAR CILINDRO | C38: 1 | F38: 350000 | G38: 203964 | I38: 210647.15 | J38: =+IF(F38="N/A","N/A",MIN(F38,I38)) -> 210647.15 | K38: =+IF(F38="N/A","N/A",ROUND(AVERAGE(F38,I38),0)) -> 280324 | L38: =+IF(J38="N/A","N/A",AVERAGE(J38:K38)) -> 245485.58 | O38: 582018.75 | P38: 265000 | R38: 237614.3 | S38: =+IF(O38="N/A","N/A",MIN(O38,R38)) -> 237614.3 | T38: =+IF(O38="N/A","N/A",ROUND(AVERAGE(O38,R38),0)) -> 409817 | U38: =+IF(S38="N/A","N/A",AVERAGE(S38:T38)) -> 323715.65
A39: 26 | B39: RECTIFICAR CILINDRO | C39: 1 | F39: 350000 | G39: 192000 | I39: 196563.56 | J39: =+IF(F39="N/A","N/A",MIN(F39,I39)) -> 196563.56 | K39: =+IF(F39="N/A","N/A",ROUND(AVERAGE(F39,I39),0)) -> 273282 | L39: =+IF(J39="N/A","N/A",AVERAGE(J39:K39)) -> 234922.78 | O39: 471015 | P39: 249000 | R39: 223530.71 | S39: =+IF(O39="N/A","N/A",MIN(O39,R39)) -> 223530.71 | T39: =+IF(O39="N/A","N/A",ROUND(AVERAGE(O39,R39),0)) -> 347273 | U39: =+IF(S39="N/A","N/A",AVERAGE(S39:T39)) -> 285401.85
A40: 27 | B40: CAMBIAR BUJES EJE DE LEVAS | C40: 1 | F40: 309896.7 | G40: 138000 | I40: 161864.92 | J40: =+IF(F40="N/A","N/A",MIN(F40,I40)) -> 161864.92 | K40: =+IF(F40="N/A","N/A",ROUND(AVERAGE(F40,I40),0)) -> 235881 | L40: =+IF(J40="N/A","N/A",AVERAGE(J40:K40)) -> 198872.96 | O40: 337810.5 | P40: 176000 | R40: 188832.07 | S40: =+IF(O40="N/A","N/A",MIN(O40,R40)) -> 188832.07 | T40: =+IF(O40="N/A","N/A",ROUND(AVERAGE(O40,R40),0)) -> 263321 | U40: =+IF(S40="N/A","N/A",AVERAGE(S40:T40)) -> 226076.54
A41: 28 | B41: CAMBIAR GUIAS VÁLVULAS | C41: 1 | F41: 309896.7 | G41: 75000 | I41: 161864.92 | J41: =+IF(F41="N/A","N/A",MIN(F41,I41)) -> 161864.92 | K41: =+IF(F41="N/A","N/A",ROUND(AVERAGE(F41,I41),0)) -> 235881 | L41: =+IF(J41="N/A","N/A",AVERAGE(J41:K41)) -> 198872.96 | O41: 337810.5 | P41: 94000 | R41: 172651.78 | S41: =+IF(O41="N/A","N/A",MIN(O41,R41)) -> 172651.78 | T41: =+IF(O41="N/A","N/A",ROUND(AVERAGE(O41,R41),0)) -> 255231 | U41: =+IF(S41="N/A","N/A",AVERAGE(S41:T41)) -> 213941.39
A42: 29 | B42: ANILLAR BASES VÁLVULAS | C42: 1 | F42: 195512.4 | G42: 75000 | I42: 146043.3 | J42: =+IF(F42="N/A","N/A",MIN(F42,I42)) -> 146043.3 | K42: =+IF(F42="N/A","N/A",ROUND(AVERAGE(F42,I42),0)) -> 170778 | L42: =+IF(J42="N/A","N/A",AVERAGE(J42:K42)) -> 158410.65 | O42: 218106 | P42: 92000 | R42: 156830.16 | S42: =+IF(O42="N/A","N/A",MIN(O42,R42)) -> 156830.16 | T42: =+IF(O42="N/A","N/A",ROUND(AVERAGE(O42,R42),0)) -> 187468 | U42: =+IF(S42="N/A","N/A",AVERAGE(S42:T42)) -> 172149.08
A43: 30 | B43: RIMAR GUIAS VÁLVULAS | C43: 1 | F43: 131154.3 | G43: 68000 | I43: 114613.08 | J43: =+IF(F43="N/A","N/A",MIN(F43,I43)) -> 114613.08 | K43: =+IF(F43="N/A","N/A",ROUND(AVERAGE(F43,I43),0)) -> 122884 | L43: =+IF(J43="N/A","N/A",AVERAGE(J43:K43)) -> 118748.54 | O43: 145354.5 | P43: 87000 | R43: 119467.17 | S43: =+IF(O43="N/A","N/A",MIN(O43,R43)) -> 119467.17 | T43: =+IF(O43="N/A","N/A",ROUND(AVERAGE(O43,R43),0)) -> 132411 | U43: =+IF(S43="N/A","N/A",AVERAGE(S43:T43)) -> 125939.09
A44: 31 | B44: RECTIFICAR BASES VÁLVULAS | C44: 1 | F44: 182612.4 | G44: 79000 | I44: 157671.53 | J44: =+IF(F44="N/A","N/A",MIN(F44,I44)) -> 157671.53 | K44: =+IF(F44="N/A","N/A",ROUND(AVERAGE(F44,I44),0)) -> 170142 | L44: =+IF(J44="N/A","N/A",AVERAGE(J44:K44)) -> 163906.77 | O44: 204606 | P44: 107000 | R44: 165761.68 | S44: =+IF(O44="N/A","N/A",MIN(O44,R44)) -> 165761.68 | T44: =+IF(O44="N/A","N/A",ROUND(AVERAGE(O44,R44),0)) -> 185184 | U44: =+IF(S44="N/A","N/A",AVERAGE(S44:T44)) -> 175472.84
A45: 32 | B45: RECONSTRUIR ROSCAS BUJÍAS | C45: 1 | F45: 112520.25 | G45: 61000 | I45: 94836.725 | J45: =+IF(F45="N/A","N/A",MIN(F45,I45)) -> 94836.725 | K45: =+IF(F45="N/A","N/A",ROUND(AVERAGE(F45,I45),0)) -> 103678 | L45: =+IF(J45="N/A","N/A",AVERAGE(J45:K45)) -> 99257.362 | O45: 120453.75 | P45: 760000 | R45: 96454.754 | S45: =+IF(O45="N/A","N/A",MIN(O45,R45)) -> 96454.754 | T45: =+IF(O45="N/A","N/A",ROUND(AVERAGE(O45,R45),0)) -> 108454 | U45: =+IF(S45="N/A","N/A",AVERAGE(S45:T45)) -> 102454.38
A46: 33 | B46: RECONSTRUIR ROSCAS TAPÓN ACEITE | C46: 1 | F46: 88726.2 | G46: 54000 | I46: 67088.876 | J46: =+IF(F46="N/A","N/A",MIN(F46,I46)) -> 67088.876 | K46: =+IF(F46="N/A","N/A",ROUND(AVERAGE(F46,I46),0)) -> 77908 | L46: =+IF(J46="N/A","N/A",AVERAGE(J46:K46)) -> 72498.438 | O46: 94203 | P46: 69000 | R46: 67358.547 | S46: =+IF(O46="N/A","N/A",MIN(O46,R46)) -> 67358.547 | T46: =+IF(O46="N/A","N/A",ROUND(AVERAGE(O46,R46),0)) -> 80781 | U46: =+IF(S46="N/A","N/A",AVERAGE(S46:T46)) -> 74069.774
B47: SISTEMA DE TRANSFERENCIA | I47: 0 | J47: =+IF(F47="N/A","N/A",MIN(F47,I47)) -> 0 | K47: =+IF(F47="N/A","N/A",ROUND(AVERAGE(F47,I47),0)) -> 0
A48: 34 | B48: REPARACIÓN CAJA VELOCIDADES | C48: 1 | F48: 764766.5 | G48: 227000 | I48: 273134.69 | J48: =+IF(F48="N/A","N/A",MIN(F48,I48)) -> 273134.69 | K48: =+IF(F48="N/A","N/A",ROUND(AVERAGE(F48,I48),0)) -> 518951 | L48: =+IF(J48="N/A","N/A",AVERAGE(J48:K48)) -> 396042.84 | O48: 815877.56 | P48: 321000 | R48: 292419.3 | S48: =+IF(O48="N/A","N/A",MIN(O48,R48)) -> 292419.3 | T48: =+IF(O48="N/A","N/A",ROUND(AVERAGE(O48,R48),0)) -> 554148 | U48: =+IF(S48="N/A","N/A",AVERAGE(S48:T48)) -> 423283.65
A49: 35 | B49: CAMBIO EMBRAGUE | C49: 1 | F49: 305906.6 | G49: 159000 | I49: 259265.07 | J49: =+IF(F49="N/A","N/A",MIN(F49,I49)) -> 259265.07 | K49: =+IF(F49="N/A","N/A",ROUND(AVERAGE(F49,I49),0)) -> 282586 | L49: =+IF(J49="N/A","N/A",AVERAGE(J49:K49)) -> 270925.53 | O49: 326351.03 | P49: 20000 | R49: 265686.97 | S49: =+IF(O49="N/A","N/A",MIN(O49,R49)) -> 265686.97 | T49: =+IF(O49="N/A","N/A",ROUND(AVERAGE(O49,R49),0)) -> 296019 | U49: =+IF(S49="N/A","N/A",AVERAGE(S49:T49)) -> 280852.98
A50: 36 | B50: CAMBIO EMPAQUE TAPA EMBRAGUE | C50: 1 | F50: 98327.122 | G50: 113000 | I50: 94025.748 | J50: =+IF(F50="N/A","N/A",MIN(F50,I50)) -> 94025.748 | K50: =+IF(F50="N/A","N/A",ROUND(AVERAGE(F50,I50),0)) -> 96176 | L50: =+IF(J50="N/A","N/A",AVERAGE(J50:K50)) -> 95100.874 | O50: 104898.54 | P50: 158000 | R50: 97919.845 | S50: =+IF(O50="N/A","N/A",MIN(O50,R50)) -> 97919.845 | T50: =+IF(O50="N/A","N/A",ROUND(AVERAGE(O50,R50),0)) -> 101409 | U50: =+IF(S50="N/A","N/A",AVERAGE(S50:T50)) -> 99664.423
A51: 37 | B51: CAMBIO DISCOS EMBRAGUE | C51: 1 | F51: 262205.66 | G51: 98000 | I51: 176165.66 | J51: =+IF(F51="N/A","N/A",MIN(F51,I51)) -> 176165.66 | K51: =+IF(F51="N/A","N/A",ROUND(AVERAGE(F51,I51),0)) -> 219186 | L51: =+IF(J51="N/A","N/A",AVERAGE(J51:K51)) -> 197675.83 | O51: 279729.45 | P51: 130000 | R51: 177230 | S51: =+IF(O51="N/A","N/A",MIN(O51,R51)) -> 177230 | T51: =+IF(O51="N/A","N/A",ROUND(AVERAGE(O51,R51),0)) -> 228480 | U51: =+IF(S51="N/A","N/A",AVERAGE(S51:T51)) -> 202855
A52: 38 | B52: CAMBIO VARILLA EMBRAGUE | C52: 1 | F52: 174803.77 | G52: 116000 | I52: 147380.98 | J52: =+IF(F52="N/A","N/A",MIN(F52,I52)) -> 147380.98 | K52: =+IF(F52="N/A","N/A",ROUND(AVERAGE(F52,I52),0)) -> 161092 | L52: =+IF(J52="N/A","N/A",AVERAGE(J52:K52)) -> 154236.49 | O52: 186486.3 | P52: 160000 | R52: 154903.09 | S52: =+IF(O52="N/A","N/A",MIN(O52,R52)) -> 154903.09 | T52: =+IF(O52="N/A","N/A",ROUND(AVERAGE(O52,R52),0)) -> 170695 | U52: =+IF(S52="N/A","N/A",AVERAGE(S52:T52)) -> 162799.04
A53: 39 | B53: CAMBIO MANIGUETA EMBRAGUE | C53: 1 | F53: 43700.943 | G53: 55000 | I53: 65160.752 | J53: =+IF(F53="N/A","N/A",MIN(F53,I53)) -> 43700.943 | K53: =+IF(F53="N/A","N/A",ROUND(AVERAGE(F53,I53),0)) -> 54431 | L53: =+IF(J53="N/A","N/A",AVERAGE(J53:K53)) -> 49065.971 | O53: 46621.575 | P53: 73000 | R53: 71086.351 | S53: =+IF(O53="N/A","N/A",MIN(O53,R53)) -> 46621.575 | T53: =+IF(O53="N/A","N/A",ROUND(AVERAGE(O53,R53),0)) -> 58854 | U53: =+IF(S53="N/A","N/A",AVERAGE(S53:T53)) -> 52737.787
A54: 40 | B54: CAMBIO GUAYA EMBRAGUE | C54: 1 | F54: 65551.414 | G54: 53000 | I54: 78864.122 | J54: =+IF(F54="N/A","N/A",MIN(F54,I54)) -> 65551.414 | K54: =+IF(F54="N/A","N/A",ROUND(AVERAGE(F54,I54),0)) -> 72208 | L54: =+IF(J54="N/A","N/A",AVERAGE(J54:K54)) -> 68879.707 | O54: 69932.363 | P54: 66000 | R54: 85055.807 | S54: =+IF(O54="N/A","N/A",MIN(O54,R54)) -> 69932.363 | T54: =+IF(O54="N/A","N/A",ROUND(AVERAGE(O54,R54),0)) -> 77494 | U54: =+IF(S54="N/A","N/A",AVERAGE(S54:T54)) -> 73713.181
A55: 41 | B55: CAMBIO CABLE GUAYA EMBRAGUE | C55: 1 | F55: 43700.943 | G55: 54000 | I55: 65160.752 | J55: =+IF(F55="N/A","N/A",MIN(F55,I55)) -> 43700.943 | K55: =+IF(F55="N/A","N/A",ROUND(AVERAGE(F55,I55),0)) -> 54431 | L55: =+IF(J55="N/A","N/A",AVERAGE(J55:K55)) -> 49065.971 | O55: 46621.575 | P55: 67400 | R55: 71086.351 | S55: =+IF(O55="N/A","N/A",MIN(O55,R55)) -> 46621.575 | T55: =+IF(O55="N/A","N/A",ROUND(AVERAGE(O55,R55),0)) -> 58854 | U55: =+IF(S55="N/A","N/A",AVERAGE(S55:T55)) -> 52737.787
A56: 42 | B56: CAMBIO RETENEDOR LEVA EMBRAGUE | C56: 1 | F56: 87401.886 | G56: 109000 | I56: 89870.778 | J56: =+IF(F56="N/A","N/A",MIN(F56,I56)) -> 87401.886 | K56: =+IF(F56="N/A","N/A",ROUND(AVERAGE(F56,I56),0)) -> 88636 | L56: =+IF(J56="N/A","N/A",AVERAGE(J56:K56)) -> 88018.943 | O56: 93243.15 | P56: 136000 | R56: 93631.833 | S56: =+IF(O56="N/A","N/A",MIN(O56,R56)) -> 93243.15 | T56: =+IF(O56="N/A","N/A",ROUND(AVERAGE(O56,R56),0)) -> 93437 | U56: =+IF(S56="N/A","N/A",AVERAGE(S56:T56)) -> 93340.075
A57: 43 | B57: CAMBIO RETENEDOR PIÑÓN SALIDA | C57: 1 | F57: 131102.83 | G57: 114000 | I57: 119974.23 | J57: =+IF(F57="N/A","N/A",MIN(F57,I57)) -> 119974.23 | K57: =+IF(F57="N/A","N/A",ROUND(AVERAGE(F57,I57),0)) -> 125539 | L57: =+IF(J57="N/A","N/A",AVERAGE(J57:K57)) -> 122756.62 | O57: 139864.73 | P57: 147000 | R57: 126964.17 | S57: =+IF(O57="N/A","N/A",MIN(O57,R57)) -> 126964.17 | T57: =+IF(O57="N/A","N/A",ROUND(AVERAGE(O57,R57),0)) -> 133414 | U57: =+IF(S57="N/A","N/A",AVERAGE(S57:T57)) -> 130189.09
A58: 44 | B58: REVISIÓN Y/O ARREGLO CONTROL CAMBIOS | C58: 1 | F58: 262205.66 | G58: 124000 | I58: 151895.22 | J58: =+IF(F58="N/A","N/A",MIN(F58,I58)) -> 151895.22 | K58: =+IF(F58="N/A","N/A",ROUND(AVERAGE(F58,I58),0)) -> 207050 | L58: =+IF(J58="N/A","N/A",AVERAGE(J58:K58)) -> 179472.61 | O58: 279729.45 | P58: 168000 | R58: 161049.71 | S58: =+IF(O58="N/A","N/A",MIN(O58,R58)) -> 161049.71 | T58: =+IF(O58="N/A","N/A",ROUND(AVERAGE(O58,R58),0)) -> 220390 | U58: =+IF(S58="N/A","N/A",AVERAGE(S58:T58)) -> 190719.85
A59: 45 | B59: CAMBIO BUJES EMBRAGUE | C59: 1 | F59: 131102.83 | G59: 80000 | I59: 117277.52 | J59: =+IF(F59="N/A","N/A",MIN(F59,I59)) -> 117277.52 | K59: =+IF(F59="N/A","N/A",ROUND(AVERAGE(F59,I59),0)) -> 124190 | L59: =+IF(J59="N/A","N/A",AVERAGE(J59:K59)) -> 120733.76 | O59: 139864.73 | P59: 101000 | R59: 118874.03 | S59: =+IF(O59="N/A","N/A",MIN(O59,R59)) -> 118874.03 | T59: =+IF(O59="N/A","N/A",ROUND(AVERAGE(O59,R59),0)) -> 129369 | U59: =+IF(S59="N/A","N/A",AVERAGE(S59:T59)) -> 124121.51
... A78: 64 | B78: CAMBO EMPAQUE/RETENEDOR SELECTOR CAMBIOS | C78: 1 | F78: 65551.414 | G78: 55000 | I78: 73470.692 | J78: =+IF(F78="N/A","N/A",MIN(F78,I78)) -> 65551.414 | K78: =+IF(F78="N/A","N/A",ROUND(AVERAGE(F78,I78),0)) -> 69511 | L78: =+IF(J78="N/A","N/A",AVERAGE(J78:K78)) -> 67531.207 | O78: 69932.363 | P78: 73000 | R78: 85055.807 | S78: =+IF(O78="N/A","N/A",MIN(O78,R78)) -> 69932.363 | T78: =+IF(O78="N/A","N/A",ROUND(AVERAGE(O78,R78),0)) -> 77494 | U78: =+IF(S78="N/A","N/A",AVERAGE(S78:T78)) -> 73713.181
B79: SISTEMA DE SUSPENSIÓN | I79: 0 | J79: =+IF(F79="N/A","N/A",MIN(F79,I79)) -> 0 | K79: =+IF(F79="N/A","N/A",ROUND(AVERAGE(F79,I79),0)) -> 0
A80: 65 | B80: ARREGLO GENERAL SUSPENSIÓN DELANTERA | C80: 1 | F80: 349607.54 | G80: 90000 | I80: 275338.27 | J80: =+IF(F80="N/A","N/A",MIN(F80,I80)) -> 275338.27 | K80: =+IF(F80="N/A","N/A",ROUND(AVERAGE(F80,I80),0)) -> 312473 | L80: =+IF(J80="N/A","N/A",AVERAGE(J80:K80)) -> 293905.63 | O80: 372972.6 | P80: 151000 | R80: 284847.53 | S80: =+IF(O80="N/A","N/A",MIN(O80,R80)) -> 284847.53 | T80: =+IF(O80="N/A","N/A",ROUND(AVERAGE(O80,R80),0)) -> 328910 | U80: =+IF(S80="N/A","N/A",AVERAGE(S80:T80)) -> 306878.77
A81: 66 | B81: ARREGLO GENERAL SUSPENSIÓN TRASERA | C81: 1 | F81: 480710.37 | G81: 96000 | I81: 302745.01 | J81: =+IF(F81="N/A","N/A",MIN(F81,I81)) -> 302745.01 | K81: =+IF(F81="N/A","N/A",ROUND(AVERAGE(F81,I81),0)) -> 391728 | L81: =+IF(J81="N/A","N/A",AVERAGE(J81:K81)) -> 347236.51 | O81: 512837.32 | P81: 185000 | R81: 312786.44 | S81: =+IF(O81="N/A","N/A",MIN(O81,R81)) -> 312786.44 | T81: =+IF(O81="N/A","N/A",ROUND(AVERAGE(O81,R81),0)) -> 412812 | U81: =+IF(S81="N/A","N/A",AVERAGE(S81:T81)) -> 362799.22
A82: 67 | B82: CAMBIO ACEITE AMORTIGUADOR DELANTERO | C82: 1 | F82: 54626.179 | G82: 65000 | I82: 66619.007 | J82: =+IF(F82="N/A","N/A",MIN(F82,I82)) -> 54626.179 | K82: =+IF(F82="N/A","N/A",ROUND(AVERAGE(F82,I82),0)) -> 60623 | L82: =+IF(J82="N/A","N/A",AVERAGE(J82:K82)) -> 57624.589 | O82: 58276.969 | P82: 81000 | R82: 67284.219 | S82: =+IF(O82="N/A","N/A",MIN(O82,R82)) -> 58276.969 | T82: =+IF(O82="N/A","N/A",ROUND(AVERAGE(O82,R82),0)) -> 62781 | U82: =+IF(S82="N/A","N/A",AVERAGE(S82:T82)) -> 60528.984
A83: 68 | B83: CAMBIO RETENEDOR TELESCÓPICOS | C83: 1 | F83: 262205.66 | G83: 69000 | I83: 151895.22 | J83: =+IF(F83="N/A","N/A",MIN(F83,I83)) -> 151895.22 | K83: =+IF(F83="N/A","N/A",ROUND(AVERAGE(F83,I83),0)) -> 207050 | L83: =+IF(J83="N/A","N/A",AVERAGE(J83:K83)) -> 179472.61 | O83: 279729.45 | P83: 83000 | R83: 161049.71 | S83: =+IF(O83="N/A","N/A",MIN(O83,R83)) -> 161049.71 | T83: =+IF(O83="N/A","N/A",ROUND(AVERAGE(O83,R83),0)) -> 220390 | U83: =+IF(S83="N/A","N/A",AVERAGE(S83:T83)) -> 190719.85
A84: 69 | B84: CAMBIO BUJES AMORTIGUADOR DELANTERO | C84: 1 | F84: 131102.83 | G84: 62000 | I84: 117277.52 | J84: =+IF(F84="N/A","N/A",MIN(F84,I84)) -> 117277.52 | K84: =+IF(F84="N/A","N/A",ROUND(AVERAGE(F84,I84),0)) -> 124190 | L84: =+IF(J84="N/A","N/A",AVERAGE(J84:K84)) -> 120733.76 | O84: 139864.73 | P84: 93000 | R84: 118874.03 | S84: =+IF(O84="N/A","N/A",MIN(O84,R84)) -> 118874.03 | T84: =+IF(O84="N/A","N/A",ROUND(AVERAGE(O84,R84),0)) -> 129369 | U84: =+IF(S84="N/A","N/A",AVERAGE(S84:T84)) -> 124121.51
A85: 70 | B85: REVISIÓN Y/O CAMBIO AMORTIGUADOR TRASERO | C85: 1 | F85: 131102.83 | G85: 67000 | I85: 119974.23 | J85: =+IF(F85="N/A","N/A",MIN(F85,I85)) -> 119974.23 | K85: =+IF(F85="N/A","N/A",ROUND(AVERAGE(F85,I85),0)) -> 125539 | L85: =+IF(J85="N/A","N/A",AVERAGE(J85:K85)) -> 122756.62 | O85: 139864.73 | P85: 85000 | R85: 124267.46 | S85: =+IF(O85="N/A","N/A",MIN(O85,R85)) -> 124267.46 | T85: =+IF(O85="N/A","N/A",ROUND(AVERAGE(O85,R85),0)) -> 132066 | U85: =+IF(S85="N/A","N/A",AVERAGE(S85:T85)) -> 128166.73
A86: 71 | B86: CAMBIO BUJE AMORTIGUADOR TRASERO | C86: 1 | F86: 131102.83 | G86: 68000 | I86: 114580.8 | J86: =+IF(F86="N/A","N/A",MIN(F86,I86)) -> 114580.8 | K86: =+IF(F86="N/A","N/A",ROUND(AVERAGE(F86,I86),0)) -> 122842 | L86: =+IF(J86="N/A","N/A",AVERAGE(J86:K86)) -> 118711.4 | O86: 139864.73 | P86: 88000 | R86: 118874.03 | S86: =+IF(O86="N/A","N/A",MIN(O86,R86)) -> 118874.03 | T86: =+IF(O86="N/A","N/A",ROUND(AVERAGE(O86,R86),0)) -> 129369 | U86: =+IF(S86="N/A","N/A",AVERAGE(S86:T86)) -> 124121.51
A87: 72 | B87: GRADUAR AMORTIGUADOR TRASERO | C87: 1 | F87: 43700.943 | G87: 90000 | I87: 59767.322 | J87: =+IF(F87="N/A","N/A",MIN(F87,I87)) -> 43700.943 | K87: =+IF(F87="N/A","N/A",ROUND(AVERAGE(F87,I87),0)) -> 51734 | L87: =+IF(J87="N/A","N/A",AVERAGE(J87:K87)) -> 47717.471 | O87: 46621.575 | P87: 135000 | R87: 62996.206 | S87: =+IF(O87="N/A","N/A",MIN(O87,R87)) -> 46621.575 | T87: =+IF(O87="N/A","N/A",ROUND(AVERAGE(O87,R87),0)) -> 54809 | U87: =+IF(S87="N/A","N/A",AVERAGE(S87:T87)) -> 50715.287
A88: 73 | B88: CAMBIO EJE RUEDA DELANTERA | C88: 1 | F88: 65551.414 | G88: 68000 | I88: 70773.977 | J88: =+IF(F88="N/A","N/A",MIN(F88,I88)) -> 65551.414 | K88: =+IF(F88="N/A","N/A",ROUND(AVERAGE(F88,I88),0)) -> 68163 | L88: =+IF(J88="N/A","N/A",AVERAGE(J88:K88)) -> 66857.207 | O88: 69932.363 | P88: 96000 | R88: 74268.947 | S88: =+IF(O88="N/A","N/A",MIN(O88,R88)) -> 69932.363 | T88: =+IF(O88="N/A","N/A",ROUND(AVERAGE(O88,R88),0)) -> 72101 | U88: =+IF(S88="N/A","N/A",AVERAGE(S88:T88)) -> 71016.681
A89: 74 | B89: CAMBIO EJE RUEDA TRASERA | C89: 1 | F89: 65551.414 | G89: 62000 | I89: 65380.547 | J89: =+IF(F89="N/A","N/A",MIN(F89,I89)) -> 65380.547 | K89: =+IF(F89="N/A","N/A",ROUND(AVERAGE(F89,I89),0)) -> 65466 | L89: =+IF(J89="N/A","N/A",AVERAGE(J89:K89)) -> 65423.274 | O89: 69932.363 | P89: 86000 | R89: 66178.802 | S89: =+IF(O89="N/A","N/A",MIN(O89,R89)) -> 66178.802 | T89: =+IF(O89="N/A","N/A",ROUND(AVERAGE(O89,R89),0)) -> 68056 | U89: =+IF(S89="N/A","N/A",AVERAGE(S89:T89)) -> 67117.401
A90: 75 | B90: CAMBIO TIJERA | C90: 1 | F90: 196654.24 | G90: 98000 | I90: 97741.127 | J90: =+IF(F90="N/A","N/A",MIN(F90,I90)) -> 97741.127 | K90: =+IF(F90="N/A","N/A",ROUND(AVERAGE(F90,I90),0)) -> 147198 | L90: =+IF(J90="N/A","N/A",AVERAGE(J90:K90)) -> 122469.56 | O90: 209797.09 | P90: 143000 | R90: 106629.53 | S90: =+IF(O90="N/A","N/A",MIN(O90,R90)) -> 106629.53 | T90: =+IF(O90="N/A","N/A",ROUND(AVERAGE(O90,R90),0)) -> 158213 | U90: =+IF(S90="N/A","N/A",AVERAGE(S90:T90)) -> 132421.26
A91: 76 | B91: CAMBIO BUJE TIJERA | C91: 1 | F91: 87401.886 | G91: 110000 | I91: 79083.918 | J91: =+IF(F91="N/A","N/A",MIN(F91,I91)) -> 79083.918 | K91: =+IF(F91="N/A","N/A",ROUND(AVERAGE(F91,I91),0)) -> 83243 | L91: =+IF(J91="N/A","N/A",AVERAGE(J91:K91)) -> 81163.459 | O91: 93243.15 | P91: 157000 | R91: 80148.258 | S91: =+IF(O91="N/A","N/A",MIN(O91,R91)) -> 80148.258 | T91: =+IF(O91="N/A","N/A",ROUND(AVERAGE(O91,R91),0)) -> 86696 | U91: =+IF(S91="N/A","N/A",AVERAGE(S91:T91)) -> 83422.129
... A95: 80 | B95: ENGRASAR RODAMIENTOS DELANTEROS/TRASEROS | C95: 1 | F95: 32775.707 | G95: 34000 | I95: 36735.346 | J95: =+IF(F95="N/A","N/A",MIN(F95,I95)) -> 32775.707 | K95: =+IF(F95="N/A","N/A",ROUND(AVERAGE(F95,I95),0)) -> 34756 | L95: =+IF(J95="N/A","N/A",AVERAGE(J95:K95)) -> 33765.854 | O95: 34966.181 | P95: 41000 | R95: 37134.473 | S95: =+IF(O95="N/A","N/A",MIN(O95,R95)) -> 34966.181 | T95: =+IF(O95="N/A","N/A",ROUND(AVERAGE(O95,R95),0)) -> 36050 | U95: =+IF(S95="N/A","N/A",AVERAGE(S95:T95)) -> 35508.091
B96: SISTEMA DE DIRECCIÓN | I96: 0 | J96: =+IF(F96="N/A","N/A",MIN(F96,I96)) -> 0 | K96: =+IF(F96="N/A","N/A",ROUND(AVERAGE(F96,I96),0)) -> 0
A97: 81 | B97: Mantenimiento tren delantero (entiéndase por: mantenimiento o cambio de cunas de dirección, limpieza y engrase de eje, revisión y cambio de rodamientos si es necesario, mantenimiento de barras de suspensión con cambio de aceite de barras y si es necesario cambio de retenedores telescópicos.) | C97: 1 | F97: 611813.2 | G97: 210000 | I97: 491954.65 | J97: =+IF(F97="N/A","N/A",MIN(F97,I97)) -> 491954.65 | K97: =+IF(F97="N/A","N/A",ROUND(AVERAGE(F97,I97),0)) -> 551884 | L97: =+IF(J97="N/A","N/A",AVERAGE(J97:K97)) -> 521919.33 | O97: 652702.05 | P97: 280000 | R97: 523283.79 | S97: =+IF(O97="N/A","N/A",MIN(O97,R97)) -> 523283.79 | T97: =+IF(O97="N/A","N/A",ROUND(AVERAGE(O97,R97),0)) -> 587993 | U97: =+IF(S97="N/A","N/A",AVERAGE(S97:T97)) -> 555638.4
A98: 82 | B98: CAMBIAR CUNAS DIRECCION | C98: 1 | F98: 305906.6 | G98: 10000 | I98: 177211.09 | J98: =+IF(F98="N/A","N/A",MIN(F98,I98)) -> 177211.09 | K98: =+IF(F98="N/A","N/A",ROUND(AVERAGE(F98,I98),0)) -> 241559 | L98: =+IF(J98="N/A","N/A",AVERAGE(J98:K98)) -> 209385.05 | O98: 326351.03 | P98: 137000 | R98: 194633.11 | S98: =+IF(O98="N/A","N/A",MIN(O98,R98)) -> 194633.11 | T98: =+IF(O98="N/A","N/A",ROUND(AVERAGE(O98,R98),0)) -> 260492 | U98: =+IF(S98="N/A","N/A",AVERAGE(S98:T98)) -> 227562.56
A99: 83 | B99: ENGRASAR CUNAS DIRECCION | C99: 1 | F99: 174803.77 | G99: 61000 | I99: 85083.192 | J99: =+IF(F99="N/A","N/A",MIN(F99,I99)) -> 85083.192 | K99: =+IF(F99="N/A","N/A",ROUND(AVERAGE(F99,I99),0)) -> 129943 | L99: =+IF(J99="N/A","N/A",AVERAGE(J99:K99)) -> 107513.1 | O99: 186486.3 | P99: 77000 | R99: 85792.752 | S99: =+IF(O99="N/A","N/A",MIN(O99,R99)) -> 85792.752 | T99: =+IF(O99="N/A","N/A",ROUND(AVERAGE(O99,R99),0)) -> 136140 | U99: =+IF(S99="N/A","N/A",AVERAGE(S99:T99)) -> 110966.38
A100: 84 | B100: CAMBIO PESA | C100: 1 | F100: 131102.83 | G100: 68000 | I100: 114580.8 | J100: =+IF(F100="N/A","N/A",MIN(F100,I100)) -> 114580.8 | K100: =+IF(F100="N/A","N/A",ROUND(AVERAGE(F100,I100),0)) -> 122842 | L100: =+IF(J100="N/A","N/A",AVERAGE(J100:K100)) -> 118711.4 | O100: 139864.73 | P100: 94000 | R100: 118874.03 | S100: =+IF(O100="N/A","N/A",MIN(O100,R100)) -> 118874.03 | T100: =+IF(O100="N/A","N/A",ROUND(AVERAGE(O100,R100),0)) -> 129369 | U100: =+IF(S100="N/A","N/A",AVERAGE(S100:T100)) -> 124121.51
A101: 85 | B101: AJUSTE RODAMIENTO DIRECCION | C101: 1 | F101: 87401.886 | G101: 75000 | I101: 87174.063 | J101: =+IF(F101="N/A","N/A",MIN(F101,I101)) -> 87174.063 | K101: =+IF(F101="N/A","N/A",ROUND(AVERAGE(F101,I101),0)) -> 87288 | L101: =+IF(J101="N/A","N/A",AVERAGE(J101:K101)) -> 87231.032 | O101: 93243.15 | P101: 95000 | R101: 88238.403 | S101: =+IF(O101="N/A","N/A",MIN(O101,R101)) -> 88238.403 | T101: =+IF(O101="N/A","N/A",ROUND(AVERAGE(O101,R101),0)) -> 90741 | U101: =+IF(S101="N/A","N/A",AVERAGE(S101:T101)) -> 89489.701
A102: 86 | B102: CAMBIAR RODAMIENTO DIRECCION | C102: 1 | F102: 131102.83 | G102: 88000 | I102: 122670.95 | J102: =+IF(F102="N/A","N/A",MIN(F102,I102)) -> 122670.95 | K102: =+IF(F102="N/A","N/A",ROUND(AVERAGE(F102,I102),0)) -> 126887 | L102: =+IF(J102="N/A","N/A",AVERAGE(J102:K102)) -> 124778.97 | O102: 139864.73 | P102: 113000 | R102: 126964.17 | S102: =+IF(O102="N/A","N/A",MIN(O102,R102)) -> 126964.17 | T102: =+IF(O102="N/A","N/A",ROUND(AVERAGE(O102,R102),0)) -> 133414 | U102: =+IF(S102="N/A","N/A",AVERAGE(S102:T102)) -> 130189.09
A103: 87 | B103: ENGRASAR RODAMIENTO DIRECCION | C103: 1 | F103: 87401.886 | G103: 46000 | I103: 66812.031 | J103: =+IF(F103="N/A","N/A",MIN(F103,I103)) -> 66812.031 | K103: =+IF(F103="N/A","N/A",ROUND(AVERAGE(F103,I103),0)) -> 77107 | L103: =+IF(J103="N/A","N/A",AVERAGE(J103:K103)) -> 71959.516 | O103: 93243.15 | P103: 57000 | R103: 67166.811 | S103: =+IF(O103="N/A","N/A",MIN(O103,R103)) -> 67166.811 | T103: =+IF(O103="N/A","N/A",ROUND(AVERAGE(O103,R103),0)) -> 80205 | U103: =+IF(S103="N/A","N/A",AVERAGE(S103:T103)) -> 73685.905
B104: SISTEMA DE FRENOS | J104: =+IF(F104="N/A","N/A",MIN(F104,I104)) -> 0 | K104: =+IF(F104="N/A","N/A",ROUND(AVERAGE(F104,I104),0)) -> #DIV/0!
A105: 88 | B105: Mantenimiento general frenos (entiéndase por: limpieza profunda de mordazas y campana, mantenimiento bombas de freno, mantenimiento de cilindros con cambio de orrings , cambio de liquido de frenos según corresponda, purga de frenos, cambio de pastillas según corresponda, cambio o mantenimiento de bandas según corresponda. | C105: 1 | F105: 305906.6 | G105: 163000 | I105: 259265.07 | J105: =+IF(F105="N/A","N/A",MIN(F105,I105)) -> 259265.07 | K105: =+IF(F105="N/A","N/A",ROUND(AVERAGE(F105,I105),0)) -> 282586 | L105: =+IF(J105="N/A","N/A",AVERAGE(J105:K105)) -> 270925.53 | O105: 326351.03 | P105: 199000 | R105: 273777.11 | S105: =+IF(O105="N/A","N/A",MIN(O105,R105)) -> 273777.11 | T105: =+IF(O105="N/A","N/A",ROUND(AVERAGE(O105,R105),0)) -> 300064 | U105: =+IF(S105="N/A","N/A",AVERAGE(S105:T105)) -> 286920.56
A106: 89 | B106: CAMBIAR PASTILLAS DELANTERAS | C106: 1 | F106: 65551.414 | G106: 84000 | I106: 70773.977 | J106: =+IF(F106="N/A","N/A",MIN(F106,I106)) -> 65551.414 | K106: =+IF(F106="N/A","N/A",ROUND(AVERAGE(F106,I106),0)) -> 68163 | L106: =+IF(J106="N/A","N/A",AVERAGE(J106:K106)) -> 66857.207 | O106: 69932.363 | P106: 99000 | R106: 71572.232 | S106: =+IF(O106="N/A","N/A",MIN(O106,R106)) -> 69932.363 | T106: =+IF(O106="N/A","N/A",ROUND(AVERAGE(O106,R106),0)) -> 70752 | U106: =+IF(S106="N/A","N/A",AVERAGE(S106:T106)) -> 70342.181
A107: 90 | B107: CAMBIAR PASTILLAS TRASERAS | C107: 1 | E107: N/A | F107: N/A | G107: N/A | H107: N/A | I107: N/A | J107: =+IF(F107="N/A","N/A",MIN(F107,I107)) -> N/A | K107: =+IF(F107="N/A","N/A",ROUND(AVERAGE(F107,I107),0)) -> N/A | L107: N/A | O107: 40500 | P107: 87000 | R107: 56631.015 | S107: =+IF(O107="N/A","N/A",MIN(O107,R107)) -> 40500 | T107: =+IF(O107="N/A","N/A",ROUND(AVERAGE(O107,R107),0)) -> 48566 | U107: =+IF(S107="N/A","N/A",AVERAGE(S107:T107)) -> 44533
A108: 91 | B108: CAMBIO BANDAS DELANTERAS | C108: 1 | F108: 65551.414 | G108: 84000 | I108: 70773.977 | J108: =+IF(F108="N/A","N/A",MIN(F108,I108)) -> 65551.414 | K108: =+IF(F108="N/A","N/A",ROUND(AVERAGE(F108,I108),0)) -> 68163 | L108: =+IF(J108="N/A","N/A",AVERAGE(J108:K108)) -> 66857.207 | O108: 69932.363 | P108: 104000 | R108: 74268.947 | S108: =+IF(O108="N/A","N/A",MIN(O108,R108)) -> 69932.363 | T108: =+IF(O108="N/A","N/A",ROUND(AVERAGE(O108,R108),0)) -> 72101 | U108: =+IF(S108="N/A","N/A",AVERAGE(S108:T108)) -> 71016.681
A109: 92 | B109: CAMBIO BANDAS TRASERAS | C109: 1 | F109: 65551.414 | G109: 84000 | I109: 70773.977 | J109: =+IF(F109="N/A","N/A",MIN(F109,I109)) -> 65551.414 | K109: =+IF(F109="N/A","N/A",ROUND(AVERAGE(F109,I109),0)) -> 68163 | L109: =+IF(J109="N/A","N/A",AVERAGE(J109:K109)) -> 66857.207 | O109: 69932.363 | P109: 104000 | R109: 74268.947 | S109: =+IF(O109="N/A","N/A",MIN(O109,R109)) -> 69932.363 | T109: =+IF(O109="N/A","N/A",ROUND(AVERAGE(O109,R109),0)) -> 72101 | U109: =+IF(S109="N/A","N/A",AVERAGE(S109:T109)) -> 71016.681
A110: 93 | B110: CAMBIO BOMBA FRENOS | C110: 1 | F110: 109252.36 | G110: 115000 | I110: 100877.43 | J110: =+IF(F110="N/A","N/A",MIN(F110,I110)) -> 100877.43 | K110: =+IF(F110="N/A","N/A",ROUND(AVERAGE(F110,I110),0)) -> 105065 | L110: =+IF(J110="N/A","N/A",AVERAGE(J110:K110)) -> 102971.22 | O110: 116553.94 | P110: 145000 | R110: 104904.57 | S110: =+IF(O110="N/A","N/A",MIN(O110,R110)) -> 104904.57 | T110: =+IF(O110="N/A","N/A",ROUND(AVERAGE(O110,R110),0)) -> 110729 | U110: =+IF(S110="N/A","N/A",AVERAGE(S110:T110)) -> 107816.79
A111: 94 | B111: CAMBIO DISCO FRENO DELANTEROS | C111: 1 | F111: 163878.54 | G111: 65000 | I111: 137832.58 | J111: =+IF(F111="N/A","N/A",MIN(F111,I111)) -> 137832.58 | K111: =+IF(F111="N/A","N/A",ROUND(AVERAGE(F111,I111),0)) -> 150856 | L111: =+IF(J111="N/A","N/A",AVERAGE(J111:K111)) -> 144344.29 | O111: 174830.91 | P111: 88000 | R111: 142524.93 | S111: =+IF(O111="N/A","N/A",MIN(O111,R111)) -> 142524.93 | T111: =+IF(O111="N/A","N/A",ROUND(AVERAGE(O111,R111),0)) -> 158678 | U111: =+IF(S111="N/A","N/A",AVERAGE(S111:T111)) -> 150601.46
A112: 95 | B112: CAMBIO DISCO FRENO TRASEROS | C112: 1 | E112: N/A | F112: N/A | G112: N/A | H112: N/A | I112: N/A | J112: =+IF(F112="N/A","N/A",MIN(F112,I112)) -> N/A | K112: =+IF(F112="N/A","N/A",ROUND(AVERAGE(F112,I112),0)) -> N/A | L112: N/A | O112: 54000 | P112: 99000 | R112: 72811.305 | S112: =+IF(O112="N/A","N/A",MIN(O112,R112)) -> 54000 | T112: =+IF(O112="N/A","N/A",ROUND(AVERAGE(O112,R112),0)) -> 63406 | U112: =+IF(S112="N/A","N/A",AVERAGE(S112:T112)) -> 58703
A113: 96 | B113: CAMBIO CAMPANA | C113: 1 | F113: 305906.6 | G113: 79000 | I113: 161030.8 | J113: =+IF(F113="N/A","N/A",MIN(F113,I113)) -> 161030.8 | K113: =+IF(F113="N/A","N/A",ROUND(AVERAGE(F113,I113),0)) -> 233469 | L113: =+IF(J113="N/A","N/A",AVERAGE(J113:K113)) -> 197249.9 | O113: 326351.03 | P113: 111000 | R113: 194633.11 | S113: =+IF(O113="N/A","N/A",MIN(O113,R113)) -> 194633.11 | T113: =+IF(O113="N/A","N/A",ROUND(AVERAGE(O113,R113),0)) -> 260492 | U113: =+IF(S113="N/A","N/A",AVERAGE(S113:T113)) -> 227562.56
A114: 97 | B114: RECTIFICAR CAMPANA | C114: 1 | F114: 349607.54 | G114: 48000 | I114: 170166.38 | J114: =+IF(F114="N/A","N/A",MIN(F114,I114)) -> 170166.38 | K114: =+IF(F114="N/A","N/A",ROUND(AVERAGE(F114,I114),0)) -> 259887 | L114: =+IF(J114="N/A","N/A",AVERAGE(J114:K114)) -> 215026.69 | O114: 372972.6 | P114: 61000 | R114: 179675.65 | S114: =+IF(O114="N/A","N/A",MIN(O114,R114)) -> 179675.65 | T114: =+IF(O114="N/A","N/A",ROUND(AVERAGE(O114,R114),0)) -> 276324 | U114: =+IF(S114="N/A","N/A",AVERAGE(S114:T114)) -> 227999.82
A115: 98 | B115: CAMBIO MORDAZA | C115: 1 | F115: 87401.886 | G115: 42000 | I115: 79083.918 | J115: =+IF(F115="N/A","N/A",MIN(F115,I115)) -> 79083.918 | K115: =+IF(F115="N/A","N/A",ROUND(AVERAGE(F115,I115),0)) -> 83243 | L115: =+IF(J115="N/A","N/A",AVERAGE(J115:K115)) -> 81163.459 | O115: 93243.15 | P115: 53000 | R115: 82844.973 | S115: =+IF(O115="N/A","N/A",MIN(O115,R115)) -> 82844.973 | T115: =+IF(O115="N/A","N/A",ROUND(AVERAGE(O115,R115),0)) -> 88044 | U115: =+IF(S115="N/A","N/A",AVERAGE(S115:T115)) -> 85444.486
A116: 99 | B116: CAMBIO GUAYA FRENO | C116: 1 | F116: 65551.414 | G116: 48000 | I116: 73470.692 | J116: =+IF(F116="N/A","N/A",MIN(F116,I116)) -> 65551.414 | K116: =+IF(F116="N/A","N/A",ROUND(AVERAGE(F116,I116),0)) -> 69511 | L116: =+IF(J116="N/A","N/A",AVERAGE(J116:K116)) -> 67531.207 | O116: 69932.363 | P116: 60000 | R116: 76965.662 | S116: =+IF(O116="N/A","N/A",MIN(O116,R116)) -> 69932.363 | T116: =+IF(O116="N/A","N/A",ROUND(AVERAGE(O116,R116),0)) -> 73449 | U116: =+IF(S116="N/A","N/A",AVERAGE(S116:T116)) -> 71690.681
A117: 100 | B117: CAMBIO MANGUERA FRENO | C117: 1 | F117: 65551.414 | G117: 39000 | I117: 65380.547 | J117: =+IF(F117="N/A","N/A",MIN(F117,I117)) -> 65380.547 | K117: =+IF(F117="N/A","N/A",ROUND(AVERAGE(F117,I117),0)) -> 65466 | L117: =+IF(J117="N/A","N/A",AVERAGE(J117:K117)) -> 65423.274 | O117: 69932.363 | P117: 49000 | R117: 66178.802 | S117: =+IF(O117="N/A","N/A",MIN(O117,R117)) -> 66178.802 | T117: =+IF(O117="N/A","N/A",ROUND(AVERAGE(O117,R117),0)) -> 68056 | U117: =+IF(S117="N/A","N/A",AVERAGE(S117:T117)) -> 67117.401
A118: 101 | B118: CAMBIO LIQUIDO FRENOS | C118: 1 | F118: 21850.471 | G118: 20000 | I118: 19096.801 | J118: =+IF(F118="N/A","N/A",MIN(F118,I118)) -> 19096.801 | K118: =+IF(F118="N/A","N/A",ROUND(AVERAGE(F118,I118),0)) -> 20474 | L118: =+IF(J118="N/A","N/A",AVERAGE(J118:K118)) -> 19785.4 | O118: 23310.787 | P118: 28000 | R118: 19362.886 | S118: =+IF(O118="N/A","N/A",MIN(O118,R118)) -> 19362.886 | T118: =+IF(O118="N/A","N/A",ROUND(AVERAGE(O118,R118),0)) -> 21337 | U118: =+IF(S118="N/A","N/A",AVERAGE(S118:T118)) -> 20349.943
A119: 102 | B119: TENSIÓN FRENOS | C119: 1 | F119: 10925.236 | G119: 29000 | I119: 14941.83 | J119: =+IF(F119="N/A","N/A",MIN(F119,I119)) -> 10925.236 | K119: =+IF(F119="N/A","N/A",ROUND(AVERAGE(F119,I119),0)) -> 12934 | L119: =+IF(J119="N/A","N/A",AVERAGE(J119:K119)) -> 11929.618 | O119: 11655.394 | P119: 37000 | R119: 15074.873 | S119: =+IF(O119="N/A","N/A",MIN(O119,R119)) -> 11655.394 | T119: =+IF(O119="N/A","N/A",ROUND(AVERAGE(O119,R119),0)) -> 13365 | U119: =+IF(S119="N/A","N/A",AVERAGE(S119:T119)) -> 12510.197
A120: 103 | B120: CAMBIO PERA PEDAL FRENO | C120: 1 | F120: 21850.471 | G120: 46000 | I120: 37973.806 | J120: =+IF(F120="N/A","N/A",MIN(F120,I120)) -> 21850.471 | K120: =+IF(F120="N/A","N/A",ROUND(AVERAGE(F120,I120),0)) -> 29912 | L120: =+IF(J120="N/A","N/A",AVERAGE(J120:K120)) -> 25881.236 | O120: 23310.787 | P120: 57000 | R120: 38239.891 | S120: =+IF(O120="N/A","N/A",MIN(O120,R120)) -> 23310.787 | T120: =+IF(O120="N/A","N/A",ROUND(AVERAGE(O120,R120),0)) -> 30775 | U120: =+IF(S120="N/A","N/A",AVERAGE(S120:T120)) -> 27042.894
A121: 104 | B121: CAMBIO PALANCA FRENO | C121: 1 | F121: 43700.943 | G121: 60000 | I121: 67857.467 | J121: =+IF(F121="N/A","N/A",MIN(F121,I121)) -> 43700.943 | K121: =+IF(F121="N/A","N/A",ROUND(AVERAGE(F121,I121),0)) -> 55779 | L121: =+IF(J121="N/A","N/A",AVERAGE(J121:K121)) -> 49739.971 | O121: 46621.575 | P121: 71000 | R121: 71086.351 | S121: =+IF(O121="N/A","N/A",MIN(O121,R121)) -> 46621.575 | T121: =+IF(O121="N/A","N/A",ROUND(AVERAGE(O121,R121),0)) -> 58854 | U121: =+IF(S121="N/A","N/A",AVERAGE(S121:T121)) -> 52737.787
A122: 105 | B122: MANTENIMIENTO MORDAZAS O KALIPER FRENOS | C122: 1 | F122: 87401.886 | G122: 72000 | I122: 92567.493 | J122: =+IF(F122="N/A","N/A",MIN(F122,I122)) -> 87401.886 | K122: =+IF(F122="N/A","N/A",ROUND(AVERAGE(F122,I122),0)) -> 89985 | L122: =+IF(J122="N/A","N/A",AVERAGE(J122:K122)) -> 88693.443 | O122: 93243.15 | P122: 98000 | R122: 93631.833 | S122: =+IF(O122="N/A","N/A",MIN(O122,R122)) -> 93243.15 | T122: =+IF(O122="N/A","N/A",ROUND(AVERAGE(O122,R122),0)) -> 93437 | U122: =+IF(S122="N/A","N/A",AVERAGE(S122:T122)) -> 93340.075
B123: SISTEMA ELÉCTRICO | J123: =+IF(F123="N/A","N/A",MIN(F123,I123)) -> 0 | K123: =+IF(F123="N/A","N/A",ROUND(AVERAGE(F123,I123),0)) -> #DIV/0!
A124: 106 | B124: ARREGLAR SISTEMA ELÉCTRICO GENERAL | C124: 1 | F124: 393308.49 | G124: 121000 | I124: 179301.96 | J124: =+IF(F124="N/A","N/A",MIN(F124,I124)) -> 179301.96 | K124: =+IF(F124="N/A","N/A",ROUND(AVERAGE(F124,I124),0)) -> 286305 | L124: =+IF(J124="N/A","N/A",AVERAGE(J124:K124)) -> 232803.48 | O124: 419594.17 | P124: 149000 | R124: 188988.62 | S124: =+IF(O124="N/A","N/A",MIN(O124,R124)) -> 188988.62 | T124: =+IF(O124="N/A","N/A",ROUND(AVERAGE(O124,R124),0)) -> 304291 | U124: =+IF(S124="N/A","N/A",AVERAGE(S124:T124)) -> 246639.81
A125: 107 | B125: CAMBIO GENERAL INSTALACIONES ELÉCTRICAS | C125: 1 | F125: 349607.54 | G125: 205000 | I125: 313638.96 | J125: =+IF(F125="N/A","N/A",MIN(F125,I125)) -> 313638.96 | K125: =+IF(F125="N/A","N/A",ROUND(AVERAGE(F125,I125),0)) -> 331623 | L125: =+IF(J125="N/A","N/A",AVERAGE(J125:K125)) -> 322630.98 | O125: 372972.6 | P125: 258000 | R125: 328683.18 | S125: =+IF(O125="N/A","N/A",MIN(O125,R125)) -> 328683.18 | T125: =+IF(O125="N/A","N/A",ROUND(AVERAGE(O125,R125),0)) -> 350828 | U125: =+IF(S125="N/A","N/A",AVERAGE(S125:T125)) -> 339755.59
...

Sheet REPUESTOS MOTOS 
E2: COTIZACIÓN No.1 | F2: COTIZACIÓN No.2 | G2: COTIZACIÓN No.3 | H2: HISTORICOS DE CONTRATACIÓN | I2: MINIMO | J2: PROMEDIO | M2: COTIZACIÓN No.1 | N2: COTIZACIÓN No.2 | O2: COTIZACIÓN No.3 | P2: HISTORICOS DE CONTRATACIÓN | Q2: MINIMO | R2: PROMEDIO | U2: COTIZACIÓN No.1 | V2: COTIZACIÓN No.2 | W2: COTIZACIÓN No.3 | X2: HISTORICOS DE CONTRATACIÓN | Y2: MINIMO | Z2: PROMEDIO | AC2: COTIZACIÓN No.1 | AD2: COTIZACIÓN No.2 | AE2: COTIZACIÓN No.3 | AF2: HISTORICOS DE CONTRATACIÓN | AG2: MINIMO | AH2: PROMEDIO
A3: NECESIDAD CONTRATACÓN MULTIMARCA MANO DE OBRA | E3: 1. REPUESTOS | F3: 1. REPUESTOS | G3: 1. REPUESTOS | H3: 1. REPUESTOS | I3: 1. REPUESTOS | J3: 1. REPUESTOS | K3: 1. REPUESTOS | M3: 2. REPUESTOS | N3: 2. REPUESTOS | O3: 2. REPUESTOS | P3: 2. REPUESTOS | Q3: 2. REPUESTOS | R3: 2. REPUESTOS | S3: 2. REPUESTOS | U3: 3. REPUESTOS | V3: 3. REPUESTOS | W3: 3. REPUESTOS | X3: 3. REPUESTOS | Y3: 3. REPUESTOS | Z3: 3. REPUESTOS | AA3: 3. REPUESTOS | AC3: 4. REPUESTOS | AD3: 4. REPUESTOS | AE3: 4. REPUESTOS | AF3: 4. REPUESTOS | AG3: 4. REPUESTOS | AH3: 4. REPUESTOS | AI3: 4. REPUESTOS
A5: NOMBRE DEL ACTIVO | E5: MOTOCICLETA | F5: MOTOCICLETA | G5: MOTOCICLETA | H5: MOTOCICLETA | I5: MOTOCICLETA | J5: MOTOCICLETA | K5: MOTOCICLETA | M5: MOTOCICLETA | N5: MOTOCICLETA | O5: MOTOCICLETA | P5: MOTOCICLETA | Q5: MOTOCICLETA | R5: MOTOCICLETA | S5: MOTOCICLETA | U5: MOTOCICLETA | V5: MOTOCICLETA | W5: MOTOCICLETA | X5: MOTOCICLETA | Y5: MOTOCICLETA | Z5: MOTOCICLETA | AA5: MOTOCICLETA | AC5: MOTOCICLETA | AD5: MOTOCICLETA | AE5: MOTOCICLETA | AF5: MOTOCICLETA | AG5: MOTOCICLETA | AH5: MOTOCICLETA | AI5: MOTOCICLETA
A6: MARCA | E6: HONDA | F6: HONDA | G6: HONDA | H6: HONDA | I6: HONDA | J6: HONDA | K6: HONDA | M6: SUZUKI | N6: SUZUKI | O6: SUZUKI | P6: SUZUKI | Q6: SUZUKI | R6: SUZUKI | S6: SUZUKI | U6: YAMAHA | V6: YAMAHA | W6: YAMAHA | X6: YAMAHA | Y6: YAMAHA | Z6: YAMAHA | AA6: YAMAHA | AC6: YAMAHA | AD6: YAMAHA | AE6: YAMAHA | AF6: YAMAHA | AG6: YAMAHA | AH6: YAMAHA | AI6: YAMAHA
A7: LÍNEA | C7: CANTIDAD | E7: ELITE + 125 (1) | F7: ELITE + 125 (1) | G7: ELITE + 125 (1) | H7: ELITE + 125 (1) | I7: ELITE + 125 (1) | J7: ELITE + 125 (1) | K7: ELITE + 125 (1) | M7: DR 200 (1) | N7: DR 200 (1) | O7: DR 200 (1) | P7: DR 200 (1) | Q7: DR 200 (1) | R7: DR 200 (1) | S7: DR 200 (1) | U7: XTZ125 (1) | V7: XTZ125 (1) | W7: XTZ125 (1) | X7: XTZ125 (1) | Y7: XTZ125 (1) | Z7: XTZ125 (1) | AA7: XTZ125 (1) | AC7: BWS (2) | AD7: BWS (2) | AE7: BWS (2) | AF7: BWS (2) | AG7: BWS (2) | AH7: BWS (2) | AI7: BWS (2)
A8: MODELO | E8: 2016 | F8: 2016 | G8: 2016 | H8: 2016 | I8: 2016 | J8: 2016 | K8: 2016 | M8: 2014 | N8: 2014 | O8: 2014 | P8: 2014 | Q8: 2014 | R8: 2014 | S8: 2014 | U8: 2018 | V8: 2018 | W8: 2018 | X8: 2018 | Y8: 2018 | Z8: 2018 | AA8: 2018 | AC8: 2018 | AD8: 2018 | AE8: 2018 | AF8: 2018 | AG8: 2018 | AH8: 2018 | AI8: 2018
A9: MUTIMARCA MOTOCICLETAS | E9: COSTO REPUESTO (S) | F9: COSTO REPUESTO (S) | G9: COSTO REPUESTO (S) | H9: COSTO REPUESTO (S) | I9: COSTO REPUESTO (S) | J9: COSTO REPUESTO (S) | K9: COSTO REPUESTO (S) | M9: COSTO REPUESTO (S) | N9: COSTO REPUESTO (S) | O9: COSTO REPUESTO (S) | P9: COSTO REPUESTO (S) | Q9: COSTO REPUESTO (S) | R9: COSTO REPUESTO (S) | S9: COSTO REPUESTO (S) | U9: COSTO REPUESTO (S) | V9: COSTO REPUESTO (S) | W9: COSTO REPUESTO (S) | X9: COSTO REPUESTO (S) | Y9: COSTO REPUESTO (S) | Z9: COSTO REPUESTO (S) | AA9: COSTO REPUESTO (S) | AC9: COSTO REPUESTO (S) | AD9: COSTO REPUESTO (S) | AE9: COSTO REPUESTO (S) | AF9: COSTO REPUESTO (S) | AG9: COSTO REPUESTO (S) | AH9: COSTO REPUESTO (S) | AI9: COSTO REPUESTO (S)
E10: VALOR UNITARIO | F10: VALOR UNITARIO | G10: VALOR UNITARIO | H10: VALOR UNITARIO | I10: VALOR UNITARIO | J10: VALOR UNITARIO | K10: VALOR UNITARIO | M10: VALOR UNITARIO | N10: VALOR UNITARIO | O10: VALOR UNITARIO | P10: VALOR UNITARIO | Q10: VALOR UNITARIO | R10: VALOR UNITARIO | S10: VALOR UNITARIO | U10: VALOR UNITARIO | V10: VALOR UNITARIO | W10: VALOR UNITARIO | X10: VALOR UNITARIO | Y10: VALOR UNITARIO | Z10: VALOR UNITARIO | AA10: VALOR UNITARIO | AC10: VALOR UNITARIO | AD10: VALOR UNITARIO | AE10: VALOR UNITARIO | AF10: VALOR UNITARIO | AG10: VALOR UNITARIO | AH10: VALOR UNITARIO | AI10: VALOR UNITARIO
A11: ÌTEM | B11: SISTEMA DE FRENOS
A12: 1 | B12: Juego De Bandas Frenos (Dos pares) | C12: 1 | E12: 79495.762 | F12: 64000 | H12: 76031.771 | I12: =+IF(E12="N/A","N/A",MIN(E12,H12)) -> 76031.771 | J12: =+IF(E12="N/A","N/A",ROUND(AVERAGE(E12,H12),0)) -> 77764 | K12: =+IF(I12="N/A","N/A",AVERAGE(I12:J12)) -> 76897.886 | M12: 88328.625 | N12: 113000 | P12: 94631.177 | Q12: =+IF(M12="N/A","N/A",MIN(M12:P12)) -> 88328.625 | R12: =+IF(M12="N/A","N/A",ROUND(AVERAGE(M12:P12),0)) -> 98653 | S12: =+IF(Q12="N/A","N/A",AVERAGE(Q12:R12)) -> 93490.812 | U12: 89656.875 | V12: 90000 | X12: 91072.128 | Y12: =+IF(U12="N/A","N/A",MIN(U12:X12)) -> 89656.875 | Z12: =+IF(U12="N/A","N/A",ROUND(AVERAGE(U12:X12),0)) -> 90243 | AA12: =+IF(Y12="N/A","N/A",AVERAGE(Y12:Z12)) -> 89949.938 | AC12: 90321 | AD12: 113000 | AF12: 103310.29 | AG12: =+IF(AC12="N/A","N/A",MIN(AC12:AF12)) -> 90321 | AH12: =+IF(AC12="N/A","N/A",ROUND(AVERAGE(AC12:AF12),0)) -> 102210 | AI12: =+IF(AG12="N/A","N/A",AVERAGE(AG12:AH12)) -> 96265.5
A13: 2 | B13: Juego De Pastillas De Frenos Delantera (Dos pares) | C13: 1 | E13: 79495.762 | F13: 93000 | H13: 76302.687 | I13: =+IF(E13="N/A","N/A",MIN(E13:H13)) -> 76302.687 | J13: =+IF(E13="N/A","N/A",ROUND(AVERAGE(E13:H13),0)) -> 82933 | K13: =+IF(I13="N/A","N/A",AVERAGE(I13:J13)) -> 79617.843 | M13: 88328.625 | N13: 143000 | P13: 94065.56 | Q13: =+IF(M13="N/A","N/A",MIN(M13:P13)) -> 88328.625 | R13: =+IF(M13="N/A","N/A",ROUND(AVERAGE(M13:P13),0)) -> 108465 | S13: =+IF(Q13="N/A","N/A",AVERAGE(Q13:R13)) -> 98396.812 | U13: 89656.875 | V13: 160000 | X13: 91072.128 | Y13: =+IF(U13="N/A","N/A",MIN(U13:X13)) -> 89656.875 | Z13: =+IF(U13="N/A","N/A",ROUND(AVERAGE(U13:X13),0)) -> 113576 | AA13: =+IF(Y13="N/A","N/A",AVERAGE(Y13:Z13)) -> 101616.44 | AC13: 90321 | AD13: 160000 | AF13: 103310.29 | AG13: =+IF(AC13="N/A","N/A",MIN(AC13:AF13)) -> 90321 | AH13: =+IF(AC13="N/A","N/A",ROUND(AVERAGE(AC13:AF13),0)) -> 117877 | AI13: =+IF(AG13="N/A","N/A",AVERAGE(AG13:AH13)) -> 104099
A14: 3 | B14: Liquido De Freno (Pinta 290 ml) | C14: 1 | E14: 26498.588 | F14: 9000 | H14: 15862.844 | I14: =+IF(E14="N/A","N/A",MIN(E14,H14)) -> 15862.844 | J14: =+IF(E14="N/A","N/A",ROUND(AVERAGE(E14,H14),0)) -> 21181 | K14: =+IF(I14="N/A","N/A",AVERAGE(I14:J14)) -> 18521.922 | M14: 26498.588 | N14: 18000 | P14: 16725.407 | Q14: =+IF(M14="N/A","N/A",MIN(M14:P14)) -> 16725.407 | R14: =+IF(M14="N/A","N/A",ROUND(AVERAGE(M14:P14),0)) -> 20408 | S14: =+IF(Q14="N/A","N/A",AVERAGE(Q14:R14)) -> 18566.704 | U14: 26897.062 | V14: 15000 | X14: 16838.531 | Y14: =+IF(U14="N/A","N/A",MIN(U14:X14)) -> 15000 | Z14: =+IF(U14="N/A","N/A",ROUND(AVERAGE(U14:X14),0)) -> 19579 | AA14: =+IF(Y14="N/A","N/A",AVERAGE(Y14:Z14)) -> 17289.5 | AC14: 27096.3 | AD14: 19000 | AF14: 20642.327 | AG14: =+IF(AC14="N/A","N/A",MIN(AC14,AF14)) -> 20642.327 | AH14: =+IF(AC14="N/A","N/A",ROUND(AVERAGE(AC14,AF14),0)) -> 23869 | AI14: =+IF(AG14="N/A","N/A",AVERAGE(AG14:AH14)) -> 22255.663
B15: SINCRONIZACIÓN | H15: 0 | P15: 0 | X15: 0 | AF15: 0
A16: 4 | B16: Bujía | C16: 1 | E16: 31798.305 | F16: 16000 | H16: 25171.372 | I16: =+IF(E16="N/A","N/A",MIN(E16,H16)) -> 25171.372 | J16: =+IF(E16="N/A","N/A",ROUND(AVERAGE(E16,H16),0)) -> 28485 | K16: =+IF(I16="N/A","N/A",AVERAGE(I16:J16)) -> 26828.186 | M16: 31798.305 | N16: 28000 | P16: 26610.247 | Q16: =+IF(M16="N/A","N/A",MIN(M16:P16)) -> 26610.247 | R16: =+IF(M16="N/A","N/A",ROUND(AVERAGE(M16:P16),0)) -> 28803 | S16: =+IF(Q16="N/A","N/A",AVERAGE(Q16:R16)) -> 27706.624 | U16: 32276.475 | V16: 13000 | X16: 27644.769 | Y16: =+IF(U16="N/A","N/A",MIN(U16,X16)) -> 27644.769 | Z16: =+IF(U16="N/A","N/A",ROUND(AVERAGE(U16,X16),0)) -> 29961 | AA16: =+IF(Y16="N/A","N/A",AVERAGE(Y16:Z16)) -> 28802.884 | AC16: 32515.56 | AD16: 28000 | AF16: 31498.786 | AG16: =+IF(AC16="N/A","N/A",MIN(AC16,AF16)) -> 31498.786 | AH16: =+IF(AC16="N/A","N/A",ROUND(AVERAGE(AC16,AF16),0)) -> 32007 | AI16: =+IF(AG16="N/A","N/A",AVERAGE(AG16:AH16)) -> 31752.893
A17: 5 | B17: Filtro Aire | C17: 1 | E17: 158991.52 | F17: 22000 | H17: 47896.005 | I17: =+IF(E17="N/A","N/A",MIN(E17:H17)) -> 22000 | J17: =+IF(E17="N/A","N/A",ROUND(AVERAGE(E17:H17),0)) -> 76296 | K17: =+IF(I17="N/A","N/A",AVERAGE(I17:J17)) -> 49148 | M17: 158991.52 | N17: 37000 | P17: 50922.045 | Q17: =+IF(M17="N/A","N/A",MIN(M17:P17)) -> 37000 | R17: =+IF(M17="N/A","N/A",ROUND(AVERAGE(M17:P17),0)) -> 82305 | S17: =+IF(Q17="N/A","N/A",AVERAGE(Q17:R17)) -> 59652.5 | U17: 161382.38 | V17: 30000 | X17: 50649.597 | Y17: =+IF(U17="N/A","N/A",MIN(U17:X17)) -> 30000 | Z17: =+IF(U17="N/A","N/A",ROUND(AVERAGE(U17:X17),0)) -> 80677 | AA17: =+IF(Y17="N/A","N/A",AVERAGE(Y17:Z17)) -> 55338.5 | AC17: 162577.8 | AD17: 43000 | AF17: 54223.103 | AG17: =+IF(AC17="N/A","N/A",MIN(AC17:AF17)) -> 43000 | AH17: =+IF(AC17="N/A","N/A",ROUND(AVERAGE(AC17:AF17),0)) -> 86600 | AI17: =+IF(AG17="N/A","N/A",AVERAGE(AG17:AH17)) -> 64800
A18: 6 | B18: Filtro Combustible | C18: 1 | E18: 35331.45 | F18: 19000 | H18: 25110.438 | I18: =+IF(E18="N/A","N/A",MIN(E18,H18)) -> 25110.438 | J18: =+IF(E18="N/A","N/A",ROUND(AVERAGE(E18,H18),0)) -> 30221 | K18: =+IF(I18="N/A","N/A",AVERAGE(I18:J18)) -> 27665.719 | M18: 35331.45 | N18: 28000 | P18: 26944.137 | Q18: =+IF(M18="N/A","N/A",MIN(M18:P18)) -> 26944.137 | R18: =+IF(M18="N/A","N/A",ROUND(AVERAGE(M18:P18),0)) -> 30092 | S18: =+IF(Q18="N/A","N/A",AVERAGE(Q18:R18)) -> 28518.068 | U18: 35862.75 | V18: 30000 | X18: 29342.761 | Y18: =+IF(U18="N/A","N/A",MIN(U18:X18)) -> 29342.761 | Z18: =+IF(U18="N/A","N/A",ROUND(AVERAGE(U18:X18),0)) -> 31735 | AA18: =+IF(Y18="N/A","N/A",AVERAGE(Y18:Z18)) -> 30538.881 | AC18: 36128.4 | AD18: 28000 | AF18: 30973.355 | AG18: =+IF(AC18="N/A","N/A",MIN(AC18,AF18)) -> 30973.355 | AH18: =+IF(AC18="N/A","N/A",ROUND(AVERAGE(AC18,AF18),0)) -> 33551 | AI18: =+IF(AG18="N/A","N/A",AVERAGE(AG18:AH18)) -> 32262.178
B19: SISTEMA DE RODAMIENTOS | H19: 0 | P19: 0 | X19: 0 | AF19: 0
A20: 7 | B20: Rodamiento tipo Balinera Delantero | C20: 1 | E20: 123660.07 | F20: 66000 | H20: 69691.817 | I20: =+IF(E20="N/A","N/A",MIN(E20:H20)) -> 66000 | J20: =+IF(E20="N/A","N/A",ROUND(AVERAGE(E20:H20),0)) -> 86451 | K20: =+IF(I20="N/A","N/A",AVERAGE(I20:J20)) -> 76225.5 | M20: 123660.07 | N20: 82000 | P20: 82338.976 | Q20: =+IF(M20="N/A","N/A",MIN(M20:P20)) -> 82000 | R20: =+IF(M20="N/A","N/A",ROUND(AVERAGE(M20:P20),0)) -> 96000 | S20: =+IF(Q20="N/A","N/A",AVERAGE(Q20:R20)) -> 89000 | U20: 125519.62 | V20: 90000 | X20: 82338.976 | Y20: =+IF(U20="N/A","N/A",MIN(U20:X20)) -> 82338.976 | Z20: =+IF(U20="N/A","N/A",ROUND(AVERAGE(U20:X20),0)) -> 99286 | AA20: =+IF(Y20="N/A","N/A",AVERAGE(Y20:Z20)) -> 90812.488 | AC20: 126449.4 | AD20: 82000 | AF20: 116169.81 | AG20: =+IF(AC20="N/A","N/A",MIN(AC20,AF20)) -> 116169.81 | AH20: =+IF(AC20="N/A","N/A",ROUND(AVERAGE(AC20,AF20),0)) -> 121310 | AI20: =+IF(AG20="N/A","N/A",AVERAGE(AG20:AH20)) -> 118739.91
A21: 8 | B21: Rodamiento tipo Balinera Trasero | C21: 1 | E21: 123660.07 | F21: 71000 | H21: 68994.264 | I21: =+IF(E21="N/A","N/A",MIN(E21:H21)) -> 68994.264 | J21: =+IF(E21="N/A","N/A",ROUND(AVERAGE(E21:H21),0)) -> 87885 | K21: =+IF(I21="N/A","N/A",AVERAGE(I21:J21)) -> 78439.632 | M21: 123660.07 | N21: 102000 | P21: 83130.839 | Q21: =+IF(M21="N/A","N/A",MIN(M21:P21)) -> 83130.839 | R21: =+IF(M21="N/A","N/A",ROUND(AVERAGE(M21:P21),0)) -> 102930 | S21: =+IF(Q21="N/A","N/A",AVERAGE(Q21:R21)) -> 93030.419 | U21: 125519.62 | V21: 105000 | X21: 83402.335 | Y21: =+IF(U21="N/A","N/A",MIN(U21:X21)) -> 83402.335 | Z21: =+IF(U21="N/A","N/A",ROUND(AVERAGE(U21:X21),0)) -> 104641 | AA21: =+IF(Y21="N/A","N/A",AVERAGE(Y21:Z21)) -> 94021.667 | AC21: 126449.4 | AD21: 120000 | AF21: 116169.81 | AG21: =+IF(AC21="N/A","N/A",MIN(AC21:AF21)) -> 116169.81 | AH21: =+IF(AC21="N/A","N/A",ROUND(AVERAGE(AC21:AF21),0)) -> 120873 | AI21: =+IF(AG21="N/A","N/A",AVERAGE(AG21:AH21)) -> 118521.41
A22: 9 | B22: Kit de Rodamiento (cadena, estrellas) | C22: 1 | E22: 345800 | F22: 192000 | H22: 292408.97 | I22: =+IF(E22="N/A","N/A",MIN(E22,H22)) -> 292408.97 | J22: =+IF(E22="N/A","N/A",ROUND(AVERAGE(E22,H22),0)) -> 319104 | K22: =+IF(I22="N/A","N/A",AVERAGE(I22:J22)) -> 305756.48 | M22: 391020 | N22: 253000 | P22: 263835.84 | Q22: =+IF(M22="N/A","N/A",MIN(M22:P22)) -> 253000 | R22: =+IF(M22="N/A","N/A",ROUND(AVERAGE(M22:P22),0)) -> 302619 | S22: =+IF(Q22="N/A","N/A",AVERAGE(Q22:R22)) -> 277809.5 | U22: 396900 | V22: 245000 | X22: 205004.56 | Y22: =+IF(U22="N/A","N/A",MIN(U22:X22)) -> 205004.56 | Z22: =+IF(U22="N/A","N/A",ROUND(AVERAGE(U22:X22),0)) -> 282302 | AA22: =+IF(Y22="N/A","N/A",AVERAGE(Y22:Z22)) -> 243653.28 | AC22: 357000 | AD22: 260000 | AF22: 294349.74 | AG22: =+IF(AC22="N/A","N/A",MIN(AC22,AF22)) -> 294349.74 | AH22: =+IF(AC22="N/A","N/A",ROUND(AVERAGE(AC22,AF22),0)) -> 325675 | AI22: =+IF(AG22="N/A","N/A",AVERAGE(AG22:AH22)) -> 310012.37
B23: SISTEMA ELÉCTRICO | H23: 0 | P23: 0 | X23: 0 | AF23: 0
A24: 10 | B24: Pito | C24: 1 | E24: 70662.9 | F24: 36000 | H24: 57684.323 | I24: =+IF(E24="N/A","N/A",MIN(E24,H24)) -> 57684.323 | J24: =+IF(E24="N/A","N/A",ROUND(AVERAGE(E24,H24),0)) -> 64174 | K24: =+IF(I24="N/A","N/A",AVERAGE(I24:J24)) -> 60929.161 | M24: 70662.9 | N24: 53000 | P24: 61102.735 | Q24: =+IF(M24="N/A","N/A",MIN(M24,P24)) -> 61102.735 | R24: =+IF(M24="N/A","N/A",ROUND(AVERAGE(M24,P24),0)) -> 65883 | S24: =+IF(Q24="N/A","N/A",AVERAGE(Q24:R24)) -> 63492.867 | U24: 71725.5 | V24: 50000 | X24: 62345.947 | Y24: =+IF(U24="N/A","N/A",MIN(U24,X24)) -> 62345.947 | Z24: =+IF(U24="N/A","N/A",ROUND(AVERAGE(U24,X24),0)) -> 67036 | AA24: =+IF(Y24="N/A","N/A",AVERAGE(Y24:Z24)) -> 64690.973 | AC24: 72256.8 | AD24: 53000 | AF24: 63240.556 | AG24: =+IF(AC24="N/A","N/A",MIN(AC24,AF24)) -> 63240.556 | AH24: =+IF(AC24="N/A","N/A",ROUND(AVERAGE(AC24,AF24),0)) -> 67749 | AI24: =+IF(AG24="N/A","N/A",AVERAGE(AG24:AH24)) -> 65494.778
A25: 11 | B25: Swiche Encendido | C25: 1 | E25: 388645.95 | F25: 125000 | H25: 184356.57 | I25: =+IF(E25="N/A","N/A",MIN(E25,H25)) -> 184356.57 | J25: =+IF(E25="N/A","N/A",ROUND(AVERAGE(E25,H25),0)) -> 286501 | K25: =+IF(I25="N/A","N/A",AVERAGE(I25:J25)) -> 235428.79 | M25: 388645.95 | N25: 160000 | P25: 220706.81 | Q25: =+IF(M25="N/A","N/A",MIN(M25,P25)) -> 220706.81 | R25: =+IF(M25="N/A","N/A",ROUND(AVERAGE(M25,P25),0)) -> 304676 | S25: =+IF(Q25="N/A","N/A",AVERAGE(Q25:R25)) -> 262691.41 | U25: 394490.25 | V25: 161000 | X25: 227521.73 | Y25: =+IF(U25="N/A","N/A",MIN(U25,X25)) -> 227521.73 | Z25: =+IF(U25="N/A","N/A",ROUND(AVERAGE(U25,X25),0)) -> 311006 | AA25: =+IF(Y25="N/A","N/A",AVERAGE(Y25:Z25)) -> 269263.87 | AC25: 397412.4 | AD25: 180000 | AF25: 223114.51 | AG25: =+IF(AC25="N/A","N/A",MIN(AC25,AF25)) -> 223114.51 | AH25: =+IF(AC25="N/A","N/A",ROUND(AVERAGE(AC25,AF25),0)) -> 310263 | AI25: =+IF(AG25="N/A","N/A",AVERAGE(AG25:AH25)) -> 266688.76
A26: 12 | B26: Batería Según Referencia | C26: 1 | E26: 317983.05 | F26: 128000 | H26: 203745.05 | I26: =+IF(E26="N/A","N/A",MIN(E26,H26)) -> 203745.05 | J26: =+IF(E26="N/A","N/A",ROUND(AVERAGE(E26,H26),0)) -> 260864 | K26: =+IF(I26="N/A","N/A",AVERAGE(I26:J26)) -> 232304.52 | M26: 317983.05 | N26: 160000 | P26: 241759.73 | Q26: =+IF(M26="N/A","N/A",MIN(M26,P26)) -> 241759.73 | R26: =+IF(M26="N/A","N/A",ROUND(AVERAGE(M26,P26),0)) -> 279871 | S26: =+IF(Q26="N/A","N/A",AVERAGE(Q26:R26)) -> 260815.37 | U26: 322764.75 | V26: 195000 | X26: 242362.73 | Y26: =+IF(U26="N/A","N/A",MIN(U26,X26)) -> 242362.73 | Z26: =+IF(U26="N/A","N/A",ROUND(AVERAGE(U26,X26),0)) -> 282564 | AA26: =+IF(Y26="N/A","N/A",AVERAGE(Y26:Z26)) -> 262463.36 | AC26: 325155.6 | AD26: 195000 | AF26: 260646.37 | AG26: =+IF(AC26="N/A","N/A",MIN(AC26,AF26)) -> 260646.37 | AH26: =+IF(AC26="N/A","N/A",ROUND(AVERAGE(AC26,AF26),0)) -> 292901 | AI26: =+IF(AG26="N/A","N/A",AVERAGE(AG26:AH26)) -> 276773.68
A27: 13 | B27: Bombillo Farola (Incluida instalación) | C27: 1 | E27: 26498.588 | F27: 8000 | H27: 22480.708 | I27: =+IF(E27="N/A","N/A",MIN(E27,H27)) -> 22480.708 | J27: =+IF(E27="N/A","N/A",ROUND(AVERAGE(E27,H27),0)) -> 24490 | K27: =+IF(I27="N/A","N/A",AVERAGE(I27:J27)) -> 23485.354 | M27: 26498.588 | N27: 12000 | P27: 22465.615 | Q27: =+IF(M27="N/A","N/A",MIN(M27,P27)) -> 22465.615 | R27: =+IF(M27="N/A","N/A",ROUND(AVERAGE(M27,P27),0)) -> 24482 | S27: =+IF(Q27="N/A","N/A",AVERAGE(Q27:R27)) -> 23473.807 | U27: 26897.062 | V27: 18000 | X27: 22465.615 | Y27: =+IF(U27="N/A","N/A",MIN(U27,X27)) -> 22465.615 | Z27: =+IF(U27="N/A","N/A",ROUND(AVERAGE(U27,X27),0)) -> 24681 | AA27: =+IF(Y27="N/A","N/A",AVERAGE(Y27:Z27)) -> 23573.307 | AC27: 27096.3 | AD27: 15000 | AF27: 20642.327 | AG27: =+IF(AC27="N/A","N/A",MIN(AC27,AF27)) -> 20642.327 | AH27: =+IF(AC27="N/A","N/A",ROUND(AVERAGE(AC27,AF27),0)) -> 23869 | AI27: =+IF(AG27="N/A","N/A",AVERAGE(AG27:AH27)) -> 22255.663
A28: 14 | B28: Bombillo Stop (Incluida instalación) | C28: 1 | E28: 26498.588 | F28: 10000 | H28: 21345.022 | I28: =+IF(E28="N/A","N/A",MIN(E28,H28)) -> 21345.022 | J28: =+IF(E28="N/A","N/A",ROUND(AVERAGE(E28,H28),0)) -> 23922 | K28: =+IF(I28="N/A","N/A",AVERAGE(I28:J28)) -> 22633.511 | M28: 26498.588 | N28: 15000 | P28: 22487.074 | Q28: =+IF(M28="N/A","N/A",MIN(M28,P28)) -> 22487.074 | R28: =+IF(M28="N/A","N/A",ROUND(AVERAGE(M28,P28),0)) -> 24493 | S28: =+IF(Q28="N/A","N/A",AVERAGE(Q28:R28)) -> 23490.037 | U28: 26897.062 | V28: 16000 | X28: 22465.402 | Y28: =+IF(U28="N/A","N/A",MIN(U28,X28)) -> 22465.402 | Z28: =+IF(U28="N/A","N/A",ROUND(AVERAGE(U28,X28),0)) -> 24681 | AA28: =+IF(Y28="N/A","N/A",AVERAGE(Y28:Z28)) -> 23573.201 | AC28: 27096.3 | AD28: 18000 | AF28: 21936.172 | AG28: =+IF(AC28="N/A","N/A",MIN(AC28,AF28)) -> 21936.172 | AH28: =+IF(AC28="N/A","N/A",ROUND(AVERAGE(AC28,AF28),0)) -> 24516 | AI28: =+IF(AG28="N/A","N/A",AVERAGE(AG28:AH28)) -> 23226.086
B29: SISTEMA DE LUBRICACIÓN | H29: 0 | P29: 0 | X29: 0 | AF29: 0
A30: 15 | B30: Aceite Motor (1/4) | C30: 1 | E30: 48263 | F30: 15000 | H30: 27894.049 | I30: =+IF(E30="N/A","N/A",MIN(E30,H30)) -> 27894.049 | J30: =+IF(E30="N/A","N/A",ROUND(AVERAGE(E30,H30),0)) -> 38079 | K30: =+IF(I30="N/A","N/A",AVERAGE(I30:J30)) -> 32986.525 | M30: 48263 | N30: 25000 | P30: 31164.503 | Q30: =+IF(M30="N/A","N/A",MIN(M30,P30)) -> 31164.503 | R30: =+IF(M30="N/A","N/A",ROUND(AVERAGE(M30,P30),0)) -> 39714 | S30: =+IF(Q30="N/A","N/A",AVERAGE(Q30:R30)) -> 35439.251 | U30: 48263 | V30: 25000 | X30: 31164.503 | Y30: =+IF(U30="N/A","N/A",MIN(U30,X30)) -> 31164.503 | Z30: =+IF(U30="N/A","N/A",ROUND(AVERAGE(U30,X30),0)) -> 39714 | AA30: =+IF(Y30="N/A","N/A",AVERAGE(Y30:Z30)) -> 35439.251 | AC30: 48263 | AD30: 25000 | AF30: 31881.958 | AG30: =+IF(AC30="N/A","N/A",MIN(AC30,AF30)) -> 31881.958 | AH30: =+IF(AC30="N/A","N/A",ROUND(AVERAGE(AC30,AF30),0)) -> 40072 | AI30: =+IF(AG30="N/A","N/A",AVERAGE(AG30:AH30)) -> 35976.979
A31: 16 | B31: Liquido Para Frenos 500 ml | C31: 1 | E31: 79800 | F31: 10000 | H31: 27170.745 | I31: =+IF(E31="N/A","N/A",MIN(E31,H31)) -> 27170.745 | J31: =+IF(E31="N/A","N/A",ROUND(AVERAGE(E31,H31),0)) -> 53485 | K31: =+IF(I31="N/A","N/A",AVERAGE(I31:J31)) -> 40327.872 | M31: 79800 | N31: 15000 | P31: 31052.28 | Q31: =+IF(M31="N/A","N/A",MIN(M31,P31)) -> 31052.28 | R31: =+IF(M31="N/A","N/A",ROUND(AVERAGE(M31,P31),0)) -> 55426 | S31: =+IF(Q31="N/A","N/A",AVERAGE(Q31:R31)) -> 43239.14 | U31: 81000 | V31: 13000 | X31: 31052.28 | Y31: =+IF(U31="N/A","N/A",MIN(U31,X31)) -> 31052.28 | Z31: =+IF(U31="N/A","N/A",ROUND(AVERAGE(U31,X31),0)) -> 56026 | AA31: =+IF(Y31="N/A","N/A",AVERAGE(Y31:Z31)) -> 43539.14 | AC31: 81600 | AD31: 20000 | AF31: 31052.28 | AG31: =+IF(AC31="N/A","N/A",MIN(AC31,AF31)) -> 31052.28 | AH31: =+IF(AC31="N/A","N/A",ROUND(AVERAGE(AC31,AF31),0)) -> 56326 | AI31: =+IF(AG31="N/A","N/A",AVERAGE(AG31:AH31)) -> 43689.14
B32: ADICIONALES | H32: 0 | P32: 0 | X32: 0 | AF32: 0
A33: 17 | B33: Tapa tanque de combustible | C33: 1 | E33: 126350 | F33: 123000 | H33: 94450.685 | I33: =+IF(E33="N/A","N/A",MIN(E33:H33)) -> 94450.685 | J33: =+IF(E33="N/A","N/A",ROUND(AVERAGE(E33:H33),0)) -> 114600 | K33: =+IF(I33="N/A","N/A",AVERAGE(I33:J33)) -> 104525.34 | M33: 186200 | N33: 130000 | P33: 106095.29 | Q33: =+IF(M33="N/A","N/A",MIN(M33:P33)) -> 106095.29 | R33: =+IF(M33="N/A","N/A",ROUND(AVERAGE(M33:P33),0)) -> 140765 | S33: =+IF(Q33="N/A","N/A",AVERAGE(Q33:R33)) -> 123430.15 | U33: 189000 | V33: 134000 | X33: 111270.67 | Y33: =+IF(U33="N/A","N/A",MIN(U33:X33)) -> 111270.67 | Z33: =+IF(U33="N/A","N/A",ROUND(AVERAGE(U33:X33),0)) -> 144757 | AA33: =+IF(Y33="N/A","N/A",AVERAGE(Y33:Z33)) -> 128013.83 | AC33: 258400 | AD33: 130000 | AF33: 119033.74 | AG33: =+IF(AC33="N/A","N/A",MIN(AC33:AF33)) -> 119033.74 | AH33: =+IF(AC33="N/A","N/A",ROUND(AVERAGE(AC33:AF33),0)) -> 169145 | AI33: =+IF(AG33="N/A","N/A",AVERAGE(AG33:AH33)) -> 144089.37
A34: 18 | B34: Guaya velocímetro | C34: 1 | E34: 146300 | F34: 113000 | H34: 134559.88 | I34: =+IF(E34="N/A","N/A",MIN(E34,H34)) -> 134559.88 | J34: =+IF(E34="N/A","N/A",ROUND(AVERAGE(E34,H34),0)) -> 140430 | K34: =+IF(I34="N/A","N/A",AVERAGE(I34:J34)) -> 137494.94 | M34: 79800 | N34: 130000 | P34: 95744.53 | Q34: =+IF(M34="N/A","N/A",MIN(M34:P34)) -> 79800 | R34: =+IF(M34="N/A","N/A",ROUND(AVERAGE(M34:P34),0)) -> 101848 | S34: =+IF(Q34="N/A","N/A",AVERAGE(Q34:R34)) -> 90824 | U34: 81000 | V34: 125000 | X34: 95744.53 | Y34: =+IF(U34="N/A","N/A",MIN(U34:X34)) -> 81000 | Z34: =+IF(U34="N/A","N/A",ROUND(AVERAGE(U34:X34),0)) -> 100582 | AA34: =+IF(Y34="N/A","N/A",AVERAGE(Y34:Z34)) -> 90791 | AC34: 61200 | AD34: 130000 | AF34: 84099.925 | AG34: =+IF(AC34="N/A","N/A",MIN(AC34:AF34)) -> 61200 | AH34: =+IF(AC34="N/A","N/A",ROUND(AVERAGE(AC34:AF34),0)) -> 91767 | AI34: =+IF(AG34="N/A","N/A",AVERAGE(AG34:AH34)) -> 76483.5
A35: 19 | B35: Piñón velocímetro | C35: 1 | E35: 159600 | F35: 63000 | H35: 100919.91 | I35: =+IF(E35="N/A","N/A",MIN(E35,H35)) -> 100919.91 | J35: =+IF(E35="N/A","N/A",ROUND(AVERAGE(E35,H35),0)) -> 130260 | K35: =+IF(I35="N/A","N/A",AVERAGE(I35:J35)) -> 115589.96 | M35: 305900 | N35: 68000 | P35: 129384.5 | Q35: =+IF(M35="N/A","N/A",MIN(M35,P35)) -> 129384.5 | R35: =+IF(M35="N/A","N/A",ROUND(AVERAGE(M35,P35),0)) -> 217642 | S35: =+IF(Q35="N/A","N/A",AVERAGE(Q35:R35)) -> 173513.25 | U35: 310500 | V35: 65000 | X35: 121621.43 | Y35: =+IF(U35="N/A","N/A",MIN(U35,X35)) -> 121621.43 | Z35: =+IF(U35="N/A","N/A",ROUND(AVERAGE(U35,X35),0)) -> 216061 | AA35: =+IF(Y35="N/A","N/A",AVERAGE(Y35:Z35)) -> 168841.21 | AC35: 176800 | AD35: 68000 | AF35: 103507.6 | AG35: =+IF(AC35="N/A","N/A",MIN(AC35:AF35)) -> 68000 | AH35: =+IF(AC35="N/A","N/A",ROUND(AVERAGE(AC35:AF35),0)) -> 116103 | AI35: =+IF(AG35="N/A","N/A",AVERAGE(AG35:AH35)) -> 92051.5
A36: 20 | B36: Retenedores telescópicos (par) | C36: 1 | E36: 79800 | F36: 120000 | H36: 69867.63 | I36: =+IF(E36="N/A","N/A",MIN(E36:H36)) -> 69867.63 | J36: =+IF(E36="N/A","N/A",ROUND(AVERAGE(E36:H36),0)) -> 89889 | K36: =+IF(I36="N/A","N/A",AVERAGE(I36:J36)) -> 79878.315 | M36: 106400 | N36: 130000 | P36: 85393.77 | Q36: =+IF(M36="N/A","N/A",MIN(M36:P36)) -> 85393.77 | R36: =+IF(M36="N/A","N/A",ROUND(AVERAGE(M36:P36),0)) -> 107265 | S36: =+IF(Q36="N/A","N/A",AVERAGE(Q36:R36)) -> 96329.385 | U36: 108000 | V36: 135000 | X36: 77630.7 | Y36: =+IF(U36="N/A","N/A",MIN(U36,X36)) -> 77630.7 | Z36: =+IF(U36="N/A","N/A",ROUND(AVERAGE(U36,X36),0)) -> 92815 | AA36: =+IF(Y36="N/A","N/A",AVERAGE(Y36:Z36)) -> 85222.85 | AC36: 108800 | AD36: 130000 | AF36: 85393.77 | AG36: =+IF(AC36="N/A","N/A",MIN(AC36:AF36)) -> 85393.77 | AH36: =+IF(AC36="N/A","N/A",ROUND(AVERAGE(AC36:AF36),0)) -> 108065 | AI36: =+IF(AG36="N/A","N/A",AVERAGE(AG36:AH36)) -> 96729.385
A37: 21 | B37: Kit de embrague | C37: 1 | E37: N/A | F37: N/A | G37: N/A | H37: N/A | I37: N/A | J37: N/A | K37: N/A | M37: 186200 | N37: 500000 | P37: 188901.37 | Q37: =+IF(M37="N/A","N/A",MIN(M37,P37)) -> 186200 | R37: =+IF(M37="N/A","N/A",ROUND(AVERAGE(M37,P37),0)) -> 187551 | S37: =+IF(Q37="N/A","N/A",AVERAGE(Q37:R37)) -> 186875.5 | U37: 189000 | V37: 435000 | X37: 173375.23 | Y37: =+IF(U37="N/A","N/A",MIN(U37,X37)) -> 173375.23 | Z37: =+IF(U37="N/A","N/A",ROUND(AVERAGE(U37,X37),0)) -> 181188 | AA37: =+IF(Y37="N/A","N/A",AVERAGE(Y37:Z37)) -> 177281.61 | AC37: N/A | AD37: N/A | AE37: N/A | AF37: N/A | AG37: N/A | AH37: N/A | AI37: N/A
A38: 22 | B38: Guaya de embrague | C38: 1 | E38: N/A | F38: N/A | G38: N/A | H38: N/A | I38: N/A | J38: N/A | K38: N/A | M38: 79800 | N38: 250000 | P38: 95744.53 | Q38: =+IF(M38="N/A","N/A",MIN(M38,P38)) -> 79800 | R38: =+IF(M38="N/A","N/A",ROUND(AVERAGE(M38,P38),0)) -> 87772 | S38: =+IF(Q38="N/A","N/A",AVERAGE(Q38:R38)) -> 83786 | U38: 81000 | V38: 235000 | X38: 95744.53 | Y38: =+IF(U38="N/A","N/A",MIN(U38,X38)) -> 81000 | Z38: =+IF(U38="N/A","N/A",ROUND(AVERAGE(U38,X38),0)) -> 88372 | AA38: =+IF(Y38="N/A","N/A",AVERAGE(Y38:Z38)) -> 84686 | AC38: N/A | AD38: N/A | AE38: N/A | AF38: N/A | AG38: N/A | AH38: N/A | AI38: N/A
A39: 23 | B39: Discos de embrague | C39: 1 | E39: N/A | F39: N/A | G39: N/A | H39: N/A | I39: N/A | J39: N/A | K39: N/A | M39: 99750 | N39: 87000 | P39: 107389.14 | Q39: =+IF(M39="N/A","N/A",MIN(M39,P39)) -> 99750 | R39: =+IF(M39="N/A","N/A",ROUND(AVERAGE(M39,P39),0)) -> 103570 | S39: =+IF(Q39="N/A","N/A",AVERAGE(Q39:R39)) -> 101660 | U39: 101250 | V39: 89000 | X39: 107389.14 | Y39: =+IF(U39="N/A","N/A",MIN(U39,X39)) -> 101250 | Z39: =+IF(U39="N/A","N/A",ROUND(AVERAGE(U39,X39),0)) -> 104320 | AA39: =+IF(Y39="N/A","N/A",AVERAGE(Y39:Z39)) -> 102785 | AC39: N/A | AD39: N/A | AE39: N/A | AF39: N/A | AG39: N/A | AH39: N/A | AI39: N/A
A40: 24 | B40: Empaque tapa de embrague | C40: 1 | E40: N/A | F40: N/A | G40: N/A | H40: N/A | I40: N/A | J40: N/A | K40: N/A | M40: 46550 | N40: 40000 | P40: 53047.645 | Q40: =+IF(M40="N/A","N/A",MIN(M40:P40)) -> 40000 | R40: =+IF(M40="N/A","N/A",ROUND(AVERAGE(M40:P40),0)) -> 46533 | S40: =+IF(Q40="N/A","N/A",AVERAGE(Q40:R40)) -> 43266.5 | U40: 47250 | V40: 47000 | X40: 53047.645 | Y40: =+IF(U40="N/A","N/A",MIN(U40:X40)) -> 47000 | Z40: =+IF(U40="N/A","N/A",ROUND(AVERAGE(U40:X40),0)) -> 49099 | AA40: =+IF(Y40="N/A","N/A",AVERAGE(Y40:Z40)) -> 48049.5 | AC40: N/A | AD40: N/A | AE40: N/A | AF40: N/A | AG40: N/A | AH40: N/A | AI40: N/A
A41: 25 | B41: Bombillo direccional (Incluida instalación) | C41: 1 | E41: 19950 | F41: 47000 | H41: 19407.675 | I41: =+IF(E41="N/A","N/A",MIN(E41:H41)) -> 19407.675 | J41: =+IF(E41="N/A","N/A",ROUND(AVERAGE(E41:H41),0)) -> 28786 | K41: =+IF(I41="N/A","N/A",AVERAGE(I41:J41)) -> 24096.838 | M41: 19950 | N41: 49000 | P41: 19407.675 | Q41: =+IF(M41="N/A","N/A",MIN(M41,P41)) -> 19407.675 | R41: =+IF(M41="N/A","N/A",ROUND(AVERAGE(M41,P41),0)) -> 19679 | S41: =+IF(Q41="N/A","N/A",AVERAGE(Q41:R41)) -> 19543.338 | U41: 20250 | V41: 57000 | X41: 19407.675 | Y41: =+IF(U41="N/A","N/A",MIN(U41,X41)) -> 19407.675 | Z41: =+IF(U41="N/A","N/A",ROUND(AVERAGE(U41,X41),0)) -> 19829 | AA41: =+IF(Y41="N/A","N/A",AVERAGE(Y41:Z41)) -> 19618.338 | AC41: 20400 | AD41: 49000 | AF41: 19407.675 | AG41: =+IF(AC41="N/A","N/A",MIN(AC41:AF41)) -> 19407.675 | AH41: =+IF(AC41="N/A","N/A",ROUND(AVERAGE(AC41:AF41),0)) -> 29603 | AI41: =+IF(AG41="N/A","N/A",AVERAGE(AG41:AH41)) -> 24505.338
A42: 26 | B42: Guaya de freno | C42: 1 | E42: 79800 | F42: 80000 | H42: 95744.53 | I42: =+IF(E42="N/A","N/A",MIN(E42:H42)) -> 79800 | J42: =+IF(E42="N/A","N/A",ROUND(AVERAGE(E42:H42),0)) -> 85182 | K42: =+IF(I42="N/A","N/A",AVERAGE(I42:J42)) -> 82491 | M42: 66500 | N42: 90000 | P42: 87981.46 | Q42: =+IF(M42="N/A","N/A",MIN(M42:P42)) -> 66500 | R42: =+IF(M42="N/A","N/A",ROUND(AVERAGE(M42:P42),0)) -> 81494 | S42: =+IF(Q42="N/A","N/A",AVERAGE(Q42:R42)) -> 73997 | U42: 67500 | V42: 84000 | X42: 87981.46 | Y42: =+IF(U42="N/A","N/A",MIN(U42:X42)) -> 67500 | Z42: =+IF(U42="N/A","N/A",ROUND(AVERAGE(U42:X42),0)) -> 79827 | AA42: =+IF(Y42="N/A","N/A",AVERAGE(Y42:Z42)) -> 73663.5 | AC42: 95200 | AD42: 90000 | AF42: 103507.6 | AG42: =+IF(AC42="N/A","N/A",MIN(AC42:AF42)) -> 90000 | AH42: =+IF(AC42="N/A","N/A",ROUND(AVERAGE(AC42:AF42),0)) -> 96236 | AI42: =+IF(AG42="N/A","N/A",AVERAGE(AG42:AH42)) -> 93118
A43: 27 | B43: Pera de freno | C43: 1 | E43: 53200 | F43: 58000 | H43: 80218.39 | I43: =+IF(E43="N/A","N/A",MIN(E43:H43)) -> 53200 | J43: =+IF(E43="N/A","N/A",ROUND(AVERAGE(E43:H43),0)) -> 63806 | K43: =+IF(I43="N/A","N/A",AVERAGE(I43:J43)) -> 58503 | M43: 53200 | N43: 58000 | P43: 80218.39 | Q43: =+IF(M43="N/A","N/A",MIN(M43:P43)) -> 53200 | R43: =+IF(M43="N/A","N/A",ROUND(AVERAGE(M43:P43),0)) -> 63806 | S43: =+IF(Q43="N/A","N/A",AVERAGE(Q43:R43)) -> 58503 | U43: 54000 | V43: 58000 | X43: 80218.39 | Y43: =+IF(U43="N/A","N/A",MIN(U43:X43)) -> 54000 | Z43: =+IF(U43="N/A","N/A",ROUND(AVERAGE(U43:X43),0)) -> 64073 | AA43: =+IF(Y43="N/A","N/A",AVERAGE(Y43:Z43)) -> 59036.5 | AC43: 54400 | AD43: 58000 | AF43: 80218.39 | AG43: =+IF(AC43="N/A","N/A",MIN(AC43:AF43)) -> 54400 | AH43: =+IF(AC43="N/A","N/A",ROUND(AVERAGE(AC43:AF43),0)) -> 64206 | AI43: =+IF(AG43="N/A","N/A",AVERAGE(AG43:AH43)) -> 59303
A44: 28 | B44: Protector (capuchón) bujía | C44: 1 | E44: 19950 | F44: 39000 | H44: 21995.365 | I44: =+IF(E44="N/A","N/A",MIN(E44:H44)) -> 19950 | J44: =+IF(E44="N/A","N/A",ROUND(AVERAGE(E44:H44),0)) -> 26982 | K44: =+IF(I44="N/A","N/A",AVERAGE(I44:J44)) -> 23466 | M44: 19950 | N44: 69000 | P44: 21995.365 | Q44: =+IF(M44="N/A","N/A",MIN(M44,P44)) -> 19950 | R44: =+IF(M44="N/A","N/A",ROUND(AVERAGE(M44,P44),0)) -> 20973 | S44: =+IF(Q44="N/A","N/A",AVERAGE(Q44:R44)) -> 20461.5 | U44: 20250 | V44: 39000 | X44: 21995.365 | Y44: =+IF(U44="N/A","N/A",MIN(U44,X44)) -> 20250 | Z44: =+IF(U44="N/A","N/A",ROUND(AVERAGE(U44,X44),0)) -> 21123 | AA44: =+IF(Y44="N/A","N/A",AVERAGE(Y44:Z44)) -> 20686.5 | AC44: 20400 | AD44: 69000 | AF44: 21995.365 | AG44: =+IF(AC44="N/A","N/A",MIN(AC44:AF44)) -> 20400 | AH44: =+IF(AC44="N/A","N/A",ROUND(AVERAGE(AC44:AF44),0)) -> 37132 | AI44: =+IF(AG44="N/A","N/A",AVERAGE(AG44:AH44)) -> 28766
A45: 29 | B45: Rodamiento de dirección | C45: 1 | E45: 186200 | F45: 72000 | H45: 144910.64 | I45: =+IF(E45="N/A","N/A",MIN(E45,H45)) -> 144910.64 | J45: =+IF(E45="N/A","N/A",ROUND(AVERAGE(E45,H45),0)) -> 165555 | K45: =+IF(I45="N/A","N/A",AVERAGE(I45:J45)) -> 155232.82 | M45: 212800 | N45: 73000 | P45: 150086.02 | Q45: =+IF(M45="N/A","N/A",MIN(M45,P45)) -> 150086.02 | R45: =+IF(M45="N/A","N/A",ROUND(AVERAGE(M45,P45),0)) -> 181443 | S45: =+IF(Q45="N/A","N/A",AVERAGE(Q45:R45)) -> 165764.51 | U45: 216000 | V45: 47000 | X45: 150086.02 | Y45: =+IF(U45="N/A","N/A",MIN(U45,X45)) -> 150086.02 | Z45: =+IF(U45="N/A","N/A",ROUND(AVERAGE(U45,X45),0)) -> 183043 | AA45: =+IF(Y45="N/A","N/A",AVERAGE(Y45:Z45)) -> 166564.51 | AC45: 163200 | AD45: 73000 | AF45: 129384.5 | AG45: =+IF(AC45="N/A","N/A",MIN(AC45,AF45)) -> 129384.5 | AH45: =+IF(AC45="N/A","N/A",ROUND(AVERAGE(AC45,AF45),0)) -> 146292 | AI45: =+IF(AG45="N/A","N/A",AVERAGE(AG45:AH45)) -> 137838.25
A46: 30 | B46: Chicler (motor) | C46: 1 | E46: 53200 | F46: 63000 | H46: 56929.18 | I46: =+IF(E46="N/A","N/A",MIN(E46:H46)) -> 53200 | J46: =+IF(E46="N/A","N/A",ROUND(AVERAGE(E46:H46),0)) -> 57710 | K46: =+IF(I46="N/A","N/A",AVERAGE(I46:J46)) -> 55455 | M46: 53200 | N46: 65000 | P46: 56929.18 | Q46: =+IF(M46="N/A","N/A",MIN(M46:P46)) -> 53200 | R46: =+IF(M46="N/A","N/A",ROUND(AVERAGE(M46:P46),0)) -> 58376 | S46: =+IF(Q46="N/A","N/A",AVERAGE(Q46:R46)) -> 55788 | U46: 54000 | V46: 84000 | X46: 56929.18 | Y46: =+IF(U46="N/A","N/A",MIN(U46,X46)) -> 54000 | Z46: =+IF(U46="N/A","N/A",ROUND(AVERAGE(U46,X46),0)) -> 55465 | AA46: =+IF(Y46="N/A","N/A",AVERAGE(Y46:Z46)) -> 54732.5 | AC46: 54400 | AD46: 65000 | AF46: 56929.18 | AG46: =+IF(AC46="N/A","N/A",MIN(AC46:AF46)) -> 54400 | AH46: =+IF(AC46="N/A","N/A",ROUND(AVERAGE(AC46:AF46),0)) -> 58776 | AI46: =+IF(AG46="N/A","N/A",AVERAGE(AG46:AH46)) -> 56588
A47: 31 | B47: Relay (eléctrico) | C47: 1 | E47: 93100 | F47: 59000 | H47: 64692.25 | I47: =+IF(E47="N/A","N/A",MIN(E47,H47)) -> 64692.25 | J47: =+IF(E47="N/A","N/A",ROUND(AVERAGE(E47,H47),0)) -> 78896 | K47: =+IF(I47="N/A","N/A",AVERAGE(I47:J47)) -> 71794.125 | M47: 93100 | N47: 75000 | P47: 64692.25 | Q47: =+IF(M47="N/A","N/A",MIN(M47:P47)) -> 64692.25 | R47: =+IF(M47="N/A","N/A",ROUND(AVERAGE(M47:P47),0)) -> 77597 | S47: =+IF(Q47="N/A","N/A",AVERAGE(Q47:R47)) -> 71144.625 | U47: 94500 | V47: 93000 | X47: 64692.25 | Y47: =+IF(U47="N/A","N/A",MIN(U47,X47)) -> 64692.25 | Z47: =+IF(U47="N/A","N/A",ROUND(AVERAGE(U47,X47),0)) -> 79596 | AA47: =+IF(Y47="N/A","N/A",AVERAGE(Y47:Z47)) -> 72144.125 | AC47: 95200 | AD47: 75000 | AF47: 64692.25 | AG47: =+IF(AC47="N/A","N/A",MIN(AC47:AF47)) -> 64692.25 | AH47: =+IF(AC47="N/A","N/A",ROUND(AVERAGE(AC47:AF47),0)) -> 78297 | AI47: =+IF(AG47="N/A","N/A",AVERAGE(AG47:AH47)) -> 71494.625
A48: 32 | B48: Aguja carburador | C48: 1 | E48: 63840 | F48: 67000 | H48: 63139.636 | I48: =+IF(E48="N/A","N/A",MIN(E48:H48)) -> 63139.636 | J48: =+IF(E48="N/A","N/A",ROUND(AVERAGE(E48:H48),0)) -> 64660 | K48: =+IF(I48="N/A","N/A",AVERAGE(I48:J48)) -> 63899.818 | M48: 63840 | N48: 70000 | P48: 63139.636 | Q48: =+IF(M48="N/A","N/A",MIN(M48:P48)) -> 63139.636 | R48: =+IF(M48="N/A","N/A",ROUND(AVERAGE(M48:P48),0)) -> 65660 | S48: =+IF(Q48="N/A","N/A",AVERAGE(Q48:R48)) -> 64399.818 | U48: 64800 | V48: 75500 | X48: 63139.636 | Y48: =+IF(U48="N/A","N/A",MIN(U48,X48)) -> 63139.636 | Z48: =+IF(U48="N/A","N/A",ROUND(AVERAGE(U48,X48),0)) -> 63970 | AA48: =+IF(Y48="N/A","N/A",AVERAGE(Y48:Z48)) -> 63554.818 | AC48: 65280 | AD48: 70000 | AF48: 63139.636 | AG48: =+IF(AC48="N/A","N/A",MIN(AC48:AF48)) -> 63139.636 | AH48: =+IF(AC48="N/A","N/A",ROUND(AVERAGE(AC48:AF48),0)) -> 66140 | AI48: =+IF(AG48="N/A","N/A",AVERAGE(AG48:AH48)) -> 64639.818
A49: 33 | B49: Tensor cadena | C49: 1 | E49: 66500 | F49: 76000 | H49: 59516.87 | I49: =+IF(E49="N/A","N/A",MIN(E49:H49)) -> 59516.87 | J49: =+IF(E49="N/A","N/A",ROUND(AVERAGE(E49:H49),0)) -> 67339 | K49: =+IF(I49="N/A","N/A",AVERAGE(I49:J49)) -> 63427.935 | M49: 106400 | N49: 79000 | P49: 82806.08 | Q49: =+IF(M49="N/A","N/A",MIN(M49:P49)) -> 79000 | R49: =+IF(M49="N/A","N/A",ROUND(AVERAGE(M49:P49),0)) -> 89402 | S49: =+IF(Q49="N/A","N/A",AVERAGE(Q49:R49)) -> 84201 | U49: 108000 | V49: 63000 | X49: 82806.08 | Y49: =+IF(U49="N/A","N/A",MIN(U49,X49)) -> 82806.08 | Z49: =+IF(U49="N/A","N/A",ROUND(AVERAGE(U49,X49),0)) -> 95403 | AA49: =+IF(Y49="N/A","N/A",AVERAGE(Y49:Z49)) -> 89104.54 | AC49: 95200 | AD49: 79000 | AF49: 75043.01 | AG49: =+IF(AC49="N/A","N/A",MIN(AC49:AF49)) -> 75043.01 | AH49: =+IF(AC49="N/A","N/A",ROUND(AVERAGE(AC49:AF49),0)) -> 83081 | AI49: =+IF(AG49="N/A","N/A",AVERAGE(AG49:AH49)) -> 79062.005
A50: 34 | B50: Terminal eléctrico | C50: 1 | E50: 6650 | F50: 50000 | H50: 6469.225 | I50: =+IF(E50="N/A","N/A",MIN(E50,H50)) -> 6469.225 | J50: =+IF(E50="N/A","N/A",ROUND(AVERAGE(E50,H50),0)) -> 6560 | K50: =+IF(I50="N/A","N/A",AVERAGE(I50:J50)) -> 6514.6125 | M50: 6650 | N50: 60000 | P50: 6469.225 | Q50: =+IF(M50="N/A","N/A",MIN(M50,P50)) -> 6469.225 | R50: =+IF(M50="N/A","N/A",ROUND(AVERAGE(M50,P50),0)) -> 6560 | S50: =+IF(Q50="N/A","N/A",AVERAGE(Q50:R50)) -> 6514.6125 | U50: 6750 | V50: 86000 | X50: 6469.225 | Y50: =+IF(U50="N/A","N/A",MIN(U50,X50)) -> 6469.225 | Z50: =+IF(U50="N/A","N/A",ROUND(AVERAGE(U50,X50),0)) -> 6610 | AA50: =+IF(Y50="N/A","N/A",AVERAGE(Y50:Z50)) -> 6539.6125 | AC50: 6800 | AD50: 60000 | AF50: 6469.225 | AG50: =+IF(AC50="N/A","N/A",MIN(AC50,AF50)) -> 6469.225 | AH50: =+IF(AC50="N/A","N/A",ROUND(AVERAGE(AC50,AF50),0)) -> 6635 | AI50: =+IF(AG50="N/A","N/A",AVERAGE(AG50:AH50)) -> 6552.1125
A51: 35 | B51: Interruptor de encendido | C51: 1 | E51: 46550 | F51: 84000 | H51: 38815.35 | I51: =+IF(E51="N/A","N/A",MIN(E51:H51)) -> 38815.35 | J51: =+IF(E51="N/A","N/A",ROUND(AVERAGE(E51:H51),0)) -> 56455 | K51: =+IF(I51="N/A","N/A",AVERAGE(I51:J51)) -> 47635.175 | M51: 46550 | N51: 90000 | P51: 38815.35 | Q51: =+IF(M51="N/A","N/A",MIN(M51,P51)) -> 38815.35 | R51: =+IF(M51="N/A","N/A",ROUND(AVERAGE(M51,P51),0)) -> 42683 | S51: =+IF(Q51="N/A","N/A",AVERAGE(Q51:R51)) -> 40749.175 | U51: 47250 | V51: 86000 | X51: 38815.35 | Y51: =+IF(U51="N/A","N/A",MIN(U51,X51)) -> 38815.35 | Z51: =+IF(U51="N/A","N/A",ROUND(AVERAGE(U51,X51),0)) -> 43033 | AA51: =+IF(Y51="N/A","N/A",AVERAGE(Y51:Z51)) -> 40924.175 | AC51: 47600 | AD51: 90000 | AF51: 38815.35 | AG51: =+IF(AC51="N/A","N/A",MIN(AC51,AF51)) -> 38815.35 | AH51: =+IF(AC51="N/A","N/A",ROUND(AVERAGE(AC51,AF51),0)) -> 43208 | AI51: =+IF(AG51="N/A","N/A",AVERAGE(AG51:AH51)) -> 41011.675
A52: 36 | B52: Kit retenedores motor | C52: 1 | E52: 119700 | F52: 81000 | H52: 119033.74 | I52: =+IF(E52="N/A","N/A",MIN(E52,H52)) -> 119033.74 | J52: =+IF(E52="N/A","N/A",ROUND(AVERAGE(E52,H52),0)) -> 119367 | K52: =+IF(I52="N/A","N/A",AVERAGE(I52:J52)) -> 119200.37 | M52: 93100 | N52: 90000 | P52: 103507.6 | Q52: =+IF(M52="N/A","N/A",MIN(M52,P52)) -> 93100 | R52: =+IF(M52="N/A","N/A",ROUND(AVERAGE(M52,P52),0)) -> 98304 | S52: =+IF(Q52="N/A","N/A",AVERAGE(Q52:R52)) -> 95702 | U52: 94500 | V52: 82000 | X52: 111270.67 | Y52: =+IF(U52="N/A","N/A",MIN(U52,X52)) -> 94500 | Z52: =+IF(U52="N/A","N/A",ROUND(AVERAGE(U52,X52),0)) -> 102885 | AA52: =+IF(Y52="N/A","N/A",AVERAGE(Y52:Z52)) -> 98692.5 | AC52: 95200 | AD52: 90000 | AF52: 103507.6 | AG52: =+IF(AC52="N/A","N/A",MIN(AC52,AF52)) -> 95200 | AH52: =+IF(AC52="N/A","N/A",ROUND(AVERAGE(AC52,AF52),0)) -> 99354 | AI52: =+IF(AG52="N/A","N/A",AVERAGE(AG52:AH52)) -> 97277
A53: 37 | B53: Kit cadenilla | C53: 1 | E53: 292600 | F53: 195000 | H53: 204427.51 | I53: =+IF(E53="N/A","N/A",MIN(E53:H53)) -> 195000 | J53: =+IF(E53="N/A","N/A",ROUND(AVERAGE(E53:H53),0)) -> 230676 | K53: =+IF(I53="N/A","N/A",AVERAGE(I53:J53)) -> 212838 | M53: 372400 | N53: 220000 | P53: 219953.65 | Q53: =+IF(M53="N/A","N/A",MIN(M53:P53)) -> 219953.65 | R53: =+IF(M53="N/A","N/A",ROUND(AVERAGE(M53:P53),0)) -> 270785 | S53: =+IF(Q53="N/A","N/A",AVERAGE(Q53:R53)) -> 245369.33 | U53: 378000 | V53: 197000 | X53: 219953.65 | Y53: =+IF(U53="N/A","N/A",MIN(U53,X53)) -> 219953.65 | Z53: =+IF(U53="N/A","N/A",ROUND(AVERAGE(U53,X53),0)) -> 298977 | AA53: =+IF(Y53="N/A","N/A",AVERAGE(Y53:Z53)) -> 259465.33 | AC53: 299200 | AD53: 19000 | AF53: 204427.51 | AG53: =+IF(AC53="N/A","N/A",MIN(AC53,AF53)) -> 204427.51 | AH53: =+IF(AC53="N/A","N/A",ROUND(AVERAGE(AC53,AF53),0)) -> 251814 | AI53: =+IF(AG53="N/A","N/A",AVERAGE(AG53:AH53)) -> 228120.76
B54: TOTAL | E54: =SUM(E12:E53) -> 3576373.6 | F54: =SUM(F12:F53) -> 2274000 | G54: =SUM(G12:G53) -> 0 | H54: =SUM(H12:H53) -> 2617245.1 | I54: =SUM(I12:I53) -> 2529492.3 | J54: =SUM(J12:J53) -> 3088988 | K54: =SUM(K12:K53) -> 2809240.2 | M54: =SUM(M12:M53) -> 4324209.3 | N54: =SUM(N12:N53) -> 3667000 | O54: =SUM(O12:O53) -> 0 | P54: =SUM(P12:P53) -> 3227645.6 | Q54: =SUM(Q12:Q53) -> 3066744 | R54: =SUM(R12:R53) -> 3734528 | S54: =SUM(S12:S53) -> 3400636 | U54: =SUM(U12:U53) -> 4388509.3 | V54: =SUM(V12:V53) -> 3572500 | W54: =SUM(W12:W53) -> 0 | X54: =SUM(X12:X53) -> 3156332.8 | Y54: =SUM(Y12:Y53) -> 3021193.3 | Z54: =SUM(Z12:Z53) -> 3748736 | AA54: =SUM(AA12:AA53) -> 3384964.6 | AC54: =SUM(AC12:AC53) -> 3745419.3 | AD54: =SUM(AD12:AD53) -> 2704000 | AE54: =SUM(AE12:AE53) -> 0 | AF54: =SUM(AF12:AF53) -> 2882734 | AG54: =SUM(AG12:AG53) -> 2735366.7 | AH54: =SUM(AH12:AH53) -> 3325522 | AI54: =SUM(AI12:AI53) -> 3030444.3
B57: TOTAL REPUESTOS MOTOS | E57: =+E54+M54+U54+AC54 -> 16034512 | F57: =+F54+N54+V54+AD54 -> 12217500 | G57: =+G54+O54+W54+AE54 -> 0 | H57: =+H54+P54+X54+AF54 -> 11883958 | I57: =+I54+Q54+Y54+AG54 -> 11352796 | J57: =+J54+R54+Z54+AH54 -> 13897774 | K57: =+K54+S54+AA54+AI54 -> 12625285
B60: Para efectos de estructurar la propuesta económica, el proponente deberá tener en cuenta que San Andres, Providencia y Santa Catalina se encuentra exenta de IVA

Sheet TOTAL
B3: ITEMS | C3: TOTAL LISTA DE PRECIOS GRUPO SECCIONAL SAN ANDRÉS | D3: COTIZACIÓN No.1 | E3: COTIZACIÓN No.2 | F3: HISTORICOS DE CONTRATACIÓN | G3: MINIMO | H3: PROMEDIO | I3: VALOR TOTAL
B4: 1 | C4: REPUESTOS VEHICULOS | D4: =+'REPUESTOS VEHICULOS'!E213 -> 5.8470071e+08 | E4: =+'REPUESTOS VEHICULOS'!F213 -> 3.0349102e+08 | F4: =+'REPUESTOS VEHICULOS'!H213 -> 2.5519675e+08 | G4: =+'REPUESTOS VEHICULOS'!I213 -> 3.8569188e+08 | H4: =+'REPUESTOS VEHICULOS'!J213 -> 471773791 | I4: =+'REPUESTOS VEHICULOS'!K213 -> 4.2873283e+08
B5: 2 | C5: MANO DE OBRA MOTOS | D5: =+'MANO DE OBRA MOTOS'!F188 -> 53970506 | E5: =+'MANO DE OBRA MOTOS'!G188 -> 30008250 | F5: =+'MANO DE OBRA MOTOS'!I188 -> 38353651 | G5: =+'MANO DE OBRA MOTOS'!J188 -> 37092387 | H5: =+'MANO DE OBRA MOTOS'!K188 -> #DIV/0! | I5: =+'MANO DE OBRA MOTOS'!L188 -> 41627239
B6: 3 | C6: REPUESTOS MOTOS | D6: =+'REPUESTOS MOTOS '!E57 -> 16034512 | E6: =+'REPUESTOS MOTOS '!F57 -> 12217500 | F6: =+'REPUESTOS MOTOS '!H57 -> 11883958 | G6: =+'REPUESTOS MOTOS '!I57 -> 11352796 | H6: =+'REPUESTOS MOTOS '!J57 -> 13897774 | I6: =+'REPUESTOS MOTOS '!K57 -> 12625285
C7: TOTAL | D7: =+D4+D5+D6 -> 6.5470573e+08 | E7: =+E4+E5+E6 -> 3.4571677e+08 | F7: =+F4+F5+F6 -> 3.0543435e+08 | G7: =+G4+G5+G6 -> 4.3413706e+08 | H7: =+H4+H5+H6 -> #DIV/0! | I7: =+I4+I5+I6 -> 4.8298536e+08
